Workbook
Name Bal_sheet: 'Bal. Sheet'!$A$2:$O$39
Name Cash_flows: 'Cash Flow Stmt.'!$A$2:$O$47
Name income_stmt: 'Inc. Stmt.'!$A$2:$O$25

Sheet Valuation Summary
A1: Valuation Summary and Graphics
A3: Green Brick Partners | B3: Min | C3: Difference | D3: Max | G3: Stock Price | H3: Upside
A4: DCF | B4: 54.561933 | C4: 47.824613 | D4: 102.38655 | F4: Target Price | G4: ='DCF Model'!D88*0.7+'Relative Model'!K18*0.3 -> 80.269053 | H4: =(G4-'Relative Model'!D3)/'Relative Model'!D3 -> 0.13824522
A5: Relative | B5: 67.718732 | C5: 35.30783 | D5: 103.02656 | F5: Best Case | G5: ='DCF Model'!I5*0.7+'Relative Model'!K18*0.3 -> 97.282356 | H5: =(G5-'Relative Model'!D3)/'Relative Model'!D3 -> 0.37950022
A6: 52-Week Range | B6: 60.44 | C6: 22.74 | D6: 83.18 | F6: Worst Case | G6: ='DCF Model'!J5*0.7+'Relative Model'!K18*0.3 -> 63.805127 | H6: =(G6-'Relative Model'!D3)/'Relative Model'!D3 -> -0.095219417
A10: Valuation Summary – Equity Value per Share ($)

Sheet Inc. Stmt.
A1: Income Statement
A2: Consolidated Statements of Income - USD ($) shares in Thousands | B2: 2018 | C2: 2019 | D2: 2020 | E2: 2021 | F2: 2022 | G2: 2023 | H2: 2024 | I2: 2025E | J2: 2026E | K2: 2027E | L2: 2028E | M2: 2029E | N2: 2030E | O2: 2031E
A3: Residential Real Estate Revenues | B3: 578893 | C3: 759830 | D3: 930176 | E3: 1309687 | F3: 1703951 | G3: 1769255 | H3: 2070136 | I3: =I5*'Common Inc. Stmt.'!$B$3 -> 2011241.5 | J3: =J5*'Common Inc. Stmt.'!$B$3 -> 2023644.8 | K3: =K5*'Common Inc. Stmt.'!$B$3 -> 2061164.9 | L3: =L5*'Common Inc. Stmt.'!$B$3 -> 2226363.2 | M3: =M5*'Common Inc. Stmt.'!$B$3 -> 2390491.1 | N3: =N5*'Common Inc. Stmt.'!$B$3 -> 2539676.2 | O3: =O5*'Common Inc. Stmt.'!$B$3 -> 2707941
A4: Other Revenues | B4: 44754 | C4: 31830 | D4: 45845 | E4: 93189 | F4: 53842 | G4: 8455 | H4: 28807 | I4: =I5*'Common Inc. Stmt.'!$B$4 -> 82081.572 | J4: =J5*'Common Inc. Stmt.'!$B$4 -> 82587.767 | K4: =K5*'Common Inc. Stmt.'!$B$4 -> 84119.018 | L4: =L5*'Common Inc. Stmt.'!$B$4 -> 90860.989 | M4: =M5*'Common Inc. Stmt.'!$B$4 -> 97559.277 | N4: =N5*'Common Inc. Stmt.'!$B$4 -> 103647.73 | O4: =O5*'Common Inc. Stmt.'!$B$4 -> 110514.85
A5: Total Revenue | B5: 623647 | C5: 791660 | D5: 976021 | E5: 1402876 | F5: 1757793 | G5: 1777710 | H5: 2098943 | I5: =I34 -> 2093323.1 | J5: =J34 -> 2106232.5 | K5: =K34 -> 2145284 | L5: =L34 -> 2317224.2 | M5: =M34 -> 2488050.4 | N5: =N34 -> 2643323.9 | O5: =O34 -> 2818455.9
A6: Residential Real Estate Cost of Revenues | B6: 457151 | C6: 597884 | D6: 705866 | E6: 964364 | F6: 1196914 | G6: 1223079 | H6: 1370888 | I6: =I5*0.65 -> 1360660 | J6: =J5*0.65 -> 1369051.1 | K6: =K5*'Common Inc. Stmt.'!$B$6 -> 1493906.9 | L6: =L5*'Common Inc. Stmt.'!$B$6 -> 1613640.5 | M6: =M5*'Common Inc. Stmt.'!$B$6 -> 1732598.4 | N6: =N5*'Common Inc. Stmt.'!$B$6 -> 1840725.9 | O6: =O5*'Common Inc. Stmt.'!$B$6 -> 1962682.2
A7: Other Cost of Revenues | B7: 36166 | C7: 24694 | D7: 35551 | E7: 76453 | F7: 37854 | G7: 6449 | H7: 24534 | I7: =I5*'Common Inc. Stmt.'!$B$7 -> 64880.149 | J7: =J5*'Common Inc. Stmt.'!$B$7 -> 65280.263 | K7: =K5*'Common Inc. Stmt.'!$B$7 -> 66490.618 | L7: =L5*'Common Inc. Stmt.'!$B$7 -> 71819.708 | M7: =M5*'Common Inc. Stmt.'!$B$7 -> 77114.269 | N7: =N5*'Common Inc. Stmt.'!$B$7 -> 81926.796 | O7: =O5*'Common Inc. Stmt.'!$B$7 -> 87354.809
A8: Total Cost of Revenue | B8: 493317 | C8: 622578 | D8: 741417 | E8: 1040817 | F8: 1234768 | G8: 1229528 | H8: 1395422 | I8: ='Inc. Stmt.'!I5-'Inc. Stmt.'!I9 -> 1431833 | J8: ='Inc. Stmt.'!J5-'Inc. Stmt.'!J9 -> 1474362.8 | K8: =K5-K9 -> 1523151.6 | L8: =L5-L9 -> 1668401.4 | M8: =M5-M9 -> 1810647.6 | N8: =N5-N9 -> 1923646 | O8: =O5-O9 -> 2051096.1
A9: Gross Profit | B9: 130330 | C9: 169082 | D9: 234604 | E9: 362059 | F9: 523025 | G9: 548182 | H9: 703521 | I9: ='Inc. Stmt.'!I5*'Inc. Stmt.'!I42 -> 661490.08 | J9: ='Inc. Stmt.'!J5*'Inc. Stmt.'!J42 -> 631869.76 | K9: =K5*K42 -> 622132.35 | L9: =L5*L42 -> 648822.77 | M9: =M5*M42 -> 677402.77 | N9: =N5*N42 -> 719677.94 | O9: =O5*O42 -> 767359.8
A10: Selling, general and administrative expenses | B10: 56830 | C10: 98659 | D10: 112134 | E10: 134269 | F10: 163943 | G10: 192977 | H10: 226566 | I10: =((I44*'Inc. Stmt.'!I5)-'Inc. Stmt.'!I9)/-1 -> 226288.22 | J10: =((J44*'Inc. Stmt.'!J5)-'Inc. Stmt.'!J9)/-1 -> 203491.02 | K10: =((K44*'Inc. Stmt.'!K5)-'Inc. Stmt.'!K9)/-1 -> 200355.13 | L10: =((L44*'Inc. Stmt.'!L5)-'Inc. Stmt.'!L9)/-1 -> 208950.66 | M10: =((M44*'Inc. Stmt.'!M5)-'Inc. Stmt.'!M9)/-1 -> 217720.34 | N10: =((N44*'Inc. Stmt.'!N5)-'Inc. Stmt.'!N9)/-1 -> 231307.78 | O10: =((O44*'Inc. Stmt.'!O5)-'Inc. Stmt.'!O9)/-1 -> 246632.94
A11: Fair value change in unrealized gain (loss) on liabilities | B11: 1693 | C11: 0 | D11: 0 | E11: 0 | F11: 0 | G11: 0 | H11: 0 | I11: 0 | J11: 0 | K11: 0 | L11: 0 | M11: 0 | N11: 0 | O11: 0
A12: Change in contingent consideration liability | B12: ='Cash Flow Stmt.'!B8 -> 1693 | C12: ='Cash Flow Stmt.'!C8 -> 4906 | D12: ='Cash Flow Stmt.'!D8 -> 368 | E12: ='Cash Flow Stmt.'!E8 -> 0 | F12: ='Cash Flow Stmt.'!F8 -> 0 | G12: ='Cash Flow Stmt.'!G8 -> 0 | H12: ='Cash Flow Stmt.'!H8 -> 0 | I12: 0 | J12: 0 | K12: 0 | L12: 0 | M12: 0 | N12: 0 | O12: 0
A13: Income (Loss) from Equity Method Investments | B13: 7259 | C13: 9809 | D13: 16654 | E13: 19713 | F13: 25626 | G13: 16742 | H13: 5083 | I13: =H5*'Common Inc. Stmt.'!$I$13 -> 5083 | J13: =I5*'Common Inc. Stmt.'!$I$13 -> 5069.3902 | K13: =J5*'Common Inc. Stmt.'!$I$13 -> 5100.653 | L13: =K5*'Common Inc. Stmt.'!$I$13 -> 5195.2237 | M13: =L5*'Common Inc. Stmt.'!$I$13 -> 5611.6105 | N13: =M5*'Common Inc. Stmt.'!$I$13 -> 6025.2994 | O13: =N5*'Common Inc. Stmt.'!$I$13 -> 6401.3246
A14: Other income, net | B14: 2605 | C14: 9003 | D14: 4057 | E14: 9483 | F14: 11757 | G14: 19366 | H14: 29842 | I14: =I5*0.01 -> 20933.231 | J14: =J5*0.01 -> 21062.325 | K14: =K5*0.01 -> 21452.84 | L14: =L5*0.01 -> 23172.242 | M14: =M5*0.01 -> 24880.504 | N14: =N5*0.01 -> 26433.239 | O14: =O5*0.008 -> 22547.647
A15: Income before income taxes | B15: 81671 | C15: 84329 | D15: 142813 | E15: 256986 | F15: 396465 | G15: 391313 | H15: 511880 | I15: =I9-I10 -> 435201.86 | J15: =J9-J10 -> 428378.74 | K15: =K9-K10 -> 421777.22 | L15: =L9-L10 -> 439872.11 | M15: =M9-M10 -> 459682.43 | N15: =N9-N10 -> 488370.17 | O15: =O9-O10 -> 520726.86
A16: Income tax expense | B16: 17136 | C16: 20027 | D16: 25016 | E16: 52605 | F16: 82468 | G16: 84638 | H16: 94725 | I16: =I15*'Tax Rate Calc.'!$B$8 -> 100265.32 | J16: =J15*'Tax Rate Calc.'!$B$8 -> 98693.359 | K16: =K15*'Tax Rate Calc.'!$B$8 -> 97172.448 | L16: =L15*'Tax Rate Calc.'!$B$8 -> 101341.29 | M16: =M15*'Tax Rate Calc.'!$B$8 -> 105905.36 | N16: =N15*'Tax Rate Calc.'!$B$8 -> 112514.67 | O16: =O15*'Tax Rate Calc.'!$B$8 -> 119969.26
A17: Net income | B17: 64535 | C17: 64302 | D17: 117797 | E17: 204381 | F17: 313997 | G17: 306675 | H17: 417155 | I17: =I15-I16 -> 334936.54 | J17: =J15-J16 -> 329685.38 | K17: =K15-K16 -> 324604.78 | L17: =L15-L16 -> 338530.81 | M17: =M15-M16 -> 353777.08 | N17: =N15-N16 -> 375855.5 | O17: =O15-O16 -> 400757.59
A18: Less: Net income attributable to noncontrolling interests | B18: 12912 | C18: 5646 | D18: 4104 | E18: 14171 | F18: 22097 | G18: 22049 | H18: 35572 | I18: =I5*0.0132 -> 27631.864 | J18: =J5*0.0132 -> 27802.269 | K18: =K5*0.0132 -> 28317.748 | L18: =L5*0.0132 -> 30587.359 | M18: =M5*0.0132 -> 32842.265 | N18: =N5*0.0132 -> 34891.876 | O18: =O5*0.0132 -> 37203.617
A19: Net income attributable to Green Brick Partners, Inc. | B19: 51623 | C19: 58656 | D19: 113693 | E19: 190210 | F19: 291900 | G19: 284626 | H19: 381583 | I19: =I17-I18 -> 307304.67 | J19: =J17-J18 -> 301883.11 | K19: =K17-K18 -> 296287.03 | L19: =L17-L18 -> 307943.45 | M19: =M17-M18 -> 320934.81 | N19: =N17-N18 -> 340963.62 | O19: =O17-O18 -> 363553.98
A21: Net income attributable to Green Brick Partners, Inc. per common share:
A22: Earnings Per Share, Basic | B22: 1.02 | C22: 1.16 | D22: 2.25 | E22: 3.75 | F22: 6.07 | G22: 6.2 | H22: 8.51 | I22: =I19/I24 -> 6.879288 | J22: =J19/J24 -> 6.7583755 | K22: =K19/K24 -> 6.6484243 | L22: =L19/L24 -> 6.9088992 | M22: =M19/M24 -> 7.2149366 | N22: =N19/N24 -> 7.6633094 | O22: =O19/O24 -> 8.2057099
A23: Earnings Per Share, Diluted | B23: 1.02 | C23: 1.16 | D23: 2.24 | E23: 3.72 | F23: 6.02 | G23: 6.14 | H23: 8.45 | I23: =I19/I25 -> 6.8060036 | J23: =J19/J25 -> 6.6863743 | K23: =K19/K25 -> 6.5774326 | L23: =L19/L25 -> 6.8351376 | M23: =M19/M25 -> 7.1377535 | N23: =N19/N25 -> 7.5813498 | O23: =O19/O25 -> 8.1175809
A24: Weighted Average Number of Shares Outstanding, Diluted | B24: 50751 | C24: 50530 | D24: 50568 | E24: 51060 | F24: 47987 | G24: 45917 | H24: 44839 | I24: =44671 -> 44671 | J24: 44668 | K24: 44565 | L24: 44572 | M24: 44482 | N24: 44493 | O24: 44305
A25: Weighted Average Number of Shares Outstanding, Basic | B25: 50652 | C25: 50636 | D25: 50795 | E25: 50700 | F25: 47648 | G25: 45446 | H25: 44508 | I25: =I24+481 -> 45152 | J25: =J24+481 -> 45149 | K25: =K24+481 -> 45046 | L25: =L24+481 -> 45053 | M25: =M24+481 -> 44963 | N25: =N24+481 -> 44974 | O25: =O24+481 -> 44786
A29: Assumptions | B29: 2018 | C29: 2019 | D29: 2020 | E29: 2021 | F29: 2022 | G29: 2023 | H29: 2024 | I29: 2025 | J29: 2026E | K29: 2027E | L29: 2028E | M29: 2029E | N29: 2030E | O29: 2031E
A30: Central Units Delivered | B30: 635 | C30: 907 | D30: 1545 | E30: 2036 | F30: 2030 | G30: 2234 | H30: 2722.4858 | I30: =H30*(1+I36) -> 2858.6101 | J30: =I30*(1+J36) -> 3001.5406 | K30: =J30*(1+K36) -> 3241.6639 | L30: =K30*(1+L36) -> 3500.997 | M30: =L30*(1+M36) -> 3781.0768 | N30: =M30*(1+N36) -> 4026.8467 | O30: =N30*(1+O36) -> 4228.1891
A31: Southeast Units Delivered | B31: 770 | C31: 902 | D31: 788 | E31: 798 | F31: 991 | G31: 906 | H31: 1060.5142 | I31: =H31*(1+I37) -> 1113.5399 | J31: =I31*(1+J37) -> 1169.2169 | K31: =J31*(1+K37) -> 1227.6777 | L31: =K31*(1+L37) -> 1276.7848 | M31: =L31*(1+M37) -> 1327.8562 | N31: =M31*(1+N37) -> 1367.6919 | O31: =N31*(1+O37) -> 1408.7227
A32: Total Homes Delivered | B32: =SUM(B30:B31) -> 1405 | C32: =SUM(C30:C31) -> 1809 | D32: =SUM(D30:D31) -> 2333 | E32: =SUM(E30:E31) -> 2834 | F32: =SUM(F30:F31) -> 3021 | G32: =SUM(G30:G31) -> 3140 | H32: =SUM(H30:H31) -> 3783 | I32: =SUM(I30:I31) -> 3972.15 | ... O32: =SUM(O30:O31) -> 5636.9117
A33: Average Price | B33: 443800 | C33: 437600 | D33: 418400 | E33: 460700 | F33: 581900 | G33: 566100 | H33: 547100 | I33: 527000 | J33: 505000 | K33: 480000 | L33: 485000 | M33: 487000 | N33: 490000 | O33: 500000
A34: Total Revenue | B34: =(B32*B33)/1000 -> 623539 | C34: =(C32*C33)/1000 -> 791618.4 | D34: =(D32*D33)/1000 -> 976127.2 | E34: =(E32*E33)/1000 -> 1305623.8 | F34: =(F32*F33)/1000 -> 1757919.9 | G34: =(G32*G33)/1000 -> 1777554 | H34: =(H32*H33)/1000 -> 2069679.3 | I34: =(I32*I33)/1000 -> 2093323.1 | ... O34: =(O32*O33)/1000 -> 2818455.9
A36: Central Unit's Delivered Growth % | C36: =(C30-B30)/B30 -> 0.42834646 | D36: =(D30-C30)/C30 -> 0.70341786 | E36: =(E30-D30)/D30 -> 0.31779935 | F36: =(F30-E30)/E30 -> -0.0029469548 | G36: =(G30-F30)/F30 -> 0.10049261 | H36: =(H30-G30)/G30 -> 0.21865973 | I36: 0.05 | J36: 0.05 | K36: 0.08 | L36: 0.08 | M36: 0.08 | N36: 0.065 | O36: 0.05
A37: Southeast Unit's Delivered Growth % | C37: =(C31-B31)/B31 -> 0.17142857 | D37: =(D31-C31)/C31 -> -0.12638581 | E37: =(E31-D31)/D31 -> 0.012690355 | F37: =(F31-E31)/E31 -> 0.24185464 | G37: =(G31-F31)/F31 -> -0.085771948 | H37: =(H31-G31)/G31 -> 0.17054544 | I37: 0.05 | J37: 0.05 | K37: 0.05 | L37: 0.04 | M37: 0.04 | N37: 0.03 | O37: 0.03
A38: Total Homes Delivered Growth % | C38: =(C32-B32)/B32 -> 0.28754448 | D38: =(D32-C32)/C32 -> 0.2896628 | E38: =(E32-D32)/D32 -> 0.21474496 | F38: =(F32-E32)/E32 -> 0.065984474 | G38: =(G32-F32)/F32 -> 0.03939093 | H38: =(H32-G32)/G32 -> 0.20477707 | I38: =(I32-H32)/H32 -> 0.05 | J38: =(J32-I32)/I32 -> 0.05 | ... O38: =(O32-N32)/N32 -> 0.044929346
A39: Average Selling Price Growth % | C39: =(C33-B33)/B33 -> -0.013970257 | D39: =(D33-C33)/C33 -> -0.043875686 | E39: =(E33-D33)/D33 -> 0.10109943 | F39: =(F33-E33)/E33 -> 0.26307792 | G39: =(G33-F33)/F33 -> -0.027152432 | H39: =(H33-G33)/G33 -> -0.033562975 | I39: =(I33-H33)/H33 -> -0.03673917 | J39: =(J33-I33)/I33 -> -0.041745731 | ... O39: =(O33-N33)/N33 -> 0.020408163
A40: Total Revenue Growth % | C40: =(C34-B34)/B34 -> 0.26955716 | D40: =(D34-C34)/C34 -> 0.23307796 | E40: =(E34-D34)/D34 -> 0.33755498 | F40: =(F34-E34)/E34 -> 0.34642146 | G40: =(G34-F34)/F34 -> 0.011168939 | H40: =(H34-G34)/G34 -> 0.16434117 | I40: =(I34-H34)/H34 -> 0.011423871 | J40: =(J34-I34)/I34 -> 0.0061669829 | ... O40: =(O34-N34)/N34 -> 0.066254435
A42: Gross Margin Assumptions | B42: =B9/B5 -> 0.2089804 | C42: =C9/C5 -> 0.21357906 | D42: =D9/D5 -> 0.24036778 | E42: =E9/E5 -> 0.25808339 | F42: =F9/F5 -> 0.29754641 | G42: =G9/G5 -> 0.30836413 | H42: =H9/H5 -> 0.33517871 | I42: 0.316 | J42: 0.3 | K42: 0.29 | L42: 0.28 | M42: ='Common Inc. Stmt.'!$B$9 -> 0.27226249 | N42: ='Common Inc. Stmt.'!$B$9 -> 0.27226249 | O42: ='Common Inc. Stmt.'!$B$9 -> 0.27226249
A43: EBITDA Margin | B43: =(B15+'Cash Flow Stmt.'!B5)/B5 -> 0.13567611 | C43: =(C15+'Cash Flow Stmt.'!C5)/C5 -> 0.11041104 | D43: =(D15+'Cash Flow Stmt.'!D5)/D5 -> 0.15007771 | E43: =(E15+'Cash Flow Stmt.'!E5)/E5 -> 0.1851411 | F43: =(F15+'Cash Flow Stmt.'!F5)/F5 -> 0.22689361 | G43: =(G15+'Cash Flow Stmt.'!G5)/G5 -> 0.22211609 | H43: =(H15+'Cash Flow Stmt.'!H5)/H5 -> 0.24619963 | I43: =(I15+'Cash Flow Stmt.'!I5)/I5 -> 0.20978841 | ... O43: =(O15+'Cash Flow Stmt.'!O5)/O5 -> 0.18664449
A44: Operating Margin Assumptions | B44: =(B9-B10)/B5 -> 0.11785513 | C44: =(C9-C10)/C5 -> 0.088956118 | D44: =(D9-D10)/D5 -> 0.12547886 | E44: =(E9-E10)/E5 -> 0.16237358 | F44: =(F9-F10)/F5 -> 0.20428003 | G44: =(G9-G10)/G5 -> 0.19981043 | H44: =(H9-H10)/H5 -> 0.2272358 | I44: 0.2079 | J44: 0.20338625 | K44: 0.19660671 | L44: 0.18982717 | M44: 0.18475608 | N44: 0.18475608 | O44: 0.18475608
A49: Analysis
A50: Units -4-year CAGR | B50: =(I32/E32)^(1/4)-1 -> 0.088069029
A51: Units -6-year CAGR Forecast | B51: =(O32/I32)^(1/6)-1 -> 0.060073388
A52: Average selling price - 6-year CAGR | B52: =(O33/I33)^(1/6)-1 -> -0.0087271042
A53: Revenue - 6-year CAGR | B53: =(O5/I5)^(1/6)-1 -> 0.050822018
A54: Cost of revenue - 6-year CAGR | B54: =(O8/I8)^(1/6)-1 -> 0.061733712
A55: SG&A - 6-year CAGR | B55: =(O10/I10)^(1/6)-1 -> 0.014452046
A56: Inventory - 6-year CAGR | B56: =('Bal. Sheet'!O6/'Bal. Sheet'!I6)^(1/6)-1 -> 0.050126038
A57: Total Revenue Standard Deviation | B57: =_xlfn.STDEV.S(C40:O40) -> 0.12629829
A58: Gross Margin Standard Deviation | B58: =_xlfn.STDEV.S(B42:O42) -> 0.036608443
A59: Operating Margin Standard Deviation | B59: =_xlfn.STDEV.S(B44:O44) -> 0.039503482

Sheet Common Inc. Stmt.
A1: Common-Size Income Statement
A2: Commong Consolidated Statements of Income - USD ($) shares in Thousands | B2: Avg 2018–2025E | C2: 2018 | D2: 2019 | E2: 2020 | F2: 2021 | G2: 2022 | H2: 2023 | I2: 2024 | J2: 2025E
A3: Residential Real Estate Revenues | B3: =AVERAGE(C3:I3) -> 0.96078887 | C3: ='Inc. Stmt.'!B3/'Inc. Stmt.'!B$5 -> 0.92823825 | D3: ='Inc. Stmt.'!C3/'Inc. Stmt.'!C$5 -> 0.95979335 | E3: ='Inc. Stmt.'!D3/'Inc. Stmt.'!D$5 -> 0.95302867 | F3: ='Inc. Stmt.'!E3/'Inc. Stmt.'!E$5 -> 0.93357289 | G3: ='Inc. Stmt.'!F3/'Inc. Stmt.'!F$5 -> 0.96936954 | H3: ='Inc. Stmt.'!G3/'Inc. Stmt.'!G$5 -> 0.99524388 | I3: ='Inc. Stmt.'!H3/'Inc. Stmt.'!H$5 -> 0.98627547 | J3: ='Inc. Stmt.'!I3/'Inc. Stmt.'!I$5 -> 0.96078887
A4: Other Revenues | B4: =AVERAGE(C4:I4) -> 0.039211135 | C4: ='Inc. Stmt.'!B4/'Inc. Stmt.'!B$5 -> 0.07176175 | D4: ='Inc. Stmt.'!C4/'Inc. Stmt.'!C$5 -> 0.040206654 | E4: ='Inc. Stmt.'!D4/'Inc. Stmt.'!D$5 -> 0.046971325 | F4: ='Inc. Stmt.'!E4/'Inc. Stmt.'!E$5 -> 0.066427111 | G4: ='Inc. Stmt.'!F4/'Inc. Stmt.'!F$5 -> 0.030630455 | H4: ='Inc. Stmt.'!G4/'Inc. Stmt.'!G$5 -> 0.0047561188 | I4: ='Inc. Stmt.'!H4/'Inc. Stmt.'!H$5 -> 0.013724527 | J4: ='Inc. Stmt.'!I4/'Inc. Stmt.'!I$5 -> 0.039211135
A5: Total Revenue | B5: =AVERAGE(C5:J5) -> 1 | C5: ='Inc. Stmt.'!B5/'Inc. Stmt.'!B$5 -> 1 | D5: ='Inc. Stmt.'!C5/'Inc. Stmt.'!C$5 -> 1 | E5: ='Inc. Stmt.'!D5/'Inc. Stmt.'!D$5 -> 1 | F5: ='Inc. Stmt.'!E5/'Inc. Stmt.'!E$5 -> 1 | G5: ='Inc. Stmt.'!F5/'Inc. Stmt.'!F$5 -> 1 | H5: ='Inc. Stmt.'!G5/'Inc. Stmt.'!G$5 -> 1 | I5: ='Inc. Stmt.'!H5/'Inc. Stmt.'!H$5 -> 1 | J5: ='Inc. Stmt.'!I5/'Inc. Stmt.'!I$5 -> 1
A6: Residential Real Estate Cost of Revenues | B6: =AVERAGE(C6:J6) -> 0.69636789 | C6: ='Inc. Stmt.'!B6/'Inc. Stmt.'!B$5 -> 0.73302846 | D6: ='Inc. Stmt.'!C6/'Inc. Stmt.'!C$5 -> 0.75522825 | E6: ='Inc. Stmt.'!D6/'Inc. Stmt.'!D$5 -> 0.7232078 | F6: ='Inc. Stmt.'!E6/'Inc. Stmt.'!E$5 -> 0.68741927 | G6: ='Inc. Stmt.'!F6/'Inc. Stmt.'!F$5 -> 0.68091863 | H6: ='Inc. Stmt.'!G6/'Inc. Stmt.'!G$5 -> 0.68800817 | I6: ='Inc. Stmt.'!H6/'Inc. Stmt.'!H$5 -> 0.65313255 | J6: ='Inc. Stmt.'!I6/'Inc. Stmt.'!I$5 -> 0.65
A7: Other Cost of Revenues | B7: =AVERAGE(C7:I7) -> 0.030993854 | C7: ='Inc. Stmt.'!B7/'Inc. Stmt.'!B$5 -> 0.057991139 | D7: ='Inc. Stmt.'!C7/'Inc. Stmt.'!C$5 -> 0.031192684 | E7: ='Inc. Stmt.'!D7/'Inc. Stmt.'!D$5 -> 0.036424421 | F7: ='Inc. Stmt.'!E7/'Inc. Stmt.'!E$5 -> 0.054497333 | G7: ='Inc. Stmt.'!F7/'Inc. Stmt.'!F$5 -> 0.021534959 | H7: ='Inc. Stmt.'!G7/'Inc. Stmt.'!G$5 -> 0.0036277008 | I7: ='Inc. Stmt.'!H7/'Inc. Stmt.'!H$5 -> 0.01168874 | J7: ='Inc. Stmt.'!I7/'Inc. Stmt.'!I$5 -> 0.030993854
A8: Total Cost of Revenue | B8: =AVERAGE(C8:J8) -> 0.72773751 | C8: ='Inc. Stmt.'!B8/'Inc. Stmt.'!B$5 -> 0.7910196 | D8: ='Inc. Stmt.'!C8/'Inc. Stmt.'!C$5 -> 0.78642094 | E8: ='Inc. Stmt.'!D8/'Inc. Stmt.'!D$5 -> 0.75963222 | F8: ='Inc. Stmt.'!E8/'Inc. Stmt.'!E$5 -> 0.74191661 | G8: ='Inc. Stmt.'!F8/'Inc. Stmt.'!F$5 -> 0.70245359 | H8: ='Inc. Stmt.'!G8/'Inc. Stmt.'!G$5 -> 0.69163587 | I8: ='Inc. Stmt.'!H8/'Inc. Stmt.'!H$5 -> 0.66482129 | J8: ='Inc. Stmt.'!I8/'Inc. Stmt.'!I$5 -> 0.684
A9: Gross Profit | B9: =AVERAGE(C9:J9) -> 0.27226249 | C9: ='Inc. Stmt.'!B9/'Inc. Stmt.'!B$5 -> 0.2089804 | D9: ='Inc. Stmt.'!C9/'Inc. Stmt.'!C$5 -> 0.21357906 | E9: ='Inc. Stmt.'!D9/'Inc. Stmt.'!D$5 -> 0.24036778 | F9: ='Inc. Stmt.'!E9/'Inc. Stmt.'!E$5 -> 0.25808339 | G9: ='Inc. Stmt.'!F9/'Inc. Stmt.'!F$5 -> 0.29754641 | H9: ='Inc. Stmt.'!G9/'Inc. Stmt.'!G$5 -> 0.30836413 | I9: ='Inc. Stmt.'!H9/'Inc. Stmt.'!H$5 -> 0.33517871 | J9: ='Inc. Stmt.'!I9/'Inc. Stmt.'!I$5 -> 0.316
A10: Selling, general and administrative expenses | B10: =AVERAGE(C10:J10) -> 0.10552624 | C10: ='Inc. Stmt.'!B10/'Inc. Stmt.'!B$5 -> 0.091125268 | D10: ='Inc. Stmt.'!C10/'Inc. Stmt.'!C$5 -> 0.12462294 | E10: ='Inc. Stmt.'!D10/'Inc. Stmt.'!D$5 -> 0.11488892 | F10: ='Inc. Stmt.'!E10/'Inc. Stmt.'!E$5 -> 0.095709813 | G10: ='Inc. Stmt.'!F10/'Inc. Stmt.'!F$5 -> 0.093266386 | H10: ='Inc. Stmt.'!G10/'Inc. Stmt.'!G$5 -> 0.1085537 | I10: ='Inc. Stmt.'!H10/'Inc. Stmt.'!H$5 -> 0.1079429 | J10: ='Inc. Stmt.'!I10/'Inc. Stmt.'!I$5 -> 0.1081
A11: Fair value change in unrealized gain (loss) on liabilities | B11: =AVERAGE(C11:J11) -> 0.00033933459 | C11: ='Inc. Stmt.'!B11/'Inc. Stmt.'!B$5 -> 0.0027146767 | D11: ='Inc. Stmt.'!C11/'Inc. Stmt.'!C$5 -> 0 | E11: ='Inc. Stmt.'!D11/'Inc. Stmt.'!D$5 -> 0 | F11: ='Inc. Stmt.'!E11/'Inc. Stmt.'!E$5 -> 0 | G11: ='Inc. Stmt.'!F11/'Inc. Stmt.'!F$5 -> 0 | H11: ='Inc. Stmt.'!G11/'Inc. Stmt.'!G$5 -> 0 | I11: ='Inc. Stmt.'!H11/'Inc. Stmt.'!H$5 -> 0 | J11: ='Inc. Stmt.'!I11/'Inc. Stmt.'!I$5 -> 0
A12: Change in contingent consideration liability | B12: =AVERAGE(C12:J12) -> 0.0011611028 | C12: ='Inc. Stmt.'!B12/'Inc. Stmt.'!B$5 -> 0.0027146767 | D12: ='Inc. Stmt.'!C12/'Inc. Stmt.'!C$5 -> 0.0061971048 | E12: ='Inc. Stmt.'!D12/'Inc. Stmt.'!D$5 -> 0.00037704107 | F12: ='Inc. Stmt.'!E12/'Inc. Stmt.'!E$5 -> 0 | G12: ='Inc. Stmt.'!F12/'Inc. Stmt.'!F$5 -> 0 | H12: ='Inc. Stmt.'!G12/'Inc. Stmt.'!G$5 -> 0 | I12: ='Inc. Stmt.'!H12/'Inc. Stmt.'!H$5 -> 0 | J12: ='Inc. Stmt.'!I12/'Inc. Stmt.'!I$5 -> 0
A13: Income (Loss) from Equity Method Investments | B13: =AVERAGE(C13:J13) -> 0.010498895 | C13: ='Inc. Stmt.'!B13/'Inc. Stmt.'!B$5 -> 0.011639597 | D13: ='Inc. Stmt.'!C13/'Inc. Stmt.'!C$5 -> 0.01239042 | E13: ='Inc. Stmt.'!D13/'Inc. Stmt.'!D$5 -> 0.017063157 | F13: ='Inc. Stmt.'!E13/'Inc. Stmt.'!E$5 -> 0.014051848 | G13: ='Inc. Stmt.'!F13/'Inc. Stmt.'!F$5 -> 0.014578508 | H13: ='Inc. Stmt.'!G13/'Inc. Stmt.'!G$5 -> 0.0094177341 | I13: ='Inc. Stmt.'!H13/'Inc. Stmt.'!H$5 -> 0.0024216951 | J13: ='Inc. Stmt.'!I13/'Inc. Stmt.'!I$5 -> 0.0024281966
A14: Other income, net | B14: =AVERAGE(C14:J14) -> 0.0085332038 | C14: ='Inc. Stmt.'!B14/'Inc. Stmt.'!B$5 -> 0.0041770425 | D14: ='Inc. Stmt.'!C14/'Inc. Stmt.'!C$5 -> 0.011372306 | E14: ='Inc. Stmt.'!D14/'Inc. Stmt.'!D$5 -> 0.0041566729 | F14: ='Inc. Stmt.'!E14/'Inc. Stmt.'!E$5 -> 0.0067596851 | G14: ='Inc. Stmt.'!F14/'Inc. Stmt.'!F$5 -> 0.0066885009 | H14: ='Inc. Stmt.'!G14/'Inc. Stmt.'!G$5 -> 0.01089379 | I14: ='Inc. Stmt.'!H14/'Inc. Stmt.'!H$5 -> 0.014217632 | J14: ='Inc. Stmt.'!I14/'Inc. Stmt.'!I$5 -> 0.01
A15: Income before income taxes | B15: =AVERAGE(C15:J15) -> 0.18305371 | C15: ='Inc. Stmt.'!B15/'Inc. Stmt.'!B$5 -> 0.1309571 | D15: ='Inc. Stmt.'!C15/'Inc. Stmt.'!C$5 -> 0.10652174 | E15: ='Inc. Stmt.'!D15/'Inc. Stmt.'!D$5 -> 0.14632165 | F15: ='Inc. Stmt.'!E15/'Inc. Stmt.'!E$5 -> 0.18318511 | G15: ='Inc. Stmt.'!F15/'Inc. Stmt.'!F$5 -> 0.22554704 | H15: ='Inc. Stmt.'!G15/'Inc. Stmt.'!G$5 -> 0.22012195 | I15: ='Inc. Stmt.'!H15/'Inc. Stmt.'!H$5 -> 0.24387513 | J15: ='Inc. Stmt.'!I15/'Inc. Stmt.'!I$5 -> 0.2079
A16: Income tax expense | B16: =AVERAGE(C16:J16) -> 0.037932126 | C16: ='Inc. Stmt.'!B16/'Inc. Stmt.'!B$5 -> 0.027477082 | D16: ='Inc. Stmt.'!C16/'Inc. Stmt.'!C$5 -> 0.025297476 | E16: ='Inc. Stmt.'!D16/'Inc. Stmt.'!D$5 -> 0.025630596 | F16: ='Inc. Stmt.'!E16/'Inc. Stmt.'!E$5 -> 0.037497968 | G16: ='Inc. Stmt.'!F16/'Inc. Stmt.'!F$5 -> 0.046915649 | H16: ='Inc. Stmt.'!G16/'Inc. Stmt.'!G$5 -> 0.04761069 | I16: ='Inc. Stmt.'!H16/'Inc. Stmt.'!H$5 -> 0.045129858 | J16: ='Inc. Stmt.'!I16/'Inc. Stmt.'!I$5 -> 0.047897683
A17: Net income | B17: =AVERAGE(C17:J17) -> 0.14512159 | C17: ='Inc. Stmt.'!B17/'Inc. Stmt.'!B$5 -> 0.10348001 | D17: ='Inc. Stmt.'!C17/'Inc. Stmt.'!C$5 -> 0.081224263 | E17: ='Inc. Stmt.'!D17/'Inc. Stmt.'!D$5 -> 0.12069105 | F17: ='Inc. Stmt.'!E17/'Inc. Stmt.'!E$5 -> 0.14568715 | G17: ='Inc. Stmt.'!F17/'Inc. Stmt.'!F$5 -> 0.17863139 | H17: ='Inc. Stmt.'!G17/'Inc. Stmt.'!G$5 -> 0.17251126 | I17: ='Inc. Stmt.'!H17/'Inc. Stmt.'!H$5 -> 0.19874527 | J17: ='Inc. Stmt.'!I17/'Inc. Stmt.'!I$5 -> 0.16000232
A18: Less: Net income attributable to noncontrolling interests | B18: =AVERAGE(C18:J18) -> 0.012157947 | C18: ='Inc. Stmt.'!B18/'Inc. Stmt.'!B$5 -> 0.02070402 | D18: ='Inc. Stmt.'!C18/'Inc. Stmt.'!C$5 -> 0.0071318495 | E18: ='Inc. Stmt.'!D18/'Inc. Stmt.'!D$5 -> 0.0042048276 | F18: ='Inc. Stmt.'!E18/'Inc. Stmt.'!E$5 -> 0.010101392 | G18: ='Inc. Stmt.'!F18/'Inc. Stmt.'!F$5 -> 0.012570877 | H18: ='Inc. Stmt.'!G18/'Inc. Stmt.'!G$5 -> 0.012403035 | I18: ='Inc. Stmt.'!H18/'Inc. Stmt.'!H$5 -> 0.016947578 | J18: ='Inc. Stmt.'!I18/'Inc. Stmt.'!I$5 -> 0.0132
A19: Net income attributable to Green Brick Partners, Inc. | B19: =AVERAGE(C19:J19) -> 0.13296364 | C19: ='Inc. Stmt.'!B19/'Inc. Stmt.'!B$5 -> 0.082775993 | D19: ='Inc. Stmt.'!C19/'Inc. Stmt.'!C$5 -> 0.074092413 | E19: ='Inc. Stmt.'!D19/'Inc. Stmt.'!D$5 -> 0.11648622 | F19: ='Inc. Stmt.'!E19/'Inc. Stmt.'!E$5 -> 0.13558575 | G19: ='Inc. Stmt.'!F19/'Inc. Stmt.'!F$5 -> 0.16606051 | H19: ='Inc. Stmt.'!G19/'Inc. Stmt.'!G$5 -> 0.16010823 | I19: ='Inc. Stmt.'!H19/'Inc. Stmt.'!H$5 -> 0.1817977 | J19: ='Inc. Stmt.'!I19/'Inc. Stmt.'!I$5 -> 0.14680232

Sheet Q Inc. Stmt.
A1: Quarterly Income Statement
A2: Consolidated Statements of Income - USD ($) shares in Thousands, $ in Thousands | B2: 1Q22 | C2: 2Q22 | D2: 3Q22 | E2: 4Q22 | F2: 1Q23 | G2: 2Q23 | H2: 3Q23 | I2: 4Q23 | J2: 1Q24 | K2: 2Q24 | L2: 3Q24 | M2: 4Q24 | N2: 1Q25 | O2: 2Q25 | P2: 3Q25 | Q2: 4Q25E
A3: Residential Real Estate Revenues | B3: 364661 | C3: 512515 | D3: 396749 | E3: 430026 | F3: 450362 | G3: 454445 | H3: 415923 | I3: 448525 | J3: 443284 | K3: 547138 | L3: 522859 | M3: 556855 | N3: 495317 | O3: 547109 | P3: 499091 | Q3: =M3*(1+1.15%) -> 563258.83
A4: Other Revenues | B4: 28955 | C4: 12629 | D4: 11195 | E4: 1063 | F4: 1699 | G4: 1844 | H4: 3055 | I4: 1857 | J4: 4054 | K4: 13493 | L4: 801 | M4: 10459 | N4: 2304 | O4: 2038 | P4: 0 | Q4: =M4*(1+1.15%) -> 10579.279
A5: Total Revenue | B5: =B3+B4 -> 393616 | C5: =C3+C4 -> 525144 | D5: =D3+D4 -> 407944 | E5: =E3+E4 -> 431089 | F5: =F3+F4 -> 452061 | G5: =G3+G4 -> 456289 | H5: =H3+H4 -> 418978 | I5: =I3+I4 -> 450382 | ... Q5: =Q3+Q4 -> 573838.11
A6: Residential Real Estate Cost of Revenues | B6: 263430 | C6: 347142 | D6: 268536 | E6: 317806 | F6: 326124 | G6: 312030 | H6: 277446 | I6: 307479 | J6: 295313 | K6: 358183 | L6: 351666 | M6: 365726 | N6: 340621 | O6: 380656 | P6: 343629 | Q6: =M6*(1+1.15%) -> 369931.85
A7: Other Cost of Revenues | B7: 21830 | C7: 9106 | D7: 6089 | E7: 829 | F7: 1331 | G7: 1324 | H7: 2519 | I7: 1275 | J7: 3768 | K7: 12782 | L7: 431 | M7: 7553 | N7: 1215 | O7: 977 | P7: 0 | Q7: =M7*(1+1.15%) -> 7639.8595
A8: Total Cost of Revenue | B8: =B6+B7 -> 285260 | C8: =C6+C7 -> 356248 | D8: =D6+D7 -> 274625 | E8: =E6+E7 -> 318635 | F8: =F6+F7 -> 327455 | G8: =G6+G7 -> 313354 | H8: =H6+H7 -> 279965 | I8: =I6+I7 -> 308754 | ... Q8: =Q6+Q7 -> 377571.71
A9: Gross Profit | B9: =B5-B8 -> 108356 | C9: =C5-C8 -> 168896 | D9: =D5-D8 -> 133319 | E9: =E5-E8 -> 112454 | F9: =F5-F8 -> 124606 | G9: =G5-G8 -> 142935 | H9: =H5-H8 -> 139013 | I9: =I5-I8 -> 141628 | ... Q9: =Q5-Q8 -> 196266.4
A10: Selling, general and administrative expenses | B10: 34265 | C10: 41798 | D10: 43251 | E10: 44629 | F10: 45945 | G10: 49229 | H10: 46884 | I10: 50919 | J10: 50570 | K10: 57602 | L10: 57740 | M10: 60654 | N10: 54895 | O10: 59772 | P10: 58140 | Q10: =M10*(1+1.15%) -> 61351.521
A11: Income (Loss) from Equity Method Investments | B11: 5687 | C11: 8523 | D11: 5697 | E11: 5719 | F11: 4221 | G11: 5699 | H11: 1345 | I11: 5477 | J11: 2592 | K11: 1186 | L11: 992 | M11: 313 | N11: 473 | O11: 511 | P11: 422 | Q11: =M11*(1+1.15%) -> 316.5995
A12: Other income, net | B12: 2855 | C12: 2661 | D12: 1831 | E12: 4410 | F12: 4290 | G12: 4807 | H12: 4612 | I12: 5657 | J12: 15354 | K12: 5927 | L12: 4161 | M12: 4400 | N12: 4785 | O12: 4035 | P12: 8891 | Q12: =M12*(1+1.15%) -> 4450.6
A13: Income before income taxes | B13: =B9-B10+B11+B12 -> 82633 | C13: =C9-C10+C11+C12 -> 138282 | D13: =D9-D10+D11+D12 -> 97596 | E13: =E9-E10+E11+E12 -> 77954 | F13: =F9-F10+F11+F12 -> 87172 | G13: =G9-G10+G11+G12 -> 104212 | H13: =H9-H10+H11+H12 -> 98086 | I13: =I9-I10+I11+I12 -> 101843 | ... Q13: =Q9-Q10+Q11+Q12 -> 139682.08
A14: Income tax expense | B14: 18437 | C14: 30278 | D14: 16963 | E14: 16790 | F14: 19031 | G14: 23148 | H14: 20975 | I14: 21484 | J14: 24842 | K14: 23896 | L14: 23078 | M14: 22909 | N14: 22223 | O14: 22957 | P14: 23226 | Q14: =M14*(1+1.15%) -> 23172.454
A15: Net income | B15: =B13-B14 -> 64196 | C15: =C13-C14 -> 108004 | D15: =D13-D14 -> 80633 | E15: =E13-E14 -> 61164 | F15: =F13-F14 -> 68141 | G15: =G13-G14 -> 81064 | H15: =H13-H14 -> 77111 | I15: =I13-I14 -> 80359 | ... Q15: =Q13-Q14 -> 116509.63
A16: Less: Net income attributable to noncontrolling interests | B16: 2619 | C16: 6748 | D16: 7113 | E16: 5617 | F16: 3961 | G16: 5794 | H16: 4955 | I16: 7339 | J16: 7490 | K16: 9923 | L16: 6787 | M16: 11372 | N16: 8866 | O16: 7383 | P16: 5556 | Q16: =M16*(1+1.15%) -> 11502.778
A17: Net income attributable to Green Brick Partners, Inc. | B17: =B15-B16 -> 61577 | C17: =C15-C16 -> 101256 | D17: =D15-D16 -> 73520 | E17: =E15-E16 -> 55547 | F17: =F15-F16 -> 64180 | G17: =G15-G16 -> 75270 | H17: =H15-H16 -> 72156 | I17: =I15-I16 -> 73020 | ... Q17: =Q15-Q16 -> 105006.85
A19: Per Share Data
A20: Earnings Per Share, Basic | B20: 1.2 | C20: 2.09 | D20: 1.58 | E20: 1.2 | F20: 1.38 | G20: 1.64 | H20: 1.58 | I20: 1.6 | J20: 1.84 | K20: 2.34 | L20: 1.99 | M20: 2.34 | N20: 1.67 | O20: 1.86 | P20: 1.77 | Q20: =M20*(1+1.15%) -> 2.36691
A21: Earnings Per Share, Diluted | B21: 1.2 | C21: 2.08 | D21: 1.57 | E21: 1.17 | F21: 1.37 | G21: 1.63 | H21: 1.56 | I21: 1.58 | J21: 1.82 | K21: 2.32 | L21: 1.98 | M21: 2.33 | N21: 1.67 | O21: 1.85 | P21: 1.77 | Q21: =M21*(1+1.15%) -> 2.356795
A22: Weighted Average Number of Shares Outstanding, Basic | B22: 44457 | C22: 48046 | D22: 46032 | E22: 47987 | F22: 43541 | G22: 45371 | H22: 45320 | I22: 45917 | J22: 44942 | K22: 44760 | L22: 44457 | M22: 44378 | N22: 44440 | O22: 43770 | P22: 43541 | Q22: =M22*(1+1.15%) -> 44888.347
A23: Weighted Average Number of Shares Outstanding, Diluted | B23: 44530 | C23: 48384 | D23: 46390 | E23: 47648 | F23: 43632 | G23: 45755 | H23: 45792 | I23: 45446 | J23: 45430 | K23: 45154 | L23: 44530 | M23: 45176 | N23: 44508 | O23: 43824 | P23: 43632 | Q23: =M23*(1+1.15%) -> 45695.524

Sheet Bal. Sheet
A1: Balance Sheet
A2: Consolidated Balance Sheets - USD ($) $ in Thousands | B2: 2018 | C2: 2019 | D2: 2020 | E2: 2021 | F2: 2022 | G2: 2023 | H2: 2024 | I2: 2025E | J2: 2026E | K2: 2027E | L2: 2028E | M2: 2029E | N2: 2030E | O2: 2031E
A3: Assets
A4: Cash and cash equivalents | B4: 41755 | C4: 37685 | D4: 33635 | E4: 93554 | F4: 93270 | G4: 199459 | H4: 159696 | I4: ='Cash Flow Stmt.'!I47 -> 242395.25 | J4: ='Cash Flow Stmt.'!J47 -> 282088.05 | K4: ='Cash Flow Stmt.'!K47 -> 198776.52 | L4: ='Cash Flow Stmt.'!L47 -> 140449.94 | M4: ='Cash Flow Stmt.'!M47 -> 155880.79 | N4: ='Cash Flow Stmt.'!N47 -> 122644.33 | O4: ='Cash Flow Stmt.'!O47 -> 233308.3
A5: Accounts receivable | B5: 4842 | C5: 4720 | D5: 5224 | E5: 6871 | F5: 5288 | G5: 10632 | H5: 13858 | I5: ='Inc. Stmt.'!I5*'Common Bal. Sheet'!B5 -> 11832.574 | J5: ='Inc. Stmt.'!J5*'Common Bal. Sheet'!C5 -> 16352.805 | K5: ='Inc. Stmt.'!K5*'Common Bal. Sheet'!D5 -> 12790.517 | L5: ='Inc. Stmt.'!L5*'Common Bal. Sheet'!E5 -> 12402.581 | M5: ='Inc. Stmt.'!M5*'Common Bal. Sheet'!F5 -> 12185.962 | N5: ='Inc. Stmt.'!N5*'Common Bal. Sheet'!G5 -> 7951.9585 | O5: ='Inc. Stmt.'!O5*'Common Bal. Sheet'!H5 -> 16856.418
A6: Inventory | B6: 668961 | C6: 753567 | D6: 844635 | E6: 1203743 | F6: 1422680 | G6: 1533223 | H6: 1937732 | I6: 2124247 | J6: =ROUND('Inc. Stmt.'!J8/'Ratio Analysis'!K40,0) -> 2136758 | K6: =ROUND('Inc. Stmt.'!K8/'Ratio Analysis'!L40,0) -> 2307805 | L6: =ROUND('Inc. Stmt.'!L8/'Ratio Analysis'!M40,0) -> 2527881 | M6: =ROUND('Inc. Stmt.'!M8/'Ratio Analysis'!N40,0) -> 2605248 | N6: =ROUND('Inc. Stmt.'!N8/'Ratio Analysis'!O40,0) -> 2748066 | O6: =ROUND('Inc. Stmt.'!O8/'Ratio Analysis'!P40,0) -> 2848745
A7: Earnest money deposits | B7: 16793 | C7: 14686 | D7: 22242 | E7: 26008 | F7: 23910 | G7: 16619 | H7: 13629 | I7: ='Bal. Sheet'!H7*(1+'Common Bal. Sheet'!$B$7) -> 13855.338 | J7: ='Bal. Sheet'!I7*(1+'Common Bal. Sheet'!$B$7) -> 14085.435 | K7: ='Bal. Sheet'!J7*(1+'Common Bal. Sheet'!$B$7) -> 14319.353 | L7: ='Bal. Sheet'!K7*(1+'Common Bal. Sheet'!$B$7) -> 14557.155 | M7: ='Bal. Sheet'!L7*(1+'Common Bal. Sheet'!$B$7) -> 14798.907 | N7: ='Bal. Sheet'!M7*(1+'Common Bal. Sheet'!$B$7) -> 15044.674 | O7: ='Bal. Sheet'!N7*(1+'Common Bal. Sheet'!$B$7) -> 15294.522
A8: Total Current Assets | B8: =SUM(B4:B7) -> 732351 | C8: =SUM(C4:C7) -> 810658 | D8: =SUM(D4:D7) -> 905736 | E8: =SUM(E4:E7) -> 1330176 | F8: =SUM(F4:F7) -> 1545148 | G8: =SUM(G4:G7) -> 1759933 | H8: =SUM(H4:H7) -> 2124915 | I8: =SUM(I4:I7) -> 2392330.2 | ... O8: =SUM(O4:O7) -> 3114204.2
A9: Investments in unconsolidated entities | B9: 20269 | C9: 30294 | D9: 46443 | E9: 55616 | F9: 74224 | G9: 84654 | H9: 60582 | I9: 65000 | J9: 70000 | K9: 75000 | L9: 80000 | M9: 85000 | N9: 90000 | O9: 95000
A10: Right-of-use assets - operating leases | B10: 0 | C10: 3462 | D10: 0 | E10: 4596 | F10: 3458 | G10: 7255 | H10: 7242 | I10: ='Inc. Stmt.'!I5*'Common Bal. Sheet'!$B$10 -> 4876.3939 | J10: ='Inc. Stmt.'!J5*'Common Bal. Sheet'!$B$10 -> 4906.4666 | K10: ='Inc. Stmt.'!K5*'Common Bal. Sheet'!$B$10 -> 4997.4368 | L10: ='Inc. Stmt.'!L5*'Common Bal. Sheet'!$B$10 -> 5397.9714 | M10: ='Inc. Stmt.'!M5*'Common Bal. Sheet'!$B$10 -> 5795.9108 | N10: ='Inc. Stmt.'!N5*'Common Bal. Sheet'!$B$10 -> 6157.6205 | O10: ='Inc. Stmt.'!O5*'Common Bal. Sheet'!$B$10 -> 6565.5901
A11: Property and equipment, net | B11: 4690 | C11: 4309 | D11: 3595 | E11: 2812 | F11: 2919 | G11: 7054 | H11: 6551 | I11: =H11+-'Cash Flow Stmt.'!I27-'Cash Flow Stmt.'!I5 -> 7910.1324 | J11: =I11+-'Cash Flow Stmt.'!J27-'Cash Flow Stmt.'!J5 -> 9277.6466 | K11: =J11+-'Cash Flow Stmt.'!K27-'Cash Flow Stmt.'!K5 -> 10670.516 | L11: =K11+-'Cash Flow Stmt.'!L27-'Cash Flow Stmt.'!L5 -> 12175.021 | M11: =L11+-'Cash Flow Stmt.'!M27-'Cash Flow Stmt.'!M5 -> 13790.438 | N11: =M11+-'Cash Flow Stmt.'!N27-'Cash Flow Stmt.'!N5 -> 15506.669 | O11: =N11+-'Cash Flow Stmt.'!O27-'Cash Flow Stmt.'!O5 -> 17336.609
A12: Deferred income tax assets, net | B12: 16499 | C12: 15262 | D12: 15376 | E12: 15741 | F12: 16448 | G12: 15306 | H12: 13984 | I12: =H12*'Common Bal. Sheet'!$B$12+H12 -> 14162.374 | J12: =I12*'Common Bal. Sheet'!$B$12+I12 -> 14343.022 | K12: =J12*'Common Bal. Sheet'!$B$12+J12 -> 14525.975 | L12: =K12*'Common Bal. Sheet'!$B$12+K12 -> 14711.262 | M12: =L12*'Common Bal. Sheet'!$B$12+L12 -> 14898.912 | N12: =M12*'Common Bal. Sheet'!$B$12+M12 -> 15088.956 | O12: =N12*'Common Bal. Sheet'!$B$12+N12 -> 15281.424
A13: Intangible assets, net | B13: 856 | C13: 707 | D13: 622 | E13: 537 | F13: 452 | G13: 367 | H13: 282 | I13: =H13-85 -> 197 | J13: =I13-85 -> 112 | K13: =J13-85 -> 27 | L13: 0 | M13: 0 | N13: 0 | O13: 0
A14: Goodwill | B14: 680 | C14: 680 | D14: 680 | E14: 680 | F14: 680 | G14: 680 | H14: 680 | I14: =H14 -> 680 | J14: =I14 -> 680 | K14: =J14 -> 680 | L14: =K14 -> 680 | M14: =L14 -> 680 | N14: =M14 -> 680 | O14: =N14 -> 680
A15: Other assets | B15: 8681 | C15: 10167 | D15: 13857 | E15: 11709 | F15: 12346 | G15: 27583 | H15: 35758 | I15: ='Inc. Stmt.'!I5*'Common Bal. Sheet'!$B$15 -> 24754.405 | J15: ='Inc. Stmt.'!J5*'Common Bal. Sheet'!$B$15 -> 24907.065 | K15: ='Inc. Stmt.'!K5*'Common Bal. Sheet'!$B$15 -> 25368.864 | L15: ='Inc. Stmt.'!L5*'Common Bal. Sheet'!$B$15 -> 27402.128 | M15: ='Inc. Stmt.'!M5*'Common Bal. Sheet'!$B$15 -> 29422.218 | N15: ='Inc. Stmt.'!N5*'Common Bal. Sheet'!$B$15 -> 31258.392 | O15: ='Inc. Stmt.'!O5*'Common Bal. Sheet'!$B$15 -> 33329.399
A16: Total assets | B16: 784026 | C16: 875539 | D16: 988847 | E16: 1421867 | F16: 1655675 | G16: 1902832 | H16: 2249994 | I16: =SUM(I8:I15) -> 2509910.5 | J16: =SUM(J8:J15) -> 2573510.5 | K16: =SUM(K8:K15) -> 2664961.2 | L16: =SUM(L8:L15) -> 2835657.1 | M16: =SUM(M8:M15) -> 2937701.1 | N16: =SUM(N8:N15) -> 3052398.6 | O16: =SUM(O8:O15) -> 3282397.3
A17: Liabilities and stockholders’ equity
A18: Accounts payable | B18: 26091 | C18: 30044 | D18: 24521 | E18: 45682 | F18: 51804 | G18: 54321 | H18: 59746 | I18: ='Inc. Stmt.'!I8*'random calculations'!$E$20 -> 61545.207 | J18: ='Inc. Stmt.'!J8*'random calculations'!$E$20 -> 63373.287 | K18: ='Inc. Stmt.'!K8*'random calculations'!$E$20 -> 65470.403 | L18: ='Inc. Stmt.'!L8*'random calculations'!$E$20 -> 71713.749 | M18: ='Inc. Stmt.'!M8*'random calculations'!$E$20 -> 77827.988 | N18: ='Inc. Stmt.'!N8*'random calculations'!$E$20 -> 82685.057 | O18: ='Inc. Stmt.'!O8*'random calculations'!$E$20 -> 88163.308
A19: Accrued expenses | B19: 29201 | C19: 24656 | D19: 40416 | E19: 61351 | F19: 91281 | G19: 96457 | H19: 110068 | I19: ='Inc. Stmt.'!I10*'random calculations'!$B$25 -> 109933.05 | J19: ='Inc. Stmt.'!J10*'random calculations'!$B$25 -> 98857.946 | K19: ='Inc. Stmt.'!K10*'random calculations'!$B$25 -> 97334.498 | L19: ='Inc. Stmt.'!L10*'random calculations'!$B$25 -> 101510.3 | M19: ='Inc. Stmt.'!M10*'random calculations'!$B$25 -> 105770.69 | N19: ='Inc. Stmt.'!N10*'random calculations'!$B$25 -> 112371.6 | O19: ='Inc. Stmt.'!O10*'random calculations'!$B$25 -> 119816.72
A20: Customer and builder deposits | B20: 31978 | C20: 23954 | D20: 38131 | E20: 64610 | F20: 29112 | G20: 43148 | H20: 37068 | I20: ='Inc. Stmt.'!I5*'Common Bal. Sheet'!$B$20 -> 67330.422 | J20: ='Inc. Stmt.'!J5*'Common Bal. Sheet'!$B$20 -> 67745.648 | K20: ='Inc. Stmt.'!K5*'Common Bal. Sheet'!$B$20 -> 69001.712 | L20: ='Inc. Stmt.'!L5*'Common Bal. Sheet'!$B$20 -> 74532.061 | M20: ='Inc. Stmt.'!M5*'Common Bal. Sheet'!$B$20 -> 80026.578 | N20: ='Inc. Stmt.'!N5*'Common Bal. Sheet'!$B$20 -> 85020.855 | O20: ='Inc. Stmt.'!O5*'Common Bal. Sheet'!$B$20 -> 90653.864
A21: Lease liabilities - operating leases | B21: 0 | C21: 3564 | D21: 2591 | E21: 4745 | F21: 3582 | G21: 7898 | H21: 8343 | I21: =H21*1.05 -> 8760.15 | J21: =I21*1.05 -> 9198.1575 | K21: =J21*1.05 -> 9658.0654 | L21: =K21*1.05 -> 10140.969 | M21: =L21*1.05 -> 10648.017 | N21: =M21*1.05 -> 11180.418 | O21: =N21*1.05 -> 11739.439
A22: Borrowings on lines of credit, net | B22: 200386 | C22: 164642 | D22: 106687 | E22: 738 | F22: 17395 | G22: -2328 | H22: 22645 | I22: ='Q Bal. Sheet'!Q24 -> 63474.66 | J22: ='Inc. Stmt.'!J5*2% -> 42124.651 | K22: ='Inc. Stmt.'!K5*2% -> 42905.679 | L22: ='Inc. Stmt.'!L5*2% -> 46344.484 | M22: ='Inc. Stmt.'!M5*2% -> 49761.007 | N22: ='Inc. Stmt.'!N5*2% -> 52866.479 | O22: ='Inc. Stmt.'!O5*2% -> 56369.117
A23: Notes payable | B23: 0 | C23: 0 | D23: 2125 | E23: 210 | F23: 14622 | G23: 12981 | H23: 14871 | I23: =H23+'Cash Flow Stmt.'!I33 -> 12421 | J23: =I23+'Cash Flow Stmt.'!J33 -> 12550 | K23: =J23+'Cash Flow Stmt.'!K33 -> -2261 | L23: =K23+'Cash Flow Stmt.'!L33 -> 11739 | M23: =L23+'Cash Flow Stmt.'!M33 -> 11739 | N23: =M23+'Cash Flow Stmt.'!N33 -> 11739 | O23: =N23+'Cash Flow Stmt.'!O33 -> 11739
A24: Total Current Liabilties | B24: =SUM(B18:B23) -> 287656 | C24: =SUM(C18:C23) -> 246860 | D24: =SUM(D18:D23) -> 214471 | E24: =SUM(E18:E23) -> 177336 | F24: =SUM(F18:F23) -> 207796 | G24: =SUM(G18:G23) -> 212477 | H24: =SUM(H18:H23) -> 252741 | I24: =SUM(I23,I18:I22) -> 323464.49 | J24: =SUM(J23,J18:J22) -> 293849.69 | K24: =SUM(K23,K18:K22) -> 282109.36 | L24: =SUM(L23,L18:L22) -> 315980.56 | M24: =SUM(M23,M18:M22) -> 335773.28 | N24: =SUM(N23,N18:N22) -> 355863.41 | O24: =SUM(O23,O18:O22) -> 378481.45
A25: Senior Notes | B25: 0 | C25: 73406 | D25: 111056 | E25: 335446 | F25: 335825 | G25: 336207 | H25: 299090 | I25: =I50 -> 299243.1 | J25: =J50 -> 236894.48 | K25: =K50 -> 199515.58 | L25: =L50 -> 99612.467 | M25: 0 | N25: 0 | O25: 0
A26: Contigent consideration | B26: 2207 | C26: 5267 | D26: 368 | E26: 0 | F26: 0 | G26: 0 | H26: 0 | I26: 0 | J26: 0 | K26: 0 | L26: 0 | M26: 0 | N26: 0 | O26: 0
A27: Total liabilities | B27: 289863 | C27: 325533 | D27: 325895 | E27: 511306 | F27: 543621 | G27: 548684 | H27: 551831 | I27: =SUM(I24:I26) -> 622707.59 | J27: =SUM(J24,I25) -> 593092.79 | K27: =SUM(K24,J25) -> 519003.84 | L27: =SUM(L24,K25) -> 515496.14 | M27: =SUM(M24,L25) -> 435385.75 | N27: =SUM(N24,N25) -> 355863.41 | O27: =SUM(O24,O25) -> 378481.45
A28: Redeemable noncontrolling interest in equity of consolidated subsidiary | B28: 8531 | C28: 13611 | D28: 13543 | E28: 21867 | F28: 29239 | G28: 36135 | H28: 44709 | I28: =H28+'Inc. Stmt.'!H18+'Cash Flow Stmt.'!H41+'Cash Flow Stmt.'!H42 -> 63496 | J28: =I28+'Inc. Stmt.'!I18+'Cash Flow Stmt.'!I41+'Cash Flow Stmt.'!I42 -> 67246.835 | K28: =J28+'Inc. Stmt.'!J18+'Cash Flow Stmt.'!J41+'Cash Flow Stmt.'!J42 -> 81930.329 | L28: =K28+'Inc. Stmt.'!K18+'Cash Flow Stmt.'!K41+'Cash Flow Stmt.'!K42 -> 96886.068 | M28: =L28+'Inc. Stmt.'!L18+'Cash Flow Stmt.'!L41+'Cash Flow Stmt.'!L42 -> 113040.48 | N28: =M28+'Inc. Stmt.'!M18+'Cash Flow Stmt.'!M41+'Cash Flow Stmt.'!M42 -> 130385.8 | O28: =N28+'Inc. Stmt.'!N18+'Cash Flow Stmt.'!N41+'Cash Flow Stmt.'!N42 -> 148813.6
A29: Green Brick Partners, Inc. stockholders’ equity
A30: Preferred stock, $0.01 par value: 5,000,000 shares authorized | B30: 0 | C30: 0 | D30: 0 | E30: 47696 | F30: 47696 | G30: 47603 | H30: 47603 | I30: 47603 | J30: 47603 | K30: 47603 | L30: 47603 | M30: 47603 | N30: 47603 | O30: 47603
A31: Common shares, $0.01 par value: 100,000,000 shares authorized; | B31: 507 | C31: 509 | D31: 511 | E31: 512 | F31: 460 | G31: 450 | H31: 444 | I31: 444 | J31: 444 | K31: 443 | L31: 443 | M31: 442 | N31: 442 | O31: 441
A32: Treasury stock at cost, 136,756 shares | B32: -981 | C32: -3167 | D32: 3167 | E32: 3167 | F32: 0 | G32: 0 | H32: 0 | I32: 0 | J32: 0 | K32: 0 | L32: 0 | M32: 0 | N32: 0 | O32: 0
A33: Additional paid-in capital | B33: 291299 | C33: 290799 | D33: 293242 | E33: 289641 | F33: 259410 | G33: 255614 | H33: 244653 | I33: ='Q Bal. Sheet'!Q34 -> 248486.1 | J33: =I33 -> 248486.1 | K33: =J33+2 -> 248488.1 | L33: =K33-1 -> 248487.1 | M33: =L33+1 -> 248488.1 | N33: =M33 -> 248488.1 | O33: =N33+1 -> 248489.1
A34: Retained earnings | B34: 177526 | C34: 235027 | D34: 349656 | E34: 539866 | F34: 754341 | G34: 997037 | H34: 1332714 | I34: =H34+'Inc. Stmt.'!I17+'Cash Flow Stmt.'!I39+'Cash Flow Stmt.'!I38 -> 1490608.5 | J34: =I34+'Inc. Stmt.'!J17+'Cash Flow Stmt.'!J39+'Cash Flow Stmt.'!J38 -> 1659169.9 | K34: =J34+'Inc. Stmt.'!K17+'Cash Flow Stmt.'!K39+'Cash Flow Stmt.'!K38 -> 1825089.4 | L34: =K34+'Inc. Stmt.'!L17+'Cash Flow Stmt.'!L39+'Cash Flow Stmt.'!L38 -> 1998250.4 | M34: =L34+'Inc. Stmt.'!M17+'Cash Flow Stmt.'!M39+'Cash Flow Stmt.'!M38 -> 2179339.5 | N34: =M34+'Inc. Stmt.'!N17+'Cash Flow Stmt.'!N39+'Cash Flow Stmt.'!N38 -> 2371909.4 | O34: =N34+'Inc. Stmt.'!O17+'Cash Flow Stmt.'!O39+'Cash Flow Stmt.'!O38 -> 2577428.3
A35: Total Green Brick Partners, Inc. stockholders’ equity | B35: 468351 | C35: 523168 | D35: 640242 | E35: 874548 | F35: 1061907 | G35: 1300704 | H35: 1625415 | I35: ='Q Bal. Sheet'!Q36 -> 1824909.9 | J35: =SUM(J30:J34) -> 1955703 | K35: =SUM(K30:K34) -> 2121623.5 | L35: =SUM(L30:L34) -> 2294783.5 | M35: =SUM(M30:M34) -> 2475872.6 | N35: =SUM(N30:N34) -> 2668442.5 | O35: =SUM(O30:O34) -> 2873961.4
A36: Noncontrolling interests | B36: 17281 | C36: 13227 | D36: 9167 | E36: 14146 | F36: 20908 | G36: 17309 | H36: 28039 | I36: ='Q Bal. Sheet'!Q37 -> 27787.928 | J36: ='Bal. Sheet'!J19*0.25 -> 24714.486 | K36: ='Bal. Sheet'!K19*0.25 -> 24333.625 | L36: ='Bal. Sheet'!L19*0.25 -> 25377.574 | M36: ='Bal. Sheet'!M19*0.25 -> 26442.673 | N36: ='Bal. Sheet'!N19*0.25 -> 28092.9 | O36: ='Bal. Sheet'!O19*0.25 -> 29954.18
A37: Total stockholders’ equity | B37: 485632 | C37: 536395 | D37: 649409 | E37: 888694 | F37: 1082815 | G37: 1318013 | H37: 1653454 | I37: ='Q Bal. Sheet'!Q38 -> 1852697.8 | J37: =SUM(J35:J36) -> 1980417.5 | K37: =SUM(K35:K36) -> 2145957.1 | L37: =SUM(L35:L36) -> 2320161.1 | M37: =SUM(M35:M36) -> 2502315.3 | N37: =SUM(N35:N36) -> 2696535.4 | O37: =SUM(O35:O36) -> 2903915.6
A38: Total liabilities and stockholders’ equity | B38: 784026 | C38: 875539 | D38: 988847 | E38: 1421867 | F38: 1655675 | G38: 1902832 | H38: 2249994 | I38: ='Q Bal. Sheet'!Q39 -> 2509910.8 | J38: =SUM(J37,J27) -> 2573510.3 | K38: =SUM(K37,K27) -> 2664961 | L38: =SUM(L37,L27) -> 2835657.3 | M38: =SUM(M37,M27) -> 2937701 | N38: =SUM(N37,N27) -> 3052398.8 | O38: =SUM(O37,O27) -> 3282397.1
A43: Debt Schedule 1 — Senior Notes Maturities | B43: 2018 | C43: 2019 | D43: 2020 | E43: 2021 | F43: 2022 | G43: 2023 | H43: 2024 | I43: 2025E | J43: 2026E | K43: 2027E | L43: 2028E
A44: 2026 Notes | H44: 62500 | I44: 62500 | J44: 0 | K44: 0 | L44: 0
A45: 2027 Notes | H45: 37500 | I45: 37500 | J45: 37500 | K45: 0 | L45: 0
A46: 2028 Notes | H46: 100000 | I46: 100000 | J46: 100000 | K46: 100000 | L46: 0
A47: 2029 Notes | H47: 100000 | I47: 100000 | J47: 100000 | K47: 100000 | L47: 100000
A48: Gross Total | H48: =SUM(H44:H47) -> 300000 | I48: =SUM(I44:I47) -> 300000 | J48: =SUM(J44:J47) -> 237500 | K48: =SUM(K44:K47) -> 200000 | L48: =SUM(L44:L47) -> 100000
A49: Debt Issuance Costs | H49: -910 | I49: ='Cash Flow Stmt.'!I32 -> -756.9 | J49: ='Cash Flow Stmt.'!J32 -> -605.52 | K49: ='Cash Flow Stmt.'!K32 -> -484.416 | L49: ='Cash Flow Stmt.'!L32 -> -387.5328
A50: Net Senior Notes | H50: =H48+H49 -> 299090 | I50: =I48+I49 -> 299243.1 | J50: =J48+J49 -> 236894.48 | K50: =K48+K49 -> 199515.58 | L50: =L48+L49 -> 99612.467

Sheet Common Bal. Sheet
A1: Common-Size Balance Sheet
A2: Consolidated Balance Sheets - USD ($) $ in Thousands | B2: Avg 2018–2025E | C2: 2018 | D2: 2019 | E2: 2020 | F2: 2021 | G2: 2022 | H2: 2023 | I2: 2024 | J2: 2025E
A3: Assets
A4: Cash and cash equivalents | B4: =AVERAGE(C4:I4) -> 0.065292702 | C4: ='Bal. Sheet'!B4/'Inc. Stmt.'!$B$5 -> 0.06695294 | D4: ='Bal. Sheet'!C4/'Inc. Stmt.'!$C$5 -> 0.047602506 | E4: ='Bal. Sheet'!D4/'Inc. Stmt.'!$D$5 -> 0.034461349 | F4: ='Bal. Sheet'!E4/'Inc. Stmt.'!$E$5 -> 0.066687291 | G4: ='Bal. Sheet'!F4/'Inc. Stmt.'!$F$5 -> 0.053060855 | H4: ='Bal. Sheet'!G4/'Inc. Stmt.'!$G$5 -> 0.11219997 | I4: ='Bal. Sheet'!H4/'Inc. Stmt.'!$H$5 -> 0.07608401 | J4: ='Bal. Sheet'!I4/'Inc. Stmt.'!$I$5 -> 0.11579448
A5: Accounts receivable | B5: =AVERAGE(C5:I5) -> 0.0056525313 | C5: ='Bal. Sheet'!B5/'Inc. Stmt.'!$B$5 -> 0.0077640075 | D5: ='Bal. Sheet'!C5/'Inc. Stmt.'!$C$5 -> 0.0059621555 | E5: ='Bal. Sheet'!D5/'Inc. Stmt.'!$D$5 -> 0.0053523439 | F5: ='Bal. Sheet'!E5/'Inc. Stmt.'!$E$5 -> 0.0048977957 | G5: ='Bal. Sheet'!F5/'Inc. Stmt.'!$F$5 -> 0.0030083178 | H5: ='Bal. Sheet'!G5/'Inc. Stmt.'!$G$5 -> 0.005980728 | I5: ='Bal. Sheet'!H5/'Inc. Stmt.'!$H$5 -> 0.0066023708 | J5: ='Bal. Sheet'!I5/'Inc. Stmt.'!$I$5 -> 0.0056525313
A6: Inventory | B6: =AVERAGE(C6:I6) -> 0.90614321 | C6: ='Bal. Sheet'!B6/'Inc. Stmt.'!$B$5 -> 1.0726597 | D6: ='Bal. Sheet'!C6/'Inc. Stmt.'!$C$5 -> 0.95188212 | E6: ='Bal. Sheet'!D6/'Inc. Stmt.'!$D$5 -> 0.86538609 | F6: ='Bal. Sheet'!E6/'Inc. Stmt.'!$E$5 -> 0.85805374 | G6: ='Bal. Sheet'!F6/'Inc. Stmt.'!$F$5 -> 0.80935582 | H6: ='Bal. Sheet'!G6/'Inc. Stmt.'!$G$5 -> 0.86247082 | I6: ='Bal. Sheet'!H6/'Inc. Stmt.'!$H$5 -> 0.9231942 | J6: ='Bal. Sheet'!I6/'Inc. Stmt.'!$I$5 -> 1.0147727
A7: Earnest money deposits | B7: =AVERAGE(C7:I7) -> 0.016607083 | C7: ='Bal. Sheet'!B7/'Inc. Stmt.'!$B$5 -> 0.026927092 | D7: ='Bal. Sheet'!C7/'Inc. Stmt.'!$C$5 -> 0.018550893 | E7: ='Bal. Sheet'!D7/'Inc. Stmt.'!$D$5 -> 0.022788444 | F7: ='Bal. Sheet'!E7/'Inc. Stmt.'!$E$5 -> 0.018539058 | G7: ='Bal. Sheet'!F7/'Inc. Stmt.'!$F$5 -> 0.013602284 | H7: ='Bal. Sheet'!G7/'Inc. Stmt.'!$G$5 -> 0.0093485439 | I7: ='Bal. Sheet'!H7/'Inc. Stmt.'!$H$5 -> 0.0064932683 | J7: ='Bal. Sheet'!I7/'Inc. Stmt.'!$I$5 -> 0.0066188245
A8: Total Current Assets | B8: =AVERAGE(C8:I8) -> 0.93057229 | C8: ='Bal. Sheet'!B8/'Bal. Sheet'!B16 -> 0.9340902 | D8: ='Bal. Sheet'!C8/'Bal. Sheet'!C16 -> 0.92589593 | E8: ='Bal. Sheet'!D8/'Bal. Sheet'!D16 -> 0.91595161 | F8: ='Bal. Sheet'!E8/'Bal. Sheet'!E16 -> 0.93551366 | G8: ='Bal. Sheet'!F8/'Bal. Sheet'!F16 -> 0.93324354 | H8: ='Bal. Sheet'!G8/'Bal. Sheet'!G16 -> 0.92490194 | I8: ='Bal. Sheet'!H8/'Bal. Sheet'!H16 -> 0.94440919 | J8: ='Bal. Sheet'!I8/'Bal. Sheet'!$I$16 -> 0.95315359
A9: Investments in unconsolidated entities | B9: =AVERAGE(C9:I9) -> 0.037539762 | C9: ='Bal. Sheet'!B9/'Bal. Sheet'!$B$16 -> 0.025852459 | D9: ='Bal. Sheet'!C9/'Bal. Sheet'!$C$16 -> 0.0346004 | E9: ='Bal. Sheet'!D9/'Bal. Sheet'!$D$16 -> 0.046966821 | F9: ='Bal. Sheet'!E9/'Bal. Sheet'!$E$16 -> 0.03911477 | G9: ='Bal. Sheet'!F9/'Bal. Sheet'!$F$16 -> 0.044830054 | H9: ='Bal. Sheet'!G9/'Bal. Sheet'!$G$16 -> 0.044488426 | I9: ='Bal. Sheet'!H9/'Bal. Sheet'!$H$16 -> 0.026925405 | J9: ='Bal. Sheet'!I9/'Bal. Sheet'!$I$16 -> 0.025897338
A10: Right-of-use assets - operating leases | B10: =AVERAGE(C10:I10) -> 0.002329499 | C10: ='Bal. Sheet'!B10/'Bal. Sheet'!$B$16 -> 0 | D10: ='Bal. Sheet'!C10/'Bal. Sheet'!$C$16 -> 0.0039541357 | E10: ='Bal. Sheet'!D10/'Bal. Sheet'!$D$16 -> 0 | F10: ='Bal. Sheet'!E10/'Bal. Sheet'!$E$16 -> 0.0032323698 | G10: ='Bal. Sheet'!F10/'Bal. Sheet'!$F$16 -> 0.0020885741 | H10: ='Bal. Sheet'!G10/'Bal. Sheet'!$G$16 -> 0.0038127381 | I10: ='Bal. Sheet'!H10/'Bal. Sheet'!$H$16 -> 0.0032186752 | J10: ='Bal. Sheet'!I10/'Bal. Sheet'!$I$16 -> 0.0019428557
A11: Property and equipment, net | B11: =AVERAGE(C11:I11) -> 0.0035569156 | C11: ='Bal. Sheet'!B11/'Bal. Sheet'!$B$16 -> 0.0059819445 | D11: ='Bal. Sheet'!C11/'Bal. Sheet'!$C$16 -> 0.0049215398 | E11: ='Bal. Sheet'!D11/'Bal. Sheet'!$D$16 -> 0.0036355473 | F11: ='Bal. Sheet'!E11/'Bal. Sheet'!$E$16 -> 0.0019776815 | G11: ='Bal. Sheet'!F11/'Bal. Sheet'!$F$16 -> 0.0017630272 | H11: ='Bal. Sheet'!G11/'Bal. Sheet'!$G$16 -> 0.003707106 | I11: ='Bal. Sheet'!H11/'Bal. Sheet'!$H$16 -> 0.0029115633 | J11: ='Bal. Sheet'!I11/'Bal. Sheet'!$I$16 -> 0.0031515596
A12: Deferred income tax assets, net | B12: =AVERAGE(C12:I12) -> 0.012755545 | C12: ='Bal. Sheet'!B12/'Bal. Sheet'!$B$16 -> 0.021043945 | D12: ='Bal. Sheet'!C12/'Bal. Sheet'!$C$16 -> 0.017431548 | E12: ='Bal. Sheet'!D12/'Bal. Sheet'!$D$16 -> 0.015549423 | F12: ='Bal. Sheet'!E12/'Bal. Sheet'!$E$16 -> 0.011070656 | G12: ='Bal. Sheet'!F12/'Bal. Sheet'!$F$16 -> 0.0099343168 | H12: ='Bal. Sheet'!G12/'Bal. Sheet'!$G$16 -> 0.0080438 | I12: ='Bal. Sheet'!H12/'Bal. Sheet'!$H$16 -> 0.0062151277 | J12: ='Bal. Sheet'!I12/'Bal. Sheet'!$I$16 -> 0.0056425812
A13: Intangible assets, net | B13: =AVERAGE(C13:I13) -> 0.00049959936 | C13: ='Bal. Sheet'!B13/'Bal. Sheet'!$B$16 -> 0.0010918005 | D13: ='Bal. Sheet'!C13/'Bal. Sheet'!$C$16 -> 0.00080750258 | E13: ='Bal. Sheet'!D13/'Bal. Sheet'!$D$16 -> 0.00062901541 | F13: ='Bal. Sheet'!E13/'Bal. Sheet'!$E$16 -> 0.00037767245 | G13: ='Bal. Sheet'!F13/'Bal. Sheet'!$F$16 -> 0.00027300044 | H13: ='Bal. Sheet'!G13/'Bal. Sheet'!$G$16 -> 0.00019287042 | I13: ='Bal. Sheet'!H13/'Bal. Sheet'!$H$16 -> 0.00012533367 | J13: ='Bal. Sheet'!I13/'Bal. Sheet'!$I$16 -> 7.8488856e-05
A14: Goodwill | B14: =AVERAGE(C14:I14) -> 0.00055431291 | C14: ='Bal. Sheet'!B14/'Bal. Sheet'!$B$16 -> 0.00086731818 | D14: ='Bal. Sheet'!C14/'Bal. Sheet'!$C$16 -> 0.00077666443 | E14: ='Bal. Sheet'!D14/'Bal. Sheet'!$D$16 -> 0.00068766958 | F14: ='Bal. Sheet'!E14/'Bal. Sheet'!$E$16 -> 0.00047824445 | G14: ='Bal. Sheet'!F14/'Bal. Sheet'!$F$16 -> 0.00041070862 | H14: ='Bal. Sheet'!G14/'Bal. Sheet'!$G$16 -> 0.00035736208 | I14: ='Bal. Sheet'!H14/'Bal. Sheet'!$H$16 -> 0.00030222303 | J14: ='Bal. Sheet'!I14/'Bal. Sheet'!$I$16 -> 0.000270926
A15: Other assets | B15: =AVERAGE(C15:I15) -> 0.011825411 | C15: ='Bal. Sheet'!B15/'Bal. Sheet'!$B$16 -> 0.011072337 | D15: ='Bal. Sheet'!C15/'Bal. Sheet'!$C$16 -> 0.011612275 | E15: ='Bal. Sheet'!D15/'Bal. Sheet'!$D$16 -> 0.01401329 | F15: ='Bal. Sheet'!E15/'Bal. Sheet'!$E$16 -> 0.0082349474 | G15: ='Bal. Sheet'!F15/'Bal. Sheet'!$F$16 -> 0.0074567774 | H15: ='Bal. Sheet'!G15/'Bal. Sheet'!$G$16 -> 0.014495762 | I15: ='Bal. Sheet'!H15/'Bal. Sheet'!$H$16 -> 0.015892487 | J15: ='Bal. Sheet'!I15/'Bal. Sheet'!$I$16 -> 0.0098626647
A16: Total assets | B16: =AVERAGE(C16:I16) -> 1 | C16: ='Bal. Sheet'!B16/'Bal. Sheet'!B16 -> 1 | D16: ='Bal. Sheet'!C16/'Bal. Sheet'!C16 -> 1 | E16: ='Bal. Sheet'!D16/'Bal. Sheet'!D16 -> 1 | F16: ='Bal. Sheet'!E16/'Bal. Sheet'!E16 -> 1 | G16: ='Bal. Sheet'!F16/'Bal. Sheet'!F16 -> 1 | H16: ='Bal. Sheet'!G16/'Bal. Sheet'!G16 -> 1 | I16: ='Bal. Sheet'!H16/'Bal. Sheet'!H16 -> 1 | J16: ='Bal. Sheet'!I16/'Bal. Sheet'!I16 -> 1
A17: Liabilities and stockholders’ equity
A18: Accounts payable | B18: =AVERAGE(C18:I18) -> 0.032280846 | C18: ='Bal. Sheet'!B18/'Inc. Stmt.'!$B$5 -> 0.041836167 | D18: ='Bal. Sheet'!C18/'Inc. Stmt.'!$C$5 -> 0.037950635 | E18: ='Bal. Sheet'!D18/'Inc. Stmt.'!$D$5 -> 0.025123435 | F18: ='Bal. Sheet'!E18/'Inc. Stmt.'!$E$5 -> 0.032563106 | G18: ='Bal. Sheet'!F18/'Inc. Stmt.'!$F$5 -> 0.029471047 | H18: ='Bal. Sheet'!G18/'Inc. Stmt.'!$G$5 -> 0.030556727 | I18: ='Bal. Sheet'!H18/'Inc. Stmt.'!$H$5 -> 0.028464803 | J18: ='Bal. Sheet'!I18/'Inc. Stmt.'!$I$5 -> 0.029400721
A19: Accrued expenses | B19: =AVERAGE(C19:I19) -> 0.04596244 | C19: ='Bal. Sheet'!B19/'Inc. Stmt.'!$B$5 -> 0.046822962 | D19: ='Bal. Sheet'!C19/'Inc. Stmt.'!$C$5 -> 0.031144683 | E19: ='Bal. Sheet'!D19/'Inc. Stmt.'!$D$5 -> 0.041408945 | F19: ='Bal. Sheet'!E19/'Inc. Stmt.'!$E$5 -> 0.043732304 | G19: ='Bal. Sheet'!F19/'Inc. Stmt.'!$F$5 -> 0.051929323 | H19: ='Bal. Sheet'!G19/'Inc. Stmt.'!$G$5 -> 0.054259131 | I19: ='Bal. Sheet'!H19/'Inc. Stmt.'!$H$5 -> 0.052439728 | J19: ='Bal. Sheet'!I19/'Inc. Stmt.'!$I$5 -> 0.052516047
A20: Customer and builder deposits | B20: =AVERAGE(C20:I20) -> 0.032164372 | C20: ='Bal. Sheet'!B20/'Inc. Stmt.'!$B$5 -> 0.051275802 | D20: ='Bal. Sheet'!C20/'Inc. Stmt.'!$C$5 -> 0.030257939 | E20: ='Bal. Sheet'!D20/'Inc. Stmt.'!$D$5 -> 0.039067807 | F20: ='Bal. Sheet'!E20/'Inc. Stmt.'!$E$5 -> 0.046055389 | G20: ='Bal. Sheet'!F20/'Inc. Stmt.'!$F$5 -> 0.016561677 | H20: ='Bal. Sheet'!G20/'Inc. Stmt.'!$G$5 -> 0.024271675 | I20: ='Bal. Sheet'!H20/'Inc. Stmt.'!$H$5 -> 0.017660318 | J20: ='Bal. Sheet'!I20/'Inc. Stmt.'!$I$5 -> 0.032164372
A21: Lease liabilities - operating leases | B21: =AVERAGE(C21:I21) -> 0.0029991944 | C21: ='Bal. Sheet'!B21/'Inc. Stmt.'!$B$5 -> 0 | D21: ='Bal. Sheet'!C21/'Inc. Stmt.'!$C$5 -> 0.0045019326 | E21: ='Bal. Sheet'!D21/'Inc. Stmt.'!$D$5 -> 0.002654656 | F21: ='Bal. Sheet'!E21/'Inc. Stmt.'!$E$5 -> 0.0033823374 | G21: ='Bal. Sheet'!F21/'Inc. Stmt.'!$F$5 -> 0.0020377826 | H21: ='Bal. Sheet'!G21/'Inc. Stmt.'!$G$5 -> 0.0044427944 | I21: ='Bal. Sheet'!H21/'Inc. Stmt.'!$H$5 -> 0.0039748578 | J21: ='Bal. Sheet'!I21/'Inc. Stmt.'!$I$5 -> 0.0041848056
A22: Borrowings on lines of credit, net | B22: =AVERAGE(F22:J22) -> 0.010044729 | C22: ='Bal. Sheet'!B22/'Inc. Stmt.'!$B$5 -> 0.32131318 | D22: ='Bal. Sheet'!C22/'Inc. Stmt.'!$C$5 -> 0.20797059 | E22: ='Bal. Sheet'!D22/'Inc. Stmt.'!$D$5 -> 0.1093081 | F22: ='Bal. Sheet'!E22/'Inc. Stmt.'!$E$5 -> 0.00052606218 | G22: ='Bal. Sheet'!F22/'Inc. Stmt.'!$F$5 -> 0.009895932 | H22: ='Bal. Sheet'!G22/'Inc. Stmt.'!$G$5 -> -0.0013095499 | I22: ='Bal. Sheet'!H22/'Inc. Stmt.'!$H$5 -> 0.010788764 | J22: ='Bal. Sheet'!I22/'Inc. Stmt.'!$I$5 -> 0.030322439
A23: Senior Notes | B23: =AVERAGE(C23:I23) -> 0.13832715 | C23: ='Bal. Sheet'!B25/'Inc. Stmt.'!$B$5 -> 0 | D23: ='Bal. Sheet'!C25/'Inc. Stmt.'!$C$5 -> 0.092724149 | E23: ='Bal. Sheet'!D25/'Inc. Stmt.'!$D$5 -> 0.11378444 | F23: ='Bal. Sheet'!E25/'Inc. Stmt.'!$E$5 -> 0.23911308 | G23: ='Bal. Sheet'!F25/'Inc. Stmt.'!$F$5 -> 0.19104923 | H23: ='Bal. Sheet'!G25/'Inc. Stmt.'!$G$5 -> 0.18912365 | I23: ='Bal. Sheet'!H25/'Inc. Stmt.'!$H$5 -> 0.14249553 | J23: ='Bal. Sheet'!I25/'Inc. Stmt.'!I$5 -> 0.14295123
A24: Notes payable | B24: =AVERAGE(C24:I24) -> 0.003576053 | C24: ='Bal. Sheet'!B23/'Inc. Stmt.'!$B$5 -> 0 | D24: ='Bal. Sheet'!C23/'Inc. Stmt.'!$C$5 -> 0 | E24: ='Bal. Sheet'!D23/'Inc. Stmt.'!$D$5 -> 0.0021772073 | F24: ='Bal. Sheet'!E23/'Inc. Stmt.'!$E$5 -> 0.00014969249 | G24: ='Bal. Sheet'!F23/'Inc. Stmt.'!$F$5 -> 0.0083183856 | H24: ='Bal. Sheet'!G23/'Inc. Stmt.'!$G$5 -> 0.0073020909 | I24: ='Bal. Sheet'!H23/'Inc. Stmt.'!$H$5 -> 0.0070849947 | J24: ='Bal. Sheet'!I23/'Inc. Stmt.'!$I$5 -> 0.0059336279
A25: Total Current Liabilities | B25: =AVERAGE(C25:I25) -> 0.19142243 | C25: ='Bal. Sheet'!B24/'Bal. Sheet'!B38 -> 0.366896 | D25: ='Bal. Sheet'!C24/'Bal. Sheet'!C38 -> 0.28195203 | E25: ='Bal. Sheet'!D24/'Bal. Sheet'!D38 -> 0.21688997 | F25: ='Bal. Sheet'!E24/'Bal. Sheet'!E38 -> 0.12472053 | G25: ='Bal. Sheet'!F24/'Bal. Sheet'!F38 -> 0.12550531 | H25: ='Bal. Sheet'!G24/'Bal. Sheet'!G38 -> 0.11166356 | I25: ='Bal. Sheet'!H24/'Bal. Sheet'!H38 -> 0.11232963 | J25: ='Bal. Sheet'!I24/'Bal. Sheet'!I38 -> 0.12887489
A26: Contingent consideration | B26: =AVERAGE(C26:I26) -> 0.0013146902 | C26: ='Bal. Sheet'!B26/'Bal. Sheet'!B$38 -> 0.0028149577 | D26: ='Bal. Sheet'!C26/'Bal. Sheet'!C$38 -> 0.0060157229 | E26: ='Bal. Sheet'!D26/'Bal. Sheet'!D$38 -> 0.0003721506 | F26: ='Bal. Sheet'!E26/'Bal. Sheet'!E$38 -> 0 | G26: ='Bal. Sheet'!F26/'Bal. Sheet'!F$38 -> 0 | H26: ='Bal. Sheet'!G26/'Bal. Sheet'!G$38 -> 0 | I26: ='Bal. Sheet'!H26/'Bal. Sheet'!H$38 -> 0 | J26: ='Bal. Sheet'!I26/'Bal. Sheet'!I$38 -> 0
A27: Total liabilities | B27: =AVERAGE(C27:I27) -> 0.32752004 | C27: ='Bal. Sheet'!B27/'Bal. Sheet'!B38 -> 0.36971095 | D27: ='Bal. Sheet'!C27/'Bal. Sheet'!C38 -> 0.37180868 | E27: ='Bal. Sheet'!D27/'Bal. Sheet'!D38 -> 0.3295707 | F27: ='Bal. Sheet'!E27/'Bal. Sheet'!E38 -> 0.35960185 | G27: ='Bal. Sheet'!F27/'Bal. Sheet'!F38 -> 0.32833799 | H27: ='Bal. Sheet'!G27/'Bal. Sheet'!G38 -> 0.28835126 | I27: ='Bal. Sheet'!H27/'Bal. Sheet'!H38 -> 0.24525888 | J27: ='Bal. Sheet'!I27/'Bal. Sheet'!I38 -> 0.24809949
A28: Redeemable noncontrolling interest in equity of consolidated subsidiary | B28: =AVERAGE(C28:I28) -> 0.016003199 | C28: ='Bal. Sheet'!B28/'Bal. Sheet'!B38 -> 0.010881017 | D28: ='Bal. Sheet'!C28/'Bal. Sheet'!C38 -> 0.015545852 | E28: ='Bal. Sheet'!D28/'Bal. Sheet'!D38 -> 0.013695749 | F28: ='Bal. Sheet'!E28/'Bal. Sheet'!E38 -> 0.015379076 | G28: ='Bal. Sheet'!F28/'Bal. Sheet'!F38 -> 0.017659867 | H28: ='Bal. Sheet'!G28/'Bal. Sheet'!G38 -> 0.018990116 | I28: ='Bal. Sheet'!H28/'Bal. Sheet'!H38 -> 0.01987072 | J28: ='Bal. Sheet'!I28/'Bal. Sheet'!I38 -> 0.02529811
A29: Green Brick Partners, Inc. stockholders’ equity
A30: Common shares, $0.01 par value: 100,000,000 shares authorized; | B30: =AVERAGE(C30:I30) -> 0.00040236108 | C30: ='Bal. Sheet'!B31/'Bal. Sheet'!$B$38 -> 0.00064666223 | D30: ='Bal. Sheet'!C31/'Bal. Sheet'!$C$38 -> 0.00058135617 | E30: ='Bal. Sheet'!D31/'Bal. Sheet'!$D$38 -> 0.00051676346 | F30: ='Bal. Sheet'!E31/'Bal. Sheet'!$E$38 -> 0.00036008994 | G30: ='Bal. Sheet'!F31/'Bal. Sheet'!$F$38 -> 0.0002778323 | H30: ='Bal. Sheet'!G31/'Bal. Sheet'!$G$38 -> 0.00023648961 | I30: ='Bal. Sheet'!H31/'Bal. Sheet'!$H$38 -> 0.00019733386 | J30: ='Bal. Sheet'!I31/'Bal. Sheet'!$I$38 -> 0.00017689872
A31: Treasury stock at cost, 136,756 shares | B31: =AVERAGE(C31:I31) -> 8.0234105e-05 | C31: ='Bal. Sheet'!B32/'Bal. Sheet'!$B$38 -> -0.001251234 | D31: ='Bal. Sheet'!C32/'Bal. Sheet'!$C$38 -> -0.0036172004 | E31: ='Bal. Sheet'!D32/'Bal. Sheet'!$D$38 -> 0.0032027199 | F31: ='Bal. Sheet'!E32/'Bal. Sheet'!$E$38 -> 0.0022273532 | G31: ='Bal. Sheet'!F32/'Bal. Sheet'!$F$38 -> 0 | H31: ='Bal. Sheet'!G32/'Bal. Sheet'!$G$38 -> 0 | I31: ='Bal. Sheet'!H32/'Bal. Sheet'!H$38 -> 0 | J31: ='Bal. Sheet'!I32/'Bal. Sheet'!$I$38 -> 0
A32: Additional paid-in capital | B32: =AVERAGE(C32:I32) -> 0.22909735 | C32: ='Bal. Sheet'!B33/'Bal. Sheet'!$B$38 -> 0.37154253 | D32: ='Bal. Sheet'!C33/'Bal. Sheet'!$C$38 -> 0.33213712 | E32: ='Bal. Sheet'!D33/'Bal. Sheet'!$D$38 -> 0.29654942 | F32: ='Bal. Sheet'!E33/'Bal. Sheet'!$E$38 -> 0.20370471 | G32: ='Bal. Sheet'!F33/'Bal. Sheet'!$F$38 -> 0.1566793 | H32: ='Bal. Sheet'!G33/'Bal. Sheet'!$G$38 -> 0.13433346 | I32: ='Bal. Sheet'!H33/'Bal. Sheet'!$H$38 -> 0.10873496 | J32: ='Bal. Sheet'!I33/'Bal. Sheet'!$I$38 -> 0.099001965
A33: Retained earnings | B33: =AVERAGE(C33:I33) -> 0.40000815 | C33: ='Bal. Sheet'!B34/'Bal. Sheet'!$B$38 -> 0.22642872 | D33: ='Bal. Sheet'!C34/'Bal. Sheet'!$C$38 -> 0.26843693 | E33: ='Bal. Sheet'!D34/'Bal. Sheet'!$D$38 -> 0.3535997 | F33: ='Bal. Sheet'!E34/'Bal. Sheet'!$E$38 -> 0.37968811 | G33: ='Bal. Sheet'!F34/'Bal. Sheet'!$F$38 -> 0.45560934 | H33: ='Bal. Sheet'!G34/'Bal. Sheet'!$G$38 -> 0.52397532 | I33: ='Bal. Sheet'!H34/'Bal. Sheet'!$H$38 -> 0.59231891 | J33: ='Bal. Sheet'!I34/'Bal. Sheet'!$I$38 -> 0.59388905
A34: Total Green Brick Partners, Inc. stockholders’ equity | B34: =AVERAGE(C34:I34) -> 0.64354044 | C34: ='Bal. Sheet'!B35/'Bal. Sheet'!$B$38 -> 0.59736667 | D34: ='Bal. Sheet'!C35/'Bal. Sheet'!$C$38 -> 0.5975382 | E34: ='Bal. Sheet'!D35/'Bal. Sheet'!$D$38 -> 0.64746316 | F34: ='Bal. Sheet'!E35/'Bal. Sheet'!$E$38 -> 0.61507019 | G34: ='Bal. Sheet'!F35/'Bal. Sheet'!$F$38 -> 0.64137406 | H34: ='Bal. Sheet'!G35/'Bal. Sheet'!$G$38 -> 0.68356219 | I34: ='Bal. Sheet'!H35/'Bal. Sheet'!$H$38 -> 0.72240859 | J34: ='Bal. Sheet'!I35/'Bal. Sheet'!$I$38 -> 0.72708156
A35: Noncontrolling interests | B35: =AVERAGE(C35:I35) -> 0.012936321 | C35: ='Bal. Sheet'!B36/'Bal. Sheet'!$B$38 -> 0.022041361 | D35: ='Bal. Sheet'!C36/'Bal. Sheet'!$C$38 -> 0.015107265 | E35: ='Bal. Sheet'!D36/'Bal. Sheet'!$D$38 -> 0.0092703927 | F35: ='Bal. Sheet'!E36/'Bal. Sheet'!$E$38 -> 0.0099488911 | G35: ='Bal. Sheet'!F36/'Bal. Sheet'!$F$38 -> 0.012628082 | H35: ='Bal. Sheet'!G36/'Bal. Sheet'!$G$38 -> 0.0090964415 | I35: ='Bal. Sheet'!H36/'Bal. Sheet'!$H$38 -> 0.012461811 | J35: ='Bal. Sheet'!I36/'Bal. Sheet'!$I$38 -> 0.011071281
A36: Total stockholders’ equity | B36: =AVERAGE(C36:I36) -> 0.65647676 | C36: ='Bal. Sheet'!B37/'Bal. Sheet'!$B$38 -> 0.61940803 | D36: ='Bal. Sheet'!C37/'Bal. Sheet'!$C$38 -> 0.61264547 | E36: ='Bal. Sheet'!D37/'Bal. Sheet'!$D$38 -> 0.65673355 | F36: ='Bal. Sheet'!E37/'Bal. Sheet'!$E$38 -> 0.62501908 | G36: ='Bal. Sheet'!F37/'Bal. Sheet'!$F$38 -> 0.65400214 | H36: ='Bal. Sheet'!G37/'Bal. Sheet'!$G$38 -> 0.69265863 | I36: ='Bal. Sheet'!H37/'Bal. Sheet'!$H$38 -> 0.7348704 | J36: ='Bal. Sheet'!I37/'Bal. Sheet'!$I$38 -> 0.73815284
A37: Total liabilities and stockholders’ equity | B37: =AVERAGE(C37:I37) -> 1 | C37: ='Bal. Sheet'!B38/'Bal. Sheet'!B38 -> 1 | D37: ='Bal. Sheet'!C38/'Bal. Sheet'!C38 -> 1 | E37: ='Bal. Sheet'!D38/'Bal. Sheet'!D38 -> 1 | F37: ='Bal. Sheet'!E38/'Bal. Sheet'!E38 -> 1 | G37: ='Bal. Sheet'!F38/'Bal. Sheet'!F38 -> 1 | H37: ='Bal. Sheet'!G38/'Bal. Sheet'!G38 -> 1 | I37: ='Bal. Sheet'!H38/'Bal. Sheet'!H38 -> 1 | J37: ='Bal. Sheet'!I38/'Bal. Sheet'!I38 -> 1

Sheet Q Bal. Sheet
A1: Quarterly Balance Sheet
A2: Consolidated Balance Sheets - USD ($) $ in Thousands | B2: 1Q22 | C2: 2Q22 | D2: 3Q22 | E2: 4Q22 | F2: 1Q23 | G2: 2Q23 | H2: 3Q23 | I2: 4Q23 | J2: 1Q24 | K2: 2Q24 | L2: 3Q24 | M2: 4Q24 | N2: 1Q25 | O2: 2Q25 | P2: 3Q25 | Q2: 4Q25E
A3: Assets
A4: Cash and cash equivalents | B4: 66083 | C4: 66765 | D4: 48203 | E4: 76588 | F4: 177271 | G4: 209595 | H4: 223453 | I4: 179756 | J4: 185897 | K4: 133294 | L4: 80069 | M4: 141543 | N4: 103003 | O4: 112459 | P4: 142426 | Q4: =P4*(1+1.15%) -> 144063.9
A5: Restricted cash | B5: 14152 | C5: 22889 | D5: 18739 | E5: 16682 | F5: 18416 | G5: 21607 | H5: 22708 | I5: 19703 | J5: 24611 | K5: 24882 | L5: 24579 | M5: 18153 | N5: 31853 | O5: 33334 | P5: 33018 | Q5: =P5*(1+1.15%) -> 33397.707
A6: Accounts receivable | B6: 7050 | C6: 6828 | D6: 7239 | E6: 5288 | F6: 7256 | G6: 7057 | H6: 9955 | I6: 10632 | J6: 8630 | K6: 14703 | L6: 11329 | M6: 13858 | N6: 12596 | O6: 41997 | P6: 40263 | Q6: =P6*(1+1.15%) -> 40726.024
A7: Inventory | B7: 1327509 | C7: 1369200 | D7: 1453056 | E7: 1422680 | F7: 1373014 | G7: 1404398 | H7: 1462264 | I7: 1533223 | J7: 1655494 | K7: 1792056 | L7: 1918046 | M7: 1937732 | N7: 1986525 | O7: 1976911 | P7: 2100095 | Q7: =P7*(1+1.15%) -> 2124246.1
A8: Investments in Unconsolidated Entities | B8: 58127 | C8: 64077 | D8: 69250 | E8: 74224 | F8: 77059 | G8: 81800 | H8: 80210 | I8: 84654 | J8: 34701 | K8: 36557 | L8: 59356 | M8: 60582 | N8: 72303 | Q8: =P8*(1+1.15%) -> 0
A9: Earnest money deposits | B9: 24744 | C9: 24702 | D9: 25203 | E9: 23910 | F9: 19530 | G9: 16136 | H9: 18212 | I9: 16619 | J9: 16464 | K9: 14529 | L9: 13869 | M9: 13629 | N9: 17045 | O9: 15407 | P9: 13736 | Q9: =P9*(1+1.15%) -> 13893.964
A10: Total Current Assets | B10: =SUM(B4:B9) -> 1497665 | C10: =SUM(C4:C9) -> 1554461 | D10: =SUM(D4:D9) -> 1621690 | E10: =SUM(E4:E9) -> 1619372 | F10: =SUM(F4:F9) -> 1672546 | G10: =SUM(G4:G9) -> 1740593 | H10: =SUM(H4:H9) -> 1816802 | I10: =SUM(I4:I9) -> 1844587 | ... P10: =SUM(P4:P9) -> 2329538 | Q10: =P10*(1+1.15%) -> 2356327.7
A11: Investment in direct financing leases | O11: 82342 | P11: 85386
A12: Right-of-use assets - operating leases | B12: 4215 | C12: 4213 | D12: 3800 | E12: 3458 | F12: 3076 | G12: 2689 | H12: 7877 | I12: 7255 | J12: 6997 | K12: 7825 | L12: 7535 | M12: 7242 | N12: 6944 | O12: 6826 | P12: 7837 | Q12: =P12*(1+1.15%) -> 7927.1255
A13: Property and equipment, net | B13: 2617 | C13: 2761 | D13: 2894 | E13: 2919 | F13: 3913 | G13: 4375 | H13: 5402 | I13: 7054 | J13: 6826 | K13: 6975 | L13: 6901 | M13: 6551 | N13: 5888 | O13: 5515 | P13: 5872 | Q13: =P13*(1+1.15%) -> 5939.528
A14: Deferred income tax assets, net | B14: 15741 | C14: 15741 | D14: 15741 | E14: 16448 | F14: 16448 | G14: 16448 | H14: 16448 | I14: 15306 | J14: 15306 | K14: 15306 | L14: 15307 | M14: 13984 | N14: 13984 | O14: 13984 | P14: 13984 | Q14: =P14*(1+1.15%) -> 14144.816
A15: Intangible assets, net | B15: 516 | C15: 494 | D15: 473 | E15: 452 | F15: 429 | G15: 409 | H15: 388 | I15: 367 | J15: 345 | K15: 324 | L15: 303 | M15: 282 | N15: 261 | O15: 239 | P15: 218 | Q15: =P15*(1+1.15%) -> 220.507
A16: Goodwill | B16: 680 | C16: 680 | D16: 680 | E16: 680 | F16: 680 | G16: 680 | H16: 680 | I16: 680 | J16: 680 | K16: 680 | L16: 680 | M16: 680 | N16: 680 | O16: 680 | P16: 680 | Q16: =P16*(1+1.15%) -> 687.82
A17: Other assets | B17: 7223 | C17: 9924 | D17: 12457 | E17: 12346 | F17: 9364 | G17: 11379 | H17: 19049 | I17: 27583 | J17: 20623 | K17: 17271 | L17: 34096 | M17: 35758 | N17: 22185 | O17: 25575 | P17: 37860 | Q17: =P17*(1+1.15%) -> 38295.39
A18: Total assets | B18: =SUM(B10:B17) -> 1528657 | C18: =SUM(C10:C17) -> 1588274 | D18: =SUM(D10:D17) -> 1657735 | E18: 1655675 | F18: 1706456 | G18: 1776573 | H18: =SUM(H10:H17) -> 1866646 | I18: =SUM(I10:I17) -> 1902832 | J18: =SUM(J10:J17) -> 1976574 | K18: =SUM(K10:K17) -> 2064402 | L18: =SUM(L10,L12:L17) -> 2172070 | M18: 2249994 | N18: =SUM(N10:N17) -> 2273267 | O18: 2315269 | P18: 2481375 | Q18: =P18*(1+1.15%) -> 2509910.8
A19: Liabilities and stockholders’ equity
A20: Accounts payable | B20: 56899 | C20: 60229 | D20: 60984 | E20: 51804 | F20: 52862 | G20: 57464 | H20: 56565 | I20: 54321 | J20: 53330 | K20: 67978 | L20: 67346 | M20: 59746 | N20: 77744 | O20: 78830 | P20: 91270 | Q20: =P20*(1+1.15%) -> 92319.605
A21: Accrued expenses | B21: 89558 | C21: 95615 | D21: 99425 | E21: 91281 | F21: 108492 | G21: 101464 | H21: 110909 | I21: 96457 | J21: 114218 | K21: 126144 | L21: 165900 | M21: 110068 | N21: 103490 | O21: 102632 | P21: 127523 | Q21: =P21*(1+1.15%) -> 128989.51
A22: Customer and builder deposits | B22: 63618 | C22: 57624 | D22: 43622 | E22: 29112 | F22: 36948 | G22: 43252 | H22: 47239 | I22: 43148 | J22: 54120 | K22: 49316 | L22: 45065 | M22: 37068 | N22: 38517 | O22: 39635 | P22: 35179 | Q22: =P22*(1+1.15%) -> 35583.558
A23: Lease liabilities - operating leases | B23: 4415 | C23: 4362 | D23: 3972 | E23: 3582 | F23: 3187 | G23: 2780 | H23: 7923 | I23: 7898 | J23: 7873 | K23: 8756 | L23: 8600 | M23: 8343 | N23: 8029 | O23: 7935 | P23: 8966 | Q23: =P23*(1+1.15%) -> 9069.109
A24: Borrowings on lines of credit | B24: 19421 | C24: 34662 | D24: 42902 | E24: 17395 | F24: -2453 | G24: -2214 | H24: -1983 | I24: -2328 | J24: -2260 | K24: -1921 | L24: -1718 | M24: 22645 | N24: -1577 | O24: 2183 | P24: 62753 | Q24: =P24*(1+1.15%) -> 63474.66
A25: Senior Notes | B25: 335538 | C25: 335633 | D25: 335729 | E25: 335825 | F25: 335920 | G25: 336016 | H25: 336112 | I25: 336207 | J25: 311303 | K25: 311398 | L25: 298994 | M25: 299090 | N25: 274185 | O25: 274281 | P25: 261877 | Q25: =P25*(1+1.15%) -> 264888.59
A26: Notes payable | B26: 14668 | C26: 14653 | D26: 14638 | E26: 14622 | F26: 14607 | G26: 14591 | H26: 12998 | I26: 12981 | J26: 113 | K26: 95 | M26: 14871 | N26: 14871 | O26: 14871 | P26: 14871 | Q26: 14871
A27: Total Current Liabilities | B27: =SUM(B20:B26) -> 584117 | C27: =SUM(C20:C26) -> 602778 | D27: =SUM(D20:D26) -> 601272 | E27: =SUM(E20:E26) -> 543621 | F27: =SUM(F20:F26) -> 549563 | G27: =SUM(G20:G26) -> 553353 | H27: =SUM(H20:H26) -> 569763 | I27: =SUM(I20:I26) -> 548684 | ... N27: =SUM(N20:N26) -> 515259 | O27: 520367 | P27: =SUM(P20:P26) -> 602439 | Q27: =P27*(1+1.15%) -> 609367.05
A28: Redeemable noncontrolling interest in equity of consolidated subsidiary | B28: 22179 | C28: 22001 | D28: 25660 | E28: 29239 | F28: 30291 | G28: 32995 | H28: 35236 | I28: 36135 | J28: 38186 | K28: 38883 | L28: 42841 | M28: 44709 | N28: 44560 | O28: 45967 | P28: 47302 | Q28: =P28*(1+1.15%) -> 47845.973
A29: Total liabilities | B29: =B27+B28 -> 606296 | C29: =C27+C28 -> 624779 | D29: =D27+D28 -> 626932 | E29: =SUM(E27,E28) -> 572860 | F29: =SUM(F27,F28) -> 579854 | G29: =SUM(G27,G28) -> 586348 | H29: =H27+H28 -> 604999 | I29: =I27+I28 -> 584819 | J29: =J27+J28 -> 576883 | K29: =K27+K28 -> 600649 | L29: =SUM(L27,L28) -> 627028 | M29: =M27+M28 -> 596540 | N29: =N27+N28 -> 559819 | O29: =O27+O28 -> 566334 | P29: =P27+P28 -> 649741 | Q29: =P29*(1+1.15%) -> 657213.02
A30: Green Brick Partners, Inc. stockholders’ equity
A31: Preferred stock, $0.01 par value: 5,000,000 shares authorized | B31: 47696 | C31: 47696 | D31: 47696 | E31: 47696 | F31: 47696 | G31: 47696 | H31: 47603 | I31: 47603 | J31: 47603 | K31: 47603 | L31: 47603 | M31: 47603 | N31: 47603 | O31: 47603 | P31: 47603 | Q31: =P31*(1+1.15%) -> 48150.435
A32: Common shares, $0.01 par value: 100,000,000 shares authorized; | B32: 512 | C32: 513 | D32: 460 | E32: 460 | F32: 462 | G32: 454 | H32: 454 | I32: 450 | J32: 451 | K32: 449 | L32: 445 | N32: 446 | Q32: =P32*(1+1.15%) -> 0
A33: Treasury stock at cost | B33: -28968 | C33: -95479 | F33: -15351 | J33: -3758 | K33: -17192 | M33: 0 | N33: -16919 | P33: 0 | Q33: =P33*(1+1.15%) -> 0
A34: Additional paid-in capital | B34: 292155 | C34: 293336 | D34: 261570 | E34: 259410 | F34: 263545 | G34: 256965 | H34: 256759 | I34: 255614 | J34: 259412 | K34: 246863 | L34: 243199 | M34: 244653 | N34: 252728 | O34: 244006 | P34: 245661 | Q34: =P34*(1+1.15%) -> 248486.1
A35: Retained earnings | B35: 600788 | C35: 701325 | D35: 699514 | E35: 754341 | F35: 817802 | G35: 868962 | H35: 940400 | I35: 997037 | J35: 1079619 | K35: 1161512 | L35: 1229490 | M35: 1332714 | N35: 1407054 | O35: 1433328 | P35: 1510462 | Q35: =P35*(1+1.15%) -> 1527832.3
A36: Total Green Brick Partners, Inc. stockholders’ equity | B36: =SUM(B31:B35) -> 912183 | C36: =SUM(C31:C35) -> 947391 | D36: =SUM(D31:D35) -> 1009240 | E36: =SUM(E31:E35) -> 1061907 | F36: =SUM(F31:F35) -> 1114154 | G36: =SUM(G31:G35) -> 1174077 | H36: =SUM(H31:H35) -> 1245216 | I36: =SUM(I31:I35) -> 1300704 | ... L36: =SUM(L31:L35) -> 1520737 | M36: 1625415 | N36: =SUM(N31:N35) -> 1690912 | O36: 1725373 | P36: 1804162 | Q36: =P36*(1+1.15%) -> 1824909.9
A37: Noncontrolling interests | B37: 10178 | C37: 16104 | D37: 21563 | E37: 20908 | F37: 12448 | G37: 16148 | H37: 16431 | I37: 17309 | J37: 16364 | K37: 24518 | L37: 24305 | M37: 28039 | N37: 22536 | O37: 23562 | P37: 27472 | Q37: =P37*(1+1.15%) -> 27787.928
A38: Total stockholders’ equity | B38: =B36+B37 -> 922361 | C38: =C36+C37 -> 963495 | D38: =D36+D37 -> 1030803 | E38: =SUM(E36:E37) -> 1082815 | F38: =SUM(F36:F37) -> 1126602 | G38: =SUM(G36:G37) -> 1190225 | H38: =H36+H37 -> 1261647 | I38: =I36+I37 -> 1318013 | J38: =J36+J37 -> 1399691 | K38: =SUM(K36,K37) -> 1463753 | L38: =L36+L37 -> 1545042 | M38: 1653454 | N38: 1713448 | O38: 1748935 | P38: 1831634 | Q38: =P38*(1+1.15%) -> 1852697.8
A39: Total liabilities and stockholders’ equity | B39: =B29+B38 -> 1528657 | C39: =C29+C38 -> 1588274 | D39: =D29+D38 -> 1657735 | E39: =SUM(E29,E38) -> 1655675 | F39: =SUM(F29,F38) -> 1706456 | G39: =G29+G38 -> 1776573 | H39: =H29+H38 -> 1866646 | I39: =I29+I38 -> 1902832 | J39: =J38+J29 -> 1976574 | K39: =K29+K38 -> 2064402 | L39: =L29+L38 -> 2172070 | M39: 2249994 | N39: =N29+N38 -> 2273267 | O39: 2315269 | P39: 2481375 | Q39: =P39*(1+1.15%) -> 2509910.8

Sheet Cash Flow Stmt.
A1: Cash Flows
A2: Consolidated Statements of Cash Flows - USD ($) in Thousands | B2: 2018 | C2: 2019 | D2: 2020 | E2: 2021 | F2: 2022 | G2: 2023 | H2: 2024 | I2: 2025E | J2: 2026E | K2: 2027E | L2: 2028E | M2: 2029E | N2: 2030E | O2: 2031E
A3: Net Income | B3: ='Inc. Stmt.'!B17 -> 64535 | C3: ='Inc. Stmt.'!C17 -> 64302 | D3: ='Inc. Stmt.'!D17 -> 117797 | E3: ='Inc. Stmt.'!E17 -> 204381 | F3: ='Inc. Stmt.'!F17 -> 313997 | G3: ='Inc. Stmt.'!G17 -> 306675 | H3: ='Inc. Stmt.'!H17 -> 417155 | I3: ='Inc. Stmt.'!I17 -> 334936.54 | ... O3: ='Inc. Stmt.'!O17 -> 400757.59
A4: Adjustment to reconcile net income to net cash used in operating activities
A5: Depreciation and Amortization Expense | B5: 2943 | C5: 3079 | D5: 3666 | E5: 2744 | F5: 2367 | G5: 3545 | H5: 4879 | I5: ='Inc. Stmt.'!I5*'random calculations'!$E$15 -> 3953.043 | J5: ='Inc. Stmt.'!J5*'random calculations'!$E$15 -> 3977.4213 | K5: ='Inc. Stmt.'!K5*'random calculations'!$E$15 -> 4051.1663 | L5: ='Inc. Stmt.'!L5*'random calculations'!$E$15 -> 4375.8591 | M5: ='Inc. Stmt.'!M5*'random calculations'!$E$15 -> 4698.4482 | N5: ='Inc. Stmt.'!N5*'random calculations'!$E$15 -> 4991.6677 | O5: ='Inc. Stmt.'!O5*'random calculations'!$E$15 -> 5322.3878
A6: Gain (Loss) on Disposition of Property Plant Equipment, Excluding Oil and Gas Property and Timber Property | B6: 0 | C6: 0 | D6: 36 | E6: 150 | F6: -377 | G6: 207 | H6: 74 | I6: 0 | J6: 0 | K6: 0 | L6: 0 | M6: 0 | N6: 0 | O6: 0
A7: Share-based Compensation | B7: 1774 | C7: 2191 | D7: 2097 | E7: 3078 | F7: 3477 | G7: 6753 | H7: 8402 | I7: ='Inc. Stmt.'!I5*'random calculations'!$E$4 -> 6824.04 | J7: ='Inc. Stmt.'!J5*'random calculations'!$E$4 -> 6866.1237 | K7: ='Inc. Stmt.'!K5*'random calculations'!$E$4 -> 6993.4277 | L7: ='Inc. Stmt.'!L5*'random calculations'!$E$4 -> 7553.937 | M7: ='Inc. Stmt.'!M5*'random calculations'!$E$4 -> 8110.8145 | N7: ='Inc. Stmt.'!N5*'random calculations'!$E$4 -> 8616.9921 | O7: ='Inc. Stmt.'!O5*'random calculations'!$E$4 -> 9187.906
A8: Business Combination, Contingent Consideration Arrangements, Change in Amount of Contingent Consideration, Liability | B8: 1693 | C8: 4906 | D8: 368 | E8: 0 | F8: 0 | G8: 0 | H8: 0 | I8: 0 | J8: 0 | K8: 0 | L8: 0 | M8: 0 | N8: 0 | O8: 0
A9: Income (Loss) from Equity Method Investments | B9: -7259 | C9: -9809 | D9: -16654 | E9: -19713 | F9: -25626 | G9: -16742 | H9: -5083 | I9: =-'Inc. Stmt.'!I13 -> -5083 | J9: =-'Inc. Stmt.'!J13 -> -5069.3902 | K9: =-'Inc. Stmt.'!K13 -> -5100.653 | L9: =-'Inc. Stmt.'!L13 -> -5195.2237 | M9: =-'Inc. Stmt.'!M13 -> -5611.6105 | N9: =-'Inc. Stmt.'!N13 -> -6025.2994 | O9: =-'Inc. Stmt.'!O13 -> -6401.3246
A10: Equity method investment, Realized Gain (Loss) on Disposal | B10: 0 | C10: 0 | D10: 0 | E10: 0 | F10: 0 | G10: 0 | H10: -10718 | I10: 0 | J10: 0 | K10: 0 | L10: 0 | M10: 0 | N10: 0
A11: Allowances For Option Deposits And Pre-Acquisition Costs | B11: 663 | C11: 884 | D11: 1513 | E11: 223 | F11: 966 | G11: 64 | H11: 284 | I11: ='Inc. Stmt.'!I5*'random calculations'!$E$6 -> 502.99785 | J11: ='Inc. Stmt.'!J5*'random calculations'!$E$6 -> 506.09983 | K11: ='Inc. Stmt.'!K5*'random calculations'!$E$6 -> 515.48337 | L11: ='Inc. Stmt.'!L5*'random calculations'!$E$6 -> 556.79833 | M11: ='Inc. Stmt.'!M5*'random calculations'!$E$6 -> 597.8456 | N11: ='Inc. Stmt.'!N5*'random calculations'!$E$6 -> 635.15579 | O11: ='Inc. Stmt.'!O5*'random calculations'!$E$6 -> 677.23768
A12: Cash distributions of income from unconsolidated entity | B12: 4623 | C12: 5084 | D12: 10936 | E12: 10548 | F12: 11483 | G12: 11859 | H12: 7670 | I12: =-I9*'random calculations'!$E$9 -> 4516.0579 | J12: =-J9*'random calculations'!$E$9 -> 4503.9661 | K12: =-K9*'random calculations'!$E$9 -> 4531.742 | L12: =-L9*'random calculations'!$E$9 -> 4615.7646 | M12: =-M9*'random calculations'!$E$9 -> 4985.7088 | N12: =-N9*'random calculations'!$E$9 -> 5353.2562 | O12: =-O9*'random calculations'!$E$9 -> 5687.3407
A13: Changes in operating assets and liabilities
A14: Decrease (increase) in accounts receivable | B14: -3029 | C14: 122 | D14: -504 | E14: -1647 | F14: 1583 | G14: -5344 | H14: -3226 | I14: ='Bal. Sheet'!H5-'Bal. Sheet'!I5 -> 2025.4259 | J14: ='Bal. Sheet'!I5-'Bal. Sheet'!J5 -> -4520.2312 | K14: ='Bal. Sheet'!J5-'Bal. Sheet'!K5 -> 3562.2887 | L14: ='Bal. Sheet'!K5-'Bal. Sheet'!L5 -> 387.93594 | M14: ='Bal. Sheet'!L5-'Bal. Sheet'!M5 -> 216.61834 | N14: ='Bal. Sheet'!M5-'Bal. Sheet'!N5 -> 4234.0038 | O14: ='Bal. Sheet'!N5-'Bal. Sheet'!O5 -> -8904.4595
A15: Increase in inventory | B15: -129291 | C15: -83970 | D15: -90345 | E15: -358270 | F15: -217598 | G15: -109243 | H15: -403312 | I15: ='Bal. Sheet'!H6-'Bal. Sheet'!I6 -> -186515 | J15: ='Bal. Sheet'!I6-'Bal. Sheet'!J6 -> -12511 | K15: ='Bal. Sheet'!J6-'Bal. Sheet'!K6 -> -171047 | L15: ='Bal. Sheet'!K6-'Bal. Sheet'!L6 -> -220076 | M15: ='Bal. Sheet'!L6-'Bal. Sheet'!M6 -> -77367 | N15: ='Bal. Sheet'!M6-'Bal. Sheet'!N6 -> -142818 | O15: ='Bal. Sheet'!N6-'Bal. Sheet'!O6 -> -100679
A16: Increase (decrease) in earnest money deposits | B16: 2119 | C16: 2107 | D16: -9069 | E16: -3772 | F16: 2021 | G16: 7290 | H16: 2990 | I16: ='Bal. Sheet'!H7-'Bal. Sheet'!I7 -> -226.33794 | J16: ='Bal. Sheet'!I7-'Bal. Sheet'!J7 -> -230.09675 | K16: ='Bal. Sheet'!J7-'Bal. Sheet'!K7 -> -233.91799 | L16: ='Bal. Sheet'!K7-'Bal. Sheet'!L7 -> -237.80268 | M16: ='Bal. Sheet'!L7-'Bal. Sheet'!M7 -> -241.75189 | N16: ='Bal. Sheet'!M7-'Bal. Sheet'!N7 -> -245.76669 | O16: ='Bal. Sheet'!N7-'Bal. Sheet'!O7 -> -249.84815
A17: (Increase) decrease in other assets | B17: -3404 | C17: -2409 | D17: -3739 | E17: 2054 | F17: -1550 | G17: -14875 | H17: -8002 | I17: ='Bal. Sheet'!H15-'Bal. Sheet'!I15 -> 11003.595 | J17: ='Bal. Sheet'!I15-'Bal. Sheet'!J15 -> -152.65999 | K17: ='Bal. Sheet'!J15-'Bal. Sheet'!K15 -> -461.79918 | L17: ='Bal. Sheet'!K15-'Bal. Sheet'!L15 -> -2033.2637 | M17: ='Bal. Sheet'!L15-'Bal. Sheet'!M15 -> -2020.0897 | N17: ='Bal. Sheet'!M15-'Bal. Sheet'!N15 -> -1836.1739 | O17: ='Bal. Sheet'!N15-'Bal. Sheet'!O15 -> -2071.0071
A18: Increase (decrease) in accounts payable | B18: -483 | C18: 3953 | D18: -5523 | E18: 21161 | F18: 6122 | G18: 2517 | H18: 5426 | I18: ='Bal. Sheet'!I18-'Bal. Sheet'!H18 -> 1799.2067 | J18: ='Bal. Sheet'!J18-'Bal. Sheet'!I18 -> 1828.0805 | K18: ='Bal. Sheet'!K18-'Bal. Sheet'!J18 -> 2097.1155 | L18: ='Bal. Sheet'!L18-'Bal. Sheet'!K18 -> 6243.346 | M18: ='Bal. Sheet'!M18-'Bal. Sheet'!L18 -> 6114.2397 | N18: ='Bal. Sheet'!N18-'Bal. Sheet'!M18 -> 4857.0682 | O18: ='Bal. Sheet'!O18-'Bal. Sheet'!N18 -> 5478.2517
A19: Increase (decrease) in accrued expenses | B19: 9470 | C19: -4384 | D19: 15760 | E19: 20935 | F19: 30017 | G19: 5459 | H19: 14131 | I19: ='Bal. Sheet'!I19-'Bal. Sheet'!H19 -> -134.94744 | J19: ='Bal. Sheet'!J19-'Bal. Sheet'!I19 -> -11075.107 | K19: ='Bal. Sheet'!K19-'Bal. Sheet'!J19 -> -1523.4476 | L19: ='Bal. Sheet'!L19-'Bal. Sheet'!K19 -> 4175.7974 | M19: ='Bal. Sheet'!M19-'Bal. Sheet'!L19 -> 4260.3969 | N19: ='Bal. Sheet'!N19-'Bal. Sheet'!M19 -> 6600.909 | O19: ='Bal. Sheet'!O19-'Bal. Sheet'!N19 -> 7445.117
A20: Payment for Contingent Consideration Liability, Operating Activities | B20: 0 | C20: -1332 | D20: -5267 | E20: -368 | F20: 0 | G20: 0 | H20: 0 | I20: 0 | J20: 0 | K20: 0 | L20: 0 | M20: 0 | N20: 0 | O20: 0
A21: Increase (Decrease) in Contract with Customer, Liability | B21: 1458 | C21: -8024 | D21: 14177 | E21: 26479 | F21: -35498 | G21: 14035 | H21: -6079 | I21: ='Bal. Sheet'!I20-'Bal. Sheet'!H20 -> 30262.422 | J21: ='Bal. Sheet'!J20-'Bal. Sheet'!I20 -> 415.22556 | K21: ='Bal. Sheet'!K20-'Bal. Sheet'!J20 -> 1256.0647 | L21: ='Bal. Sheet'!L20-'Bal. Sheet'!K20 -> 5530.3491 | M21: ='Bal. Sheet'!M20-'Bal. Sheet'!L20 -> 5494.5167 | N21: ='Bal. Sheet'!N20-'Bal. Sheet'!M20 -> 4994.2772 | O21: ='Bal. Sheet'!O20-'Bal. Sheet'!N20 -> 5633.0087
A22: Net cash used in operating activities | B22: =SUM(B3:B21) -> -54188 | C22: =SUM(C3:C21) -> -23300 | D22: =SUM(D3:D21) -> 35249 | E22: =SUM(E3:E21) -> -92017 | F22: =SUM(F3:F21) -> 91384 | G22: =SUM(G3:G21) -> 212200 | H22: =SUM(H3:H21) -> 24591 | I22: =SUM(I3:I21) -> 203864.04 | ... O22: =SUM(O3:O21) -> 321883.2
A23: Payments to Acquire Businesses, Net of Cash Acquired | B23: -26861 | C23: 0 | D23: 0 | E23: 0 | F23: 0 | G23: 0 | H23: 0 | I23: 0 | J23: 0 | K23: 0 | L23: 0 | M23: 0 | N23: 0
A24: Cash flows from investing activities
A25: Proceeds from sale of investment in unconsolidated entity | B25: 0 | C25: 0 | D25: 0 | E25: 0 | F25: 0 | G25: 0 | H25: 63960 | I25: 0 | J25: 0 | K25: 0 | L25: 0 | M25: 0 | N25: 0 | O25: 0
A26: Acquisition of investment in unconsolidated entity | B26: -755 | C26: -5300 | D26: -10431 | E26: -8000 | F26: -4465 | G26: -5547 | H26: -31757 | I26: 0 | J26: 0 | K26: 0 | L26: 0 | M26: 0 | N26: 0 | O26: 0
A27: Acquisition of property and equipment | B27: -3211 | C27: -2569 | D27: -2903 | E27: -2025 | F27: -2012 | G27: -7802 | H27: -4365 | I27: ='Inc. Stmt.'!I5*'random calculations'!$E$11 -> -5312.1754 | J27: ='Inc. Stmt.'!J5*'random calculations'!$E$11 -> -5344.9355 | K27: ='Inc. Stmt.'!K5*'random calculations'!$E$11 -> -5444.0354 | L27: ='Inc. Stmt.'!L5*'random calculations'!$E$11 -> -5880.3639 | M27: ='Inc. Stmt.'!M5*'random calculations'!$E$11 -> -6313.8654 | N27: ='Inc. Stmt.'!N5*'random calculations'!$E$11 -> -6707.8994 | O27: ='Inc. Stmt.'!O5*'random calculations'!$E$11 -> -7152.3275
A28: Net cash (used in) provided by investing activities | B28: -30827 | C28: -7869 | D28: =SUM(D3:D27) -> 57164 | E28: -2033 | F28: -6477 | G28: -13349 | H28: 27838 | I28: =SUM(I25:I27) -> -5312.1754 | J28: =SUM(J25:J27) -> -5344.9355 | K28: =SUM(K25:K27) -> -5444.0354 | L28: =SUM(L25:L27) -> -5880.3639 | M28: =SUM(M25:M27) -> -6313.8654 | N28: =SUM(N25:N27) -> -6707.8994 | O28: =SUM(O25:O27) -> -7152.3275
A29: Cash flows from financing activities
A30: Borrowings from lines of credit | B30: 165000 | C30: 224000 | D30: 354500 | E30: 749800 | F30: 420000 | G30: 22000 | H30: 106000 | I30: =33199.0087012453+42125 -> 75324.009 | J30: =20428.1058996613+ 781+ 41344 -> 62553.106 | K30: =11930+ 3438 -> 15368 | L30: =30939.2263848963+ 3417+ 22 -> 34378.226 | M30: =3105+ 311 -> 3416 | N30: 3503 | O30: =17332+ 3502 -> 20834
A31: Proceeds from Issuance of Senior Long-term Debt | B31: 0 | C31: 75000 | D31: 37500 | E31: 225000 | F31: 0 | G31: 0 | H31: 0 | I31: 0 | J31: 0 | K31: 0 | L31: 0 | M31: 0 | N31: 0 | O31: 0
A32: Payments of Debt Issuance Costs | B32: -870 | C32: -1974 | D32: -527 | E32: -2901 | F32: -829 | G32: -638 | H32: -841 | I32: =H32*0.9 -> -756.9 | J32: =I32*0.8 -> -605.52 | K32: =J32*0.8 -> -484.416 | L32: =K32*0.8 -> -387.5328 | M32: =L32*0.8 -> -310.02624 | N32: 0 | O32: =N32*0.8 -> 0
A33: Proceeds (Repayments) from notes payable | B33: -10226 | D33: =10714-8590 -> 2124 | E33: =209 -> 209 | F33: =14472-60 -> 14412 | G33: =63-1704 -> -1641 | H33: =14871-12981 -> 1890 | I33: =50-2500 -> -2450 | J33: =15000-14871 -> 129 | K33: =60-14871 -> -14811 | L33: =14000 -> 14000 | M33: 0 | N33: 0 | O33: 0
A34: Repayments of Senior Debt | B34: 0 | C34: 0 | D34: 0 | E34: 0 | F34: 0 | H34: -37500 | I34: -37500 | J34: -45000 | K34: -62500 | L34: -55000 | M34: -70000 | N34: 0 | O34: 0
A35: Repayments of lines of credit | B35: -70000 | C35: -260000 | D35: -412500 | E35: -855800 | F35: -402000 | G35: -42000 | H35: -81000 | I35: =-42125+109995 -> 67870 | J35: =-94876-1319 -> -96195 | K35: =-2657+6902-1302 -> 2943 | L35: =15804-8262+8371-8371-8371+8371-1355 -> 6187 | M35: =-14130.2235872801+6335-8371+8371-1415 -> -9210.2236 | N35: =(-83001.3738439749)+(-397)-7448+14896-8731+17462+8371-17102-1504 -> -77454.374 | O35: =8731-1602 -> 7129
A36: Payment for Contingent Consideration Liability, Financing Activities | B36: 0 | C36: -514 | D36: 0 | E36: 0 | F36: 0 | G36: 0 | H36: 0 | I36: 0 | J36: 0 | K36: 0 | L36: 0 | M36: 0 | N36: 0
A37: Withholdings of taxes from vesting of restricted stock awards | B37: -412 | C37: -544 | D37: -592 | E37: =-834 -> -834 | F37: -1074 | G37: -1977 | H37: -11337 | I37: =I38*10% -> -17416.7 | J37: =J38*10% -> -15824.898 | K37: =K38*10% -> -15581.029 | L37: =L38*10% -> -16249.479 | M37: =M38*10% -> -16981.3 | N37: =N38*10% -> -18041.064 | O37: =O38*10% -> -19236.364
A38: Payments for Repurchase of Common Stock | B38: -981 | C38: -2186 | D38: 0 | E38: 0 | F38: -101463 | G38: -45777 | H38: -48428 | I38: =I3*-52% -> -174167 | J38: =J3*-48% -> -158248.98 | K38: =K3*-48% -> -155810.29 | L38: =L3*-48% -> -162494.79 | M38: =M3*-48% -> -169813 | N38: =N3*-48% -> -180410.64 | O38: =O3*-48% -> -192363.64
A39: Payments of Dividends | B39: 0 | C39: 0 | D39: 0 | E39: 0 | F39: -2812 | G39: -2875 | H39: -2875 | I39: -2875 | J39: -2875 | K39: -2875 | L39: -2875 | M39: -2875 | N39: -2875 | O39: -2875
A40: Proceeds from Issuance of Preferred Stock and Preference Stock | B40: 0 | C40: 0 | D40: 0 | E40: 47696 | F40: 0 | G40: 0 | H40: 0 | I40: 0 | J40: 0 | K40: 0 | L40: 0 | M40: 0 | N40: 0 | O40: 0
A41: Contributions from noncontrolling interests | B41: 5 | C41: 3600 | D41: 400 | E41: 0 | F41: 0 | G41: 0 | H41: 0 | I41: 0 | J41: 0 | K41: 0 | L41: 0 | M41: 0 | N41: 0 | O41: 0
A42: Distributions to noncontrolling interests | B42: -10747 | C42: -10993 | D42: -5251 | E42: -6606 | F42: -10718 | G42: -19056 | H42: -16785 | I42: ='Inc. Stmt.'!I18*'Ratio Analysis'!$H$51 -> -23881.029 | J42: ='Inc. Stmt.'!J18*'Ratio Analysis'!$I$51 -> -13118.776 | K42: ='Inc. Stmt.'!K18*'Ratio Analysis'!$I$51 -> -13362.01 | L42: ='Inc. Stmt.'!L18*'Ratio Analysis'!$I$51 -> -14432.948 | M42: ='Inc. Stmt.'!M18*'Ratio Analysis'!$I$51 -> -15496.947 | N42: ='Inc. Stmt.'!N18*'Ratio Analysis'!$I$51 -> -16464.077 | O42: ='Inc. Stmt.'!O18*'Ratio Analysis'!$I$51 -> -17554.895
A43: Proceeds from (Payments for) Other Financing Activities | B43: 0 | C43: -527 | D43: -1505 | E43: -106 | F43: 0 | G43: -1840 | H43: -2637 | I43: 0 | J43: 0 | K43: 0 | L43: 0 | M43: 0 | N43: 0 | O43: 0
A44: Net cash provided by financing activities | B44: =SUM(B30:B43) -> 71769 | C44: =SUM(C30:C43) -> 25862 | D44: =SUM(D30:D43) -> -25851 | E44: =SUM(E30:E43) -> 156458 | F44: =SUM(F30:F43) -> -84484 | G44: =SUM(G30:G43) -> -93804 | H44: =SUM(H30:H43) -> -93513 | I44: =SUM(I30:I43) -> -115852.62 | ... O44: =SUM(O30:O43) -> -204066.9
A45: Beginning Cash and Restricted Cash | B45: 40289 | C45: =B47 -> 41755 | D45: =C47 -> 37685 | E45: =D47 -> 33635 | F45: =E47 -> 93554 | G45: =F47 -> 93270 | H45: =G47 -> 199459 | I45: =H47 -> 159696 | J45: =I47 -> 242395.25 | ... O45: =N47 -> 122644.33
A46: Net increase in cash and restricted cash | B46: 1466 | C46: -4070 | D46: -4050 | E46: 59919 | F46: -284 | G46: 106189 | H46: -39763 | I46: =I22+I28+I44 -> 82699.245 | J46: =J22+J28+J44 -> 39692.808 | K46: =K22+K28+K44 -> -83311.536 | L46: =L22+L28+L44 -> -58326.577 | M46: =M22+M28+M44 -> 15430.854 | N46: =N22+N28+N44 -> -33236.464 | O46: =O22+O28+O44 -> 110663.97
A47: Ending Cash and restricted cash | B47: =B45+B46 -> 41755 | C47: =C45+C46 -> 37685 | D47: =D45+D46 -> 33635 | E47: =E45+E46 -> 93554 | F47: =F45+F46 -> 93270 | G47: =G45+G46 -> 199459 | H47: =H45+H46 -> 159696 | I47: =I45+I46 -> 242395.25 | ... O47: =O45+O46 -> 233308.3

Sheet random calculations
A1: Supporting Calculations
A2: Cash Flow Forecast Drivers | B2: 2024 | C2: 2023 | D2: 2022 | E2: Average
A3: Share-based compensation | B3: 8402 | C3: 6753 | D3: 3477 | E3: =AVERAGE(B3:D3) -> 6210.6667
A4: Share-based compensation / revenue | B4: =B3/'Inc. Stmt.'!H5 -> 0.0040029672 | C4: =C3/'Inc. Stmt.'!G5 -> 0.0037987073 | D4: =D3/'Inc. Stmt.'!F5 -> 0.0019780486 | E4: =AVERAGE(B4:D4) -> 0.0032599077
A5: Allowances for option deposits and pre-acquisition costs | B5: 284 | C5: 64 | D5: 966 | E5: =AVERAGE(B5:D5) -> 438
A6: Allowances / revenue | B6: =B5/'Inc. Stmt.'!H5 -> 0.0001353062 | C6: =C5/'Inc. Stmt.'!G5 -> 3.6001373e-05 | D6: =D5/'Inc. Stmt.'!F5 -> 0.00054955276 | E6: =AVERAGE(B6:D6) -> 0.00024028678
A7: Income from equity method investments | B7: ='Cash Flow Stmt.'!H9 -> -5083 | C7: ='Cash Flow Stmt.'!G9 -> -16742 | D7: ='Cash Flow Stmt.'!F9 -> -25626 | E7: =AVERAGE(B7:D7) -> -15817
A8: Cash distributions from unconsolidated entities | B8: ='Cash Flow Stmt.'!H12 -> 7670 | C8: ='Cash Flow Stmt.'!G12 -> 11859 | D8: ='Cash Flow Stmt.'!F12 -> 11483 | E8: =AVERAGE(B8:D8) -> 10337.333
A9: Cash distributions / equity income | B9: =-B8/B7 -> 1.5089514 | C9: =-C8/C7 -> 0.70833831 | D9: =-D8/D7 -> 0.44809959 | E9: =AVERAGE(B9:D9) -> 0.8884631
A10: Capital expenditures | B10: -4365 | C10: -7802 | D10: -2012 | E10: =AVERAGE(B10:D10) -> -4726.3333
A11: Capital expenditures / revenue | B11: =B10/'Inc. Stmt.'!H5 -> -0.0020796182 | C11: =C10/'Inc. Stmt.'!G5 -> -0.0043887923 | D11: =D10/'Inc. Stmt.'!F5 -> -0.0011446171 | E11: =AVERAGE(B11:D11) -> -0.0025376759
A13: Depreciation & Amortization Driver
A14: Depreciation and amortization expense | B14: ='Cash Flow Stmt.'!H5 -> 4879 | C14: ='Cash Flow Stmt.'!G5 -> 3545 | D14: ='Cash Flow Stmt.'!F5 -> 2367 | E14: =AVERAGE(B14:D14) -> 3597
A15: D&A / revenue | B15: =B14/'Inc. Stmt.'!H5 -> 0.0023245033 | C15: =C14/'Inc. Stmt.'!G5 -> 0.0019941385 | D15: =D14/'Inc. Stmt.'!F5 -> 0.0013465749 | E15: =AVERAGE(B15:D15) -> 0.0018884056
A17: Accounts Payable Driver
A18: Total cost of revenue | B18: ='Inc. Stmt.'!H8 -> 1395422 | C18: ='Inc. Stmt.'!G8 -> 1229528 | D18: ='Inc. Stmt.'!F8 -> 1234768 | E18: =AVERAGE(B18:D18) -> 1286572.7
A19: Accounts payable | B19: ='Bal. Sheet'!H18 -> 59746 | C19: ='Bal. Sheet'!G18 -> 54321 | D19: ='Bal. Sheet'!F18 -> 51804 | E19: =AVERAGE(B19:D19) -> 55290.333
A20: Accounts payable / cost of revenue | B20: =B19/B18 -> 0.042815722 | C20: =C19/C18 -> 0.044180368 | D20: =D19/D18 -> 0.04195444 | E20: =AVERAGE(B20:D20) -> 0.04298351
A22: Accrued Expenses Driver
A23: Accrued expenses | B23: ='Bal. Sheet'!H19 -> 110068
A24: Selling, general and administrative expense | B24: ='Inc. Stmt.'!H10 -> 226566
A25: Accrued expenses / SG&A | B25: =B23/B24 -> 0.48580987

Sheet DCF Model
A1: Discounted Cash Flows
B3: Pick Scenario | H3: Implied Share Price
B4: Base | H4: Base | I4: Best | J4: Worst
G5: =D88 -> 78.081803 | H5: 78.081803 | I5: 102.38652 | J5: 54.561909
C8: Indirect Assumptions
C9: Risk Free Rate | D9: 0.04251
C10: GRBK Beta | D10: 2.02
C11: Geometric ERP | D11: ='S&P Returns'!D106 -> 0.050842698
C12: Cost of Equity | D12: =D9+(D10*D11) -> 0.14521225
C13: Current Stock Price | D13: 70.05
C14: Shares Outstanding | D14: ='Inc. Stmt.'!$I$25 -> 45152
C15: Equity Value | D15: =D14*D13 -> 3162897.6
C16: Pre-Tax Cost of Debt | D16: ='Cost of Debt Calc.'!C30 -> 0.046844626
C17: After-Tax Cost of Debt | D17: =D16*(1-'Tax Rate Calc.'!B8) -> 0.036052182
C18: Debt Value | D18: ='Bal. Sheet'!$I$22+'Bal. Sheet'!$I$25+'Bal. Sheet'!$I$23+'Bal. Sheet'!$I$21 -> 383898.91
C19: Current Prefered Stock Price | D19: 22.22
C20: Perfered Shares Outstanding | D20: =2000 -> 2000
C21: Prefered Stock Value | D21: =D19*D20 -> 44440
C22: Cost of Preferd Stock | D22: =(5.75%*25)/D19 -> 0.064693969
C23: Total Capitalization | D23: =D15+D18+D21 -> 3591236.5
C25: Base Assumptions
D26: 45658 | E26: =EDATE(D26,12) -> 46023 | F26: =EDATE(E26,12) -> 46388 | G26: =EDATE(F26,12) -> 46753 | H26: =EDATE(G26,12) -> 47119 | I26: =EDATE(H26,12) -> 47484 | J26: =EDATE(I26,12) -> 47849 | K26: Adj. Formula
C27: Revenue Growth Rate | E27: =('Inc. Stmt.'!J5-'Inc. Stmt.'!I5)/'Inc. Stmt.'!I5 +K27 -> 0.0061669829 | F27: =('Inc. Stmt.'!K5-'Inc. Stmt.'!J5)/'Inc. Stmt.'!J5+K27 -> 0.018540891 | G27: =('Inc. Stmt.'!L5-'Inc. Stmt.'!K5)/'Inc. Stmt.'!K5+K27 -> 0.080147998 | H27: =('Inc. Stmt.'!M5-'Inc. Stmt.'!L5)/'Inc. Stmt.'!L5+K27 -> 0.073720176 | I27: =('Inc. Stmt.'!N5-'Inc. Stmt.'!M5)/'Inc. Stmt.'!M5+K27 -> 0.062407732 | J27: =('Inc. Stmt.'!O5-'Inc. Stmt.'!N5)/'Inc. Stmt.'!N5 -> 0.066254435 | K27: 0
C28: Gross Margin | D28: ='Common Inc. Stmt.'!$J$9 -> 0.316 | E28: ='Inc. Stmt.'!J42+K28 -> 0.3 | F28: ='Inc. Stmt.'!K42+K28 -> 0.29 | G28: ='Inc. Stmt.'!L42+K28 -> 0.28 | H28: ='Inc. Stmt.'!M42+K28 -> 0.27226249 | I28: ='Inc. Stmt.'!N42+K28 -> 0.27226249 | J28: ='Inc. Stmt.'!O42+K28 -> 0.27226249 | K28: 0
C29: Operating Margin | D29: =('Inc. Stmt.'!$I$9-'Inc. Stmt.'!$I$10)/'Inc. Stmt.'!$I$5 -> 0.2079 | E29: =('Inc. Stmt.'!J9-'Inc. Stmt.'!J10)/'Inc. Stmt.'!J5+K29 -> 0.20338625 | F29: =('Inc. Stmt.'!K9-'Inc. Stmt.'!K10)/'Inc. Stmt.'!K5+K29 -> 0.19660671 | G29: =('Inc. Stmt.'!L9-'Inc. Stmt.'!L10)/'Inc. Stmt.'!L5+K29 -> 0.18982717 | H29: =('Inc. Stmt.'!M9-'Inc. Stmt.'!M10)/'Inc. Stmt.'!M5+K29 -> 0.18475608 | I29: =('Inc. Stmt.'!N9-'Inc. Stmt.'!N10)/'Inc. Stmt.'!N5+K29 -> 0.18475608 | J29: =('Inc. Stmt.'!O9-'Inc. Stmt.'!O10)/'Inc. Stmt.'!O5+K29 -> 0.18475608 | K29: 0
C30: Tax Rate | D30: ='Tax Rate Calc.'!$B$8 -> 0.23038809 | E30: ='Tax Rate Calc.'!$B$8+$K30 -> 0.23038809 | F30: ='Tax Rate Calc.'!$B$8+$K30 -> 0.23038809 | G30: ='Tax Rate Calc.'!$B$8+$K30 -> 0.23038809 | H30: ='Tax Rate Calc.'!$B$8+$K30 -> 0.23038809 | I30: ='Tax Rate Calc.'!$B$8+$K30 -> 0.23038809 | J30: ='Tax Rate Calc.'!$B$8+$K30 -> 0.23038809 | K30: 0
C31: WACC | D31: =(('DCF Model'!$D$15/'DCF Model'!$D$23)*'DCF Model'!$D$12+('DCF Model'!$D$18/'DCF Model'!$D$23)*'DCF Model'!$D$17+('DCF Model'!$D$21/'DCF Model'!$D$23)*'DCF Model'!$D$22)+K31 -> 0.13254679 | K31: 0
C32: Terminal WACC | J32: =($D$18/$D$23)*$D$17+($D$21/$D$23)*$D$22+($D$15/$D$23)*($D$9+1.25*$D$11)+K32 -> 0.098067331 | K32: 0
C33: Terminal Growth Rate | J33: =3%+K33 -> 0.03 | K33: 0
C35: Best Assumptions
D36: 45658 | E36: =EDATE(D36,12) -> 46023 | F36: =EDATE(E36,12) -> 46388 | G36: =EDATE(F36,12) -> 46753 | H36: =EDATE(G36,12) -> 47119 | I36: =EDATE(H36,12) -> 47484 | J36: =EDATE(I36,12) -> 47849 | K36: Adj. Formula
C37: Revenue Growth Rate | E37: =E27+$K37 -> 0.046166983 | F37: =F27+$K37 -> 0.058540891 | G37: =G27+$K37 -> 0.120148 | H37: =H27+$K37 -> 0.11372018 | I37: =I27+$K37 -> 0.10240773 | J37: =J27 -> 0.066254435 | K37: 0.04
C38: Gross Margin | D38: =D28 -> 0.316 | E38: =E28+$K38 -> 0.32 | F38: =F28+$K38 -> 0.31 | G38: =G28+$K38 -> 0.3 | H38: =H28+$K38 -> 0.29226249 | I38: =I28+$K38 -> 0.29226249 | J38: =J28+$K38 -> 0.29226249 | K38: 0.02
C39: Operating Margin | D39: =D29 -> 0.2079 | E39: =E29+$K39 -> 0.21338625 | F39: =F29+$K39 -> 0.20660671 | G39: =G29+$K39 -> 0.19982717 | H39: =H29+$K39 -> 0.19475608 | I39: =I29+$K39 -> 0.19475608 | J39: =J29+$K39 -> 0.19475608 | K39: 0.01
C40: Tax Rate | D40: =D30 -> 0.23038809 | E40: =E30+$K40 -> 0.23038809 | F40: =F30+$K40 -> 0.23038809 | G40: =G30+$K40 -> 0.23038809 | H40: =H30+$K40 -> 0.23038809 | I40: =I30+$K40 -> 0.23038809 | J40: =J30+$K40 -> 0.23038809 | K40: 0
C41: WACC | D41: =D31 -> 0.13254679 | K41: 0
C42: Terminal WACC | J42: =J32+K42 -> 0.098067331 | K42: 0
C43: Terminal Growth Rate | J43: =J33+K43 -> 0.035 | K43: 0.005
C45: Worst Assumptions
D46: 45658 | E46: =EDATE(D46,12) -> 46023 | F46: =EDATE(E46,12) -> 46388 | G46: =EDATE(F46,12) -> 46753 | H46: =EDATE(G46,12) -> 47119 | I46: =EDATE(H46,12) -> 47484 | J46: =EDATE(I46,12) -> 47849 | K46: Adj. Formula
C47: Revenue Growth Rate | E47: =E27+$K47 -> -0.023833017 | F47: =F27+$K47 -> -0.011459109 | G47: =G27+$K47 -> 0.050147998 | H47: =H27+$K47 -> 0.043720176 | I47: =I27+$K47 -> 0.032407732 | J47: =J27 -> 0.066254435 | K47: -0.03
C48: Gross Margin | D48: =D28 -> 0.316 | E48: =E28+$K48 -> 0.24 | F48: =F28+$K48 -> 0.23 | G48: =G28+$K48 -> 0.22 | H48: =H28+$K48 -> 0.21226249 | I48: =I28+$K48 -> 0.21226249 | J48: =J28+$K48 -> 0.21226249 | K48: -0.06
C49: Operating Margin | D49: =D29 -> 0.2079 | E49: =E29+$K49 -> 0.17338625 | F49: =F29+$K49 -> 0.16660671 | G49: =G29+$K49 -> 0.15982717 | H49: =H29+$K49 -> 0.15475608 | I49: =I29+$K49 -> 0.15475608 | J49: =J29+$K49 -> 0.15475608 | K49: -0.03
C50: Tax Rate | D50: =D30 -> 0.23038809 | E50: =E30+$K50 -> 0.23038809 | F50: =F30+$K50 -> 0.23038809 | G50: =G30+$K50 -> 0.23038809 | H50: =H30+$K50 -> 0.23038809 | I50: =I30+$K50 -> 0.23038809 | J50: =J30+$K50 -> 0.23038809 | K50: 0
C51: WACC | D51: =D31 -> 0.13254679 | K51: 0
C52: Terminal WACC | J52: =J32+K52 -> 0.098067331 | K52: 0
C53: Terminal Growth Rate | J53: =J33+K53 -> 0.025 | K53: -0.005
C55: Net Working Capital Accounts
D56: 45658 | E56: =EDATE(D56,12) -> 46023 | F56: =EDATE(E56,12) -> 46388 | G56: =EDATE(F56,12) -> 46753 | H56: =EDATE(G56,12) -> 47119 | I56: =EDATE(H56,12) -> 47484 | J56: =EDATE(I56,12) -> 47849
C57: Accounts receivable | D57: {='Bal. Sheet'!I5:I7} -> 11832.574 | E57: =E66*'Common Bal. Sheet'!C5 -> 16352.805 | F57: =F66*'Common Bal. Sheet'!D5 -> 12790.517 | G57: =G66*'Common Bal. Sheet'!E5 -> 12402.581 | H57: =H66*'Common Bal. Sheet'!F5 -> 12185.962 | I57: =I66*'Common Bal. Sheet'!G5 -> 7951.9585 | J57: =J66*'Common Bal. Sheet'!H5 -> 16856.418
C58: Inventory | D58: 2124247 | E58: =ROUND((E66-(IF($B$4="Base",E66*E28,IF($B$4="Best",E66*E38, E66*E48 ))))/'Ratio Analysis'!K40,0) -> 2136758 | F58: =ROUND((F66-(IF($B$4="Base",F66*F28,IF($B$4="Best",F66*F38, F66*F48 ))))/'Ratio Analysis'!L40,0) -> 2307805 | G58: =ROUND((G66-(IF($B$4="Base",G66*G28,IF($B$4="Best",G66*G38, G66*G48 ))))/'Ratio Analysis'!M40,0) -> 2527881 | H58: =ROUND((H66-(IF($B$4="Base",H66*H28,IF($B$4="Best",H66*H38, H66*H48 ))))/'Ratio Analysis'!N40,0) -> 2605248 | I58: =ROUND((I66-(IF($B$4="Base",I66*I28,IF($B$4="Best",I66*I38, I66*I48 ))))/'Ratio Analysis'!O40,0) -> 2748066 | J58: =ROUND((J66-(IF($B$4="Base",J66*J28,IF($B$4="Best",J66*J38, J66*J48 ))))/'Ratio Analysis'!P40,0) -> 2848745
C59: Earnest money deposits | D59: 13855.338 | E59: =D59*(1+'Common Bal. Sheet'!$B$7) -> 14085.435 | F59: =E59*(1+'Common Bal. Sheet'!$B$7) -> 14319.353 | G59: =F59*(1+'Common Bal. Sheet'!$B$7) -> 14557.155 | H59: =G59*(1+'Common Bal. Sheet'!$B$7) -> 14798.907 | I59: =H59*(1+'Common Bal. Sheet'!$B$7) -> 15044.674 | J59: =I59*(1+'Common Bal. Sheet'!$B$7) -> 15294.522
C60: Accounts payable | D60: {='Bal. Sheet'!I18:I20} -> 61545.207 | E60: =((E66-(E66*'Inc. Stmt.'!J42))*'random calculations'!$E$20) -> 63373.287 | F60: =((F66-(F66*'Inc. Stmt.'!K42))*'random calculations'!$E$20) -> 65470.403 | G60: =((G66-(G66*'Inc. Stmt.'!L42))*'random calculations'!$E$20) -> 71713.749 | H60: =((H66-(H66*'Inc. Stmt.'!M42))*'random calculations'!$E$20) -> 77827.988 | I60: =((I66-(I66*'Inc. Stmt.'!N42))*'random calculations'!$E$20) -> 82685.057 | J60: =((J66-(J66*'Inc. Stmt.'!O42))*'random calculations'!$E$20) -> 88163.308
C61: Accrued expenses | D61: 109933.05 | E61: =(((IF($B$4="Base",E66*E29,IF($B$4="Best",E66*E39,E66*E49))-(IF($B$4="Base",E66*E28,IF($B$4="Best",E66*E38,E66*E48))))/-1)*'random calculations'!$B$25) -> 98857.946 | F61: =(((IF($B$4="Base",F66*F29,IF($B$4="Best",F66*F39,F66*F49))-(IF($B$4="Base",F66*F28,IF($B$4="Best",F66*F38,F66*F48))))/-1)*'random calculations'!$B$25) -> 97334.498 | G61: =(((IF($B$4="Base",G66*G29,IF($B$4="Best",G66*G39,G66*G49))-(IF($B$4="Base",G66*G28,IF($B$4="Best",G66*G38,G66*G48))))/-1)*'random calculations'!$B$25) -> 101510.3 | H61: =(((IF($B$4="Base",H66*H29,IF($B$4="Best",H66*H39,H66*H49))-(IF($B$4="Base",H66*H28,IF($B$4="Best",H66*H38,H66*H48))))/-1)*'random calculations'!$B$25) -> 105770.69 | I61: =(((IF($B$4="Base",I66*I29,IF($B$4="Best",I66*I39,I66*I49))-(IF($B$4="Base",I66*I28,IF($B$4="Best",I66*I38,I66*I48))))/-1)*'random calculations'!$B$25) -> 112371.6 | J61: =(((IF($B$4="Base",J66*J29,IF($B$4="Best",J66*J39,J66*J49))-(IF($B$4="Base",J66*J28,IF($B$4="Best",J66*J38,J66*J48))))/-1)*'random calculations'!$B$25) -> 119816.72
C62: Customer and builder deposits | D62: 67330.422 | E62: =E66*'Common Bal. Sheet'!$B$20 -> 67745.648 | F62: =F66*'Common Bal. Sheet'!$B$20 -> 69001.712 | G62: =G66*'Common Bal. Sheet'!$B$20 -> 74532.061 | H62: =H66*'Common Bal. Sheet'!$B$20 -> 80026.578 | I62: =I66*'Common Bal. Sheet'!$B$20 -> 85020.855 | J62: =J66*'Common Bal. Sheet'!$B$20 -> 90653.864
C64: Unlevered Free Cash Flows
D65: 45658 | E65: =EDATE(D65,12) -> 46023 | F65: =EDATE(E65,12) -> 46388 | G65: =EDATE(F65,12) -> 46753 | H65: =EDATE(G65,12) -> 47119 | I65: =EDATE(H65,12) -> 47484 | J65: =EDATE(I65,12) -> 47849
C66: Total revenues | D66: ='Inc. Stmt.'!$I$5 -> 2093323.1 | E66: =IF($B$4="Base",D66*(1+E27),IF($B$4="Best",D66*(1+E37),D66*(1+E47))) -> 2106232.5 | F66: =IF($B$4="Base",E66*(1+F27),IF($B$4="Best",E66*(1+F37),E66*(1+F47))) -> 2145284 | G66: =IF($B$4="Base",F66*(1+G27),IF($B$4="Best",F66*(1+G37),F66*(1+G47))) -> 2317224.2 | H66: =IF($B$4="Base",G66*(1+H27),IF($B$4="Best",G66*(1+H37),G66*(1+H47))) -> 2488050.4 | I66: =IF($B$4="Base",H66*(1+I27),IF($B$4="Best",H66*(1+I37),H66*(1+I47))) -> 2643323.9 | J66: =IF($B$4="Base",I66*(1+J27),IF($B$4="Best",I66*(1+J37),I66*(1+J47))) -> 2818455.9
C67: Total cost of revenues | D67: ='Inc. Stmt.'!$I$8 -> 1431833 | E67: =E66-E68 -> 1474362.8 | F67: =F66-F68 -> 1523151.6 | G67: =G66-G68 -> 1668401.4 | H67: =H66-H68 -> 1810647.6 | I67: =I66-I68 -> 1923646 | J67: =J66-J68 -> 2051096.1
C68: Total gross profit | D68: ='Inc. Stmt.'!$I$9 -> 661490.08 | E68: =IF($B$4="Base",E66*E28,IF($B$4="Best",E66*E38,E66*E48)) -> 631869.76 | F68: =IF($B$4="Base",F66*F28,IF($B$4="Best",F66*F38,F66*F48)) -> 622132.35 | G68: =IF($B$4="Base",G66*G28,IF($B$4="Best",G66*G38,G66*G48)) -> 648822.77 | H68: =IF($B$4="Base",H66*H28,IF($B$4="Best",H66*H38,H66*H48)) -> 677402.77 | I68: =IF($B$4="Base",I66*I28,IF($B$4="Best",I66*I38,I66*I48)) -> 719677.94 | J68: =IF($B$4="Base",J66*J28,IF($B$4="Best",J66*J38,J66*J48)) -> 767359.8
C69: SG&A | D69: ='Inc. Stmt.'!$I$10 -> 226288.22 | E69: =E68-E70 -> 203491.02 | F69: =F68-F70 -> 200355.13 | G69: =G68-G70 -> 208950.66 | H69: =H68-H70 -> 217720.34 | I69: =I68-I70 -> 231307.78 | J69: =J68-J70 -> 246632.94
C70: EBIT | D70: =D68-D69 -> 435201.86 | E70: =IF($B$4="Base",E66*E29,IF($B$4="Best",E66*E39,E66*E49)) -> 428378.74 | F70: =IF($B$4="Base",F66*F29,IF($B$4="Best",F66*F39,F66*F49)) -> 421777.22 | G70: =IF($B$4="Base",G66*G29,IF($B$4="Best",G66*G39,G66*G49)) -> 439872.11 | H70: =IF($B$4="Base",H66*H29,IF($B$4="Best",H66*H39,H66*H49)) -> 459682.43 | I70: =IF($B$4="Base",I66*I29,IF($B$4="Best",I66*I39,I66*I49)) -> 488370.17 | J70: =IF($B$4="Base",J66*J29,IF($B$4="Best",J66*J39,J66*J49)) -> 520726.86
C71: Theoretical Tax Expense | D71: =D70*D30 -> 100265.32 | E71: =IF($B$4="Base",E70*E30,IF($B$4="Best",E70*E40,E70*E50)) -> 98693.359 | F71: =IF($B$4="Base",F70*F30,IF($B$4="Best",F70*F40,F70*F50)) -> 97172.448 | G71: =IF($B$4="Base",G70*G30,IF($B$4="Best",G70*G40,G70*G50)) -> 101341.29 | H71: =IF($B$4="Base",H70*H30,IF($B$4="Best",H70*H40,H70*H50)) -> 105905.36 | I71: =IF($B$4="Base",I70*I30,IF($B$4="Best",I70*I40,I70*I50)) -> 112514.67 | J71: =IF($B$4="Base",J70*J30,IF($B$4="Best",J70*J40,J70*J50)) -> 119969.26
C72: NOPAT | D72: =D70-D71 -> 334936.54 | E72: =E70-E71 -> 329685.38 | F72: =F70-F71 -> 324604.78 | G72: =G70-G71 -> 338530.81 | H72: =H70-H71 -> 353777.08 | I72: =I70-I71 -> 375855.5 | J72: =J70-J71 -> 400757.59
C73: Plus: Depreciation | D73: =D66*'random calculations'!$E$15 -> 3953.043 | E73: =E66*'random calculations'!$E$15 -> 3977.4213 | F73: =F66*'random calculations'!$E$15 -> 4051.1663 | G73: =G66*'random calculations'!$E$15 -> 4375.8591 | H73: =H66*'random calculations'!$E$15 -> 4698.4482 | I73: =I66*'random calculations'!$E$15 -> 4991.6677 | J73: =J66*'random calculations'!$E$15 -> 5322.3878
C74: Less: Capex | D74: =-D66*'random calculations'!$E$11 -> 5312.1754 | E74: =-E66*'random calculations'!$E$11 -> 5344.9355 | F74: =-F66*'random calculations'!$E$11 -> 5444.0354 | G74: =-G66*'random calculations'!$E$11 -> 5880.3639 | H74: =-H66*'random calculations'!$E$11 -> 6313.8654 | I74: =-I66*'random calculations'!$E$11 -> 6707.8994 | J74: =-J66*'random calculations'!$E$11 -> 7152.3275
C75: Net Working Capital | D75: =SUM(D57:D59)-SUM(D60:D62) -> 1911126.2 | E75: =SUM(E57:E59)-SUM(E60:E62) -> 1937219.4 | F75: =SUM(F57:F59)-SUM(F60:F62) -> 2103108.3 | G75: =SUM(G57:G59)-SUM(G60:G62) -> 2307084.6 | H75: =SUM(H57:H59)-SUM(H60:H62) -> 2368607.6 | I75: =SUM(I57:I59)-SUM(I60:I62) -> 2490985.1 | J75: =SUM(J57:J59)-SUM(J60:J62) -> 2582262
C76: Less: Δ Working Capital | D76: =D75-('Bal. Sheet'!$H$8-'Bal. Sheet'!$H$4)-(SUM('Bal. Sheet'!$H$18:$H$20)) -> -260974.77 | E76: =E75-D75 -> 26093.129 | F76: =F75-E75 -> 165888.9 | G76: =G75-F75 -> 203976.37 | H76: =H75-G75 -> 61522.98 | I76: =I75-H75 -> 122377.51 | J76: =J75-I75 -> 91276.93
C77: FCF (unlevered) | D77: =D72+D73-D74-D76 -> 594552.17 | E77: =E72+E73-E74-E76 -> 302224.74 | F77: =F72+F73-F74-F76 -> 157323.01 | G77: =G72+G73-G74-G76 -> 133049.93 | H77: =H72+H73-H74-H76 -> 290638.68 | I77: =I72+I73-I74-I76 -> 251761.76 | J77: =J72+J73-J74-J76 -> 307650.72
C78: Terminal Value | J78: =IF($B$4="Base",(J77*(1+J33))/(J32-J33),IF($B$4="Best",(J77*(1+J42))/(J42-J43),(J77*(1+J52))/(J52-J53))) -> 4655394
C79: Discount Factor | D79: =1/(1+$D$31)^(YEAR(D65)-YEAR($D$65)) -> 1 | E79: =1/(1+$D$31)^(YEAR(E65)-YEAR($D$65)) -> 0.88296573 | F79: =1/(1+$D$31)^(YEAR(F65)-YEAR($D$65)) -> 0.77962848 | G79: =1/(1+$D$31)^(YEAR(G65)-YEAR($D$65)) -> 0.68838522 | H79: =1/(1+$D$31)^(YEAR(H65)-YEAR($D$65)) -> 0.60782056 | I79: =1/(1+$D$31)^(YEAR(I65)-YEAR($D$65)) -> 0.53668472 | J79: =1/(1+$D$31)^(YEAR(J65)-YEAR($D$65)) -> 0.47387422
C80: Present Value | D80: =SUM(D77:D78)*D79 -> 594552.17 | E80: =SUM(E77:E78)*E79 -> 266854.09 | F80: =SUM(F77:F78)*F79 -> 122653.5 | G80: =SUM(G77:G78)*G79 -> 91589.609 | H80: =SUM(H77:H78)*H79 -> 176656.16 | I80: =SUM(I77:I78)*I79 -> 135116.69 | J80: =SUM(J77:J78)*J79 -> 2351858.9
C82: Enterprise Value | D82: =SUM(D80:J80) -> 3739281.2
C83: Less: Value of Debt | D83: =$D$18 -> 383898.91
C84: Less: Preferred Interests | D84: =D21 -> 44440
C85: Less: Non-Controlling Interests | D85: ='Bal. Sheet'!$I$36 -> 27787.928
C86: Plus: Cash | D86: ='Bal. Sheet'!$I$4 -> 242395.25
C87: Shares Outstanding | D87: ='Inc. Stmt.'!$I$25 -> 45152
C88: Intrinsic Value | D88: =(D82-D83-D84-D85+D86)/D87 -> 78.081803
C98: Relative Price | D98: ='Relative Model'!K18 -> 85.372636
C99: Target Price | D99: =D88*0.7+D98*0.3 -> 80.269053
C100: Terminal Growth and WACC
C101: Terminal Growth
B102: WACC | C102: =$D$99 -> 80.269053 | D102: 0.01 | E102: 0.005 | F102: 0 | G102: -0.005 | H102: -0.01
C103: -0.02 | D103: 91.989225 | E103: 88.218439 | F103: 85.001631 | G103: 82.225076 | H103: 79.804183
C104: -0.01 | D104: 89.187208 | E104: 85.613534 | F104: 82.56488 | G104: 79.933466 | H104: 77.639121
C105: 0 | D105: 86.548197 | E105: 83.159719 | F105: 80.269053 | G105: 77.774004 | H105: 75.598557
C106: 0.01 | D106: 84.061239 | E106: 80.846856 | F106: 78.104708 | G106: 75.737851 | H106: 73.674175
C107: 0.02 | D107: 81.716207 | E107: 78.665572 | F107: 76.063116 | G107: 73.816832 | H107: 71.858285
C109: Gross Margin and Revenue Growth
C110: Gross Margin
B111: Revenue Growth | C111: =D99 -> 80.269053 | D111: =E111+2.5% -> 0.05 | E111: =F111+2.5% -> 0.025 | F111: 0 | G111: =F111-2.5% -> -0.025 | H111: =G111-2.5% -> -0.05
C112: =C113+2.5% -> 0.05 | D112: 91.345081 | E112: 88.515808 | F112: 85.686307 | G112: 82.857034 | H112: 80.02765
C113: =C114+2.5% -> 0.025 | D113: 87.970184 | E113: 85.413557 | F113: 82.85704 | G113: 80.300412 | H113: 77.743777
C114: 0 | D114: 84.881995 | E114: 82.575528 | F114: 80.269053 | G114: 77.962585 | H114: 75.656229
C115: =C114-2.5% -> -0.025 | D115: 82.061205 | E115: 79.983805 | F115: 77.906402 | G115: 75.829113 | H115: 73.751593
C116: =C115-2.5% -> -0.05 | D116: 79.489817 | E116: 77.621837 | F116: 75.753739 | G116: 73.885531 | H116: 72.017432

Sheet Relative Model
A1: Relative Valuation
A2: U.S. Residential Homebuilders | B2: Ticker | C2: Market Cap ($Thousands) | D2: Price | E2: EV | F2: Sales | G2: EBITDA | H2: Earnings/Share | I2: Earnings | J2: Book Value | K2: EV/EBITDA Multiple | L2: P/E GAAP Multiple | N2: Enterprise Value Figures ($Thousands)
A3: GREEN BRICK PARTNERS, INC. | B3: GRBK | C3: 3079996.2 | D3: 70.52 | E3: 3376628.2 | F3: 2093323.1 | G3: 439154.91 | H3: 6.8060036 | I3: 334936.54 | J3: 40.417033 | K3: =E3/G3 -> 7.6889229 | L3: =D3/H3 -> 10.36144 | N3: Market Cap | O3: =C3 -> 3079996.2
A4: TAYLOR MORRISON HOMES | B4: TMHC | C4: 5956341.2 | D4: 61.55 | E4: 7640000 | F4: 8380000 | G4: 1260000 | H4: 8.31 | I4: 850940 | J4: 63.29 | K4: 6.0634921 | L4: 7.4067389 | N4: Value of Debt | O4: ='DCF Model'!D83 -> 383898.91
A5: MERITAGE HOMES | B5: MTH | C5: 4738421.6 | D5: 69.96 | E5: 5800000 | F5: 6040000 | G5: 681200 | H5: 7.49 | I5: 541630 | J5: 75.1 | K5: 8.5143864 | L5: 9.3404539 | N5: Perfered Interest | O5: ='DCF Model'!D84 -> 44440
A6: TRI POINTE HOMES | B6: TPH | C6: 2866549.2 | D6: 33.73 | E6: 3160000 | F6: 3750000 | G6: 434400 | H6: 3.39 | I6: 310140 | J6: 38.4 | K6: 7.2744015 | L6: 9.9498525 | N6: Non-Controling Interests | O6: ='DCF Model'!D85 -> 27787.928
A7: CENTURY COMMUNITIES | B7: CCS | C7: 1829601.7 | D7: 63.97 | E7: 3220000 | F7: 4050000 | G7: 204530 | H7: 6.85 | I7: 214380 | J7: 87.74 | K7: 15.743412 | L7: 9.3386861 | N7: Cash and Cash Equilivants | O7: ='DCF Model'!D86 -> 242395.25
A8: DREAM FINDERS HOMES | B8: DFH | C8: 1705759.3 | D8: 18.61 | E8: 3250000 | F8: 4670000 | G8: 386130 | H8: 2.75 | I8: 287730 | J8: 14.81 | K8: 8.4168544 | L8: 6.7672727 | N8: Shares Outstanding | O8: ='DCF Model'!D87 -> 45152
A9: LGI HOMES | B9: LGIH | C9: 1156493.7 | D9: 50.145 | E9: 2660000 | F9: 1790000 | G9: 110730 | H9: 4.53 | I9: 106100 | J9: 90.1 | K9: 24.022397 | L9: 11.069536
A10: BEAZER HOMES USA | B10: BZH | C10: 636461.89 | D10: 24.21 | E10: 1430000 | F10: 2370000 | G10: 55770 | H10: 1.54 | I10: 45590 | J10: 41.96 | K10: 25.641026 | L10: 15.720779
A11: HOVNANIAN ENTERPRISES | B11: HOV | C11: 670569.4 | D11: 115.26 | E11: 1360000 | F11: 2980000 | G11: 122750 | H11: 7.41 | I11: 62760 | J11: 117.1 | K11: 11.07943 | L11: 15.554656
A12: SMITH DOUGLAS HOMES | B12: SDHC | C12: 928221.86 | D12: 18.15 | E12: 1270000 | F12: 998170 | G12: 89550 | H12: 1.26 | I12: 11280 | J12: 9.11 | K12: 14.182021 | L12: 14.404762
J13: Average | K13: =AVERAGE(K4:K12) -> 13.437491 | L13: =AVERAGE(L4:L12) -> 11.061415
J14: Median | K14: =MEDIAN(K4:K12) -> 11.07943 | L14: =MEDIAN(L4:L12) -> 9.9498525
J15: Implied Price | K15: =((K14*G3)-$O$4-$O$5-$O$6+$O$7)/$O$8 -> 103.02654 | L15: =L14*H3 -> 67.718732
K17: Average Implied GRBK Price
K18: =AVERAGE(K15:L15) -> 85.372636

Sheet Sensitivity Analysis
A1: Sensitivity Analysis
B3: Terminal Growth and WACC | J3: Costs & Revenue
C4: Terminal Growth | K4: Gross Margin
B5: WACC | C5: % | D5: {='DCF Model'!D102:H102} -> 0.01 | E5: 0.005 | F5: 0 | G5: -0.005 | H5: -0.01 | J5: Revenue Growth | K5: % | L5: {='DCF Model'!D111:H111} -> 0.05 | M5: 0.025 | N5: 0 | O5: -0.025 | P5: -0.05
C6: {='DCF Model'!C103:C107} -> -0.02 | D6: {='DCF Model'!D103:H107} -> 91.989225 | E6: 88.218439 | F6: 85.001631 | G6: 82.225076 | H6: 79.804183 | K6: {='DCF Model'!C112:C116} -> 0.05 | L6: {='DCF Model'!D112:H116} -> 91.345081 | M6: 88.515808 | N6: 85.686307 | O6: 82.857034 | P6: 80.02765
C7: -0.01 | D7: 89.187208 | E7: 85.613534 | F7: 82.56488 | G7: 79.933466 | H7: 77.639121 | K7: 0.025 | L7: 87.970184 | M7: 85.413557 | N7: 82.85704 | O7: 80.300412 | P7: 77.743777
C8: 0 | D8: 86.548197 | E8: 83.159719 | F8: 80.269053 | G8: 77.774004 | H8: 75.598557 | K8: 0 | L8: 84.881995 | M8: 82.575528 | N8: 80.269053 | O8: 77.962585 | P8: 75.656229
C9: 0.01 | D9: 84.061239 | E9: 80.846856 | F9: 78.104708 | G9: 75.737851 | H9: 73.674175 | K9: -0.025 | L9: 82.061205 | M9: 79.983805 | N9: 77.906402 | O9: 75.829113 | P9: 73.751593
C10: 0.02 | D10: 81.716207 | E10: 78.665572 | F10: 76.063116 | G10: 73.816832 | H10: 71.858285 | K10: -0.05 | L10: 79.489817 | M10: 77.621837 | N10: 75.753739 | O10: 73.885531 | P10: 72.017432

Sheet Dupont Analysis
A1: Dupont Analysis
B2: 2018 | C2: 2019 | D2: 2020 | E2: 2021 | F2: 2022 | G2: 2023 | H2: 2024 | I2: 2025E | J2: 2026E | K2: 2027E | L2: 2028E | M2: 2029E | N2: 2030E | O2: 2031E
A3: Dupont Analysis
A4: Gross Margin | B4: ='Ratio Analysis'!C3 -> 0.2089804 | C4: ='Ratio Analysis'!D3 -> 0.21357906 | D4: ='Ratio Analysis'!E3 -> 0.24036778 | E4: ='Ratio Analysis'!F3 -> 0.25808339 | F4: ='Ratio Analysis'!G3 -> 0.29754641 | G4: ='Ratio Analysis'!H3 -> 0.30836413 | H4: ='Ratio Analysis'!I3 -> 0.33517871 | I4: ='Ratio Analysis'!J3 -> 0.316 | ... O4: ='Ratio Analysis'!P3 -> 0.27226249
A5: EBITDA Margin | B5: ='Inc. Stmt.'!B43 -> 0.13567611 | C5: ='Inc. Stmt.'!C43 -> 0.11041104 | D5: ='Inc. Stmt.'!D43 -> 0.15007771 | E5: ='Inc. Stmt.'!E43 -> 0.1851411 | F5: ='Inc. Stmt.'!F43 -> 0.22689361 | G5: ='Inc. Stmt.'!G43 -> 0.22211609 | H5: ='Inc. Stmt.'!H43 -> 0.24619963 | I5: ='Inc. Stmt.'!I43 -> 0.20978841 | ... O5: ='Inc. Stmt.'!O43 -> 0.18664449
A6: Net Profit Margin | B6: ='Inc. Stmt.'!B17/'Inc. Stmt.'!B5 -> 0.10348001 | C6: ='Inc. Stmt.'!C17/'Inc. Stmt.'!C5 -> 0.081224263 | D6: ='Inc. Stmt.'!D17/'Inc. Stmt.'!D5 -> 0.12069105 | E6: ='Inc. Stmt.'!E17/'Inc. Stmt.'!E5 -> 0.14568715 | F6: ='Inc. Stmt.'!F17/'Inc. Stmt.'!F5 -> 0.17863139 | G6: ='Inc. Stmt.'!G17/'Inc. Stmt.'!G5 -> 0.17251126 | H6: ='Inc. Stmt.'!H17/'Inc. Stmt.'!H5 -> 0.19874527 | I6: ='Inc. Stmt.'!I17/'Inc. Stmt.'!I5 -> 0.16000232 | ... O6: ='Inc. Stmt.'!O17/'Inc. Stmt.'!O5 -> 0.14219048
A7: Asset Turnover | B7: ='Inc. Stmt.'!B5/'Bal. Sheet'!B16 -> 0.79544173 | C7: ='Inc. Stmt.'!C5/(('Bal. Sheet'!C16+'Bal. Sheet'!B16)/2) -> 0.95405724 | D7: ='Inc. Stmt.'!D5/(('Bal. Sheet'!D16+'Bal. Sheet'!C16)/2) -> 1.047016 | E7: ='Inc. Stmt.'!E5/(('Bal. Sheet'!E16+'Bal. Sheet'!D16)/2) -> 1.1638676 | F7: ='Inc. Stmt.'!F5/(('Bal. Sheet'!F16+'Bal. Sheet'!E16)/2) -> 1.1423357 | G7: ='Inc. Stmt.'!G5/(('Bal. Sheet'!G16+'Bal. Sheet'!F16)/2) -> 0.9991325 | H7: ='Inc. Stmt.'!H5/(('Bal. Sheet'!H16+'Bal. Sheet'!G16)/2) -> 1.0108504 | I7: ='Inc. Stmt.'!I5/(('Bal. Sheet'!I16+'Bal. Sheet'!H16)/2) -> 0.87956515 | J7: ='Inc. Stmt.'!J5/(('Bal. Sheet'!J16+'Bal. Sheet'!I16)/2) -> 0.82866737 | ... O7: ='Inc. Stmt.'!O5/(('Bal. Sheet'!O16+'Bal. Sheet'!N16)/2) -> 0.88983321
A8: Inventory Turnover | B8: ='Ratio Analysis'!C40 -> 0.73743761 | C8: ='Ratio Analysis'!D40 -> 0.82617471 | D8: ='Ratio Analysis'!E40 -> 0.87779573 | E8: ='Ratio Analysis'!F40 -> 0.86465051 | F8: ='Ratio Analysis'!G40 -> 0.86791689 | G8: ='Ratio Analysis'!H40 -> 0.80192379 | H8: ='Ratio Analysis'!I40 -> 0.72013158 | I8: ='Ratio Analysis'!J40 -> 0.6740426 | ... O8: ='Ratio Analysis'!P40 -> 0.72
A9: Return on Assets | B9: ='Inc. Stmt.'!B17/'Bal. Sheet'!B16 -> 0.082312321 | C9: ='Inc. Stmt.'!C17/'Bal. Sheet'!C16 -> 0.073442759 | D9: ='Inc. Stmt.'!D17/'Bal. Sheet'!D16 -> 0.11912561 | E9: ='Inc. Stmt.'!E17/'Bal. Sheet'!E16 -> 0.14374129 | F9: ='Inc. Stmt.'!F17/'Bal. Sheet'!F16 -> 0.18964893 | G9: ='Inc. Stmt.'!G17/'Bal. Sheet'!G16 -> 0.16116767 | H9: ='Inc. Stmt.'!H17/'Bal. Sheet'!H16 -> 0.18540272 | I9: ='Inc. Stmt.'!I17/'Bal. Sheet'!I16 -> 0.13344561 | ... O9: ='Inc. Stmt.'!O17/'Bal. Sheet'!O16 -> 0.12209296
A10: Equity Mutlitplier | B10: ='Bal. Sheet'!B16/'Bal. Sheet'!B37 -> 1.6144447 | C10: ='Bal. Sheet'!C16/'Bal. Sheet'!C37 -> 1.6322654 | D10: ='Bal. Sheet'!D16/'Bal. Sheet'!D37 -> 1.5226876 | E10: ='Bal. Sheet'!E16/'Bal. Sheet'!E37 -> 1.5999512 | F10: ='Bal. Sheet'!F16/'Bal. Sheet'!F37 -> 1.529047 | G10: ='Bal. Sheet'!G16/'Bal. Sheet'!G37 -> 1.4437126 | H10: ='Bal. Sheet'!H16/'Bal. Sheet'!H37 -> 1.3607842 | I10: ='Bal. Sheet'!I16/'Bal. Sheet'!I37 -> 1.3547328 | ... O10: ='Bal. Sheet'!O16/'Bal. Sheet'!O37 -> 1.1303349
A11: Return on Equity | B11: =B6*B7*B10 -> 0.13288869 | C11: =C6*C7*C10 -> 0.12648848 | D11: =D6*D7*D10 -> 0.19241512 | E11: =E6*E7*E10 -> 0.2712886 | F11: =F6*F7*F10 -> 0.31201274 | G11: =G6*G7*G10 -> 0.24884063 | H11: =H6*H7*H10 -> 0.27338391 | I11: =I6*I7*I10 -> 0.19065488 | ... O11: =O6*O7*O10 -> 0.14301654
A12: Return on Invested Capital | B12: =('Inc. Stmt.'!B15*(1-23.04%))/(('Bal. Sheet'!B22+'Bal. Sheet'!B23+'Bal. Sheet'!B25)+'Bal. Sheet'!B37-'Bal. Sheet'!B4) -> 0.09755954 | C12: =('Inc. Stmt.'!C15*(1-23.04%))/(('Bal. Sheet'!C22+'Bal. Sheet'!C23+'Bal. Sheet'!C25)+'Bal. Sheet'!C37-'Bal. Sheet'!C4) -> 0.088088081 | D12: =('Inc. Stmt.'!D15*(1-23.04%))/(('Bal. Sheet'!D22+'Bal. Sheet'!D23+'Bal. Sheet'!D25)+'Bal. Sheet'!D37-'Bal. Sheet'!D4) -> 0.13152628 | E12: =('Inc. Stmt.'!E15*(1-23.04%))/(('Bal. Sheet'!E22+'Bal. Sheet'!E23+'Bal. Sheet'!E25)+'Bal. Sheet'!E37-'Bal. Sheet'!E4) -> 0.17478611 | F12: =('Inc. Stmt.'!F15*(1-23.04%))/(('Bal. Sheet'!F22+'Bal. Sheet'!F23+'Bal. Sheet'!F25)+'Bal. Sheet'!F37-'Bal. Sheet'!F4) -> 0.22478443 | G12: =('Inc. Stmt.'!G15*(1-23.04%))/(('Bal. Sheet'!G22+'Bal. Sheet'!G23+'Bal. Sheet'!G25)+'Bal. Sheet'!G37-'Bal. Sheet'!G4) -> 0.20550813 | H12: =('Inc. Stmt.'!H15*(1-23.04%))/(('Bal. Sheet'!H22+'Bal. Sheet'!H23+'Bal. Sheet'!H25)+'Bal. Sheet'!H37-'Bal. Sheet'!H4) -> 0.21522651 | I12: =('Inc. Stmt.'!I15*(1-23.04%))/(('Bal. Sheet'!I22+'Bal. Sheet'!I23+'Bal. Sheet'!I25)+'Bal. Sheet'!I37-'Bal. Sheet'!I4) -> 0.16869366 | ... O12: =('Inc. Stmt.'!O15*(1-23.04%))/(('Bal. Sheet'!O22+'Bal. Sheet'!O23+'Bal. Sheet'!O25)+'Bal. Sheet'!O37-'Bal. Sheet'!O4) -> 0.14632823
A13: Liquidity
A14: Current Ratio | B14: ='Ratio Analysis'!C20 -> 2.5459264 | C14: ='Ratio Analysis'!D20 -> 3.2838775 | D14: ='Ratio Analysis'!E20 -> 4.2231164 | E14: ='Ratio Analysis'!F20 -> 7.5008797 | F14: ='Ratio Analysis'!G20 -> 7.435889 | G14: ='Ratio Analysis'!H20 -> 8.2829342 | H14: ='Ratio Analysis'!I20 -> 8.4074804 | I14: ='Ratio Analysis'!J20 -> 7.3959591 | ... O14: ='Ratio Analysis'!P20 -> 8.2281556
A15: Quick Ratio | B15: ='Ratio Analysis'!C23 -> 0.22036738 | C15: ='Ratio Analysis'!D23 -> 0.23126874 | D15: ='Ratio Analysis'!E23 -> 0.28489166 | E15: ='Ratio Analysis'!F23 -> 0.71295732 | F15: ='Ratio Analysis'!G23 -> 0.58936649 | G15: ='Ratio Analysis'!H23 -> 1.0669861 | H15: ='Ratio Analysis'!I23 -> 0.74061193 | I15: ='Ratio Analysis'!J23 -> 0.82878698 | ... O15: ='Ratio Analysis'!P23 -> 0.7013798
A16: Debt Ratios
A17: Debt to Equity | B17: ='Ratio Analysis'!C27 -> 0.41262932 | C17: ='Ratio Analysis'!D27 -> 0.44379235 | D17: ='Ratio Analysis'!E27 -> 0.3385663 | E17: ='Ratio Analysis'!F27 -> 0.37852624 | F17: ='Ratio Analysis'!G27 -> 0.339709 | G17: ='Ratio Analysis'!H27 -> 0.26316888 | H17: ='Ratio Analysis'!I27 -> 0.20357748 | I17: ='Ratio Analysis'!J27 -> 0.20248243 | ... O17: ='Ratio Analysis'!P27 -> 0.02345389
A18: LT Debt / Cash flow from operations | B18: ='Bal. Sheet'!B25/'Cash Flow Stmt.'!B22 -> 0 | C18: ='Bal. Sheet'!C25/'Cash Flow Stmt.'!C22 -> -3.1504721 | D18: ='Bal. Sheet'!D25/'Cash Flow Stmt.'!D22 -> 3.1506142 | E18: ='Bal. Sheet'!E25/'Cash Flow Stmt.'!E22 -> -3.6454786 | F18: ='Bal. Sheet'!F25/'Cash Flow Stmt.'!F22 -> 3.6748774 | G18: ='Bal. Sheet'!G25/'Cash Flow Stmt.'!G22 -> 1.5843874 | H18: ='Bal. Sheet'!H25/'Cash Flow Stmt.'!H22 -> 12.16258 | I18: ='Bal. Sheet'!I25/'Cash Flow Stmt.'!I22 -> 1.4678562 | ... O18: ='Bal. Sheet'!O25/'Cash Flow Stmt.'!O22 -> 0
A19: Total Debt / Cash flow from operations | B19: =('Bal. Sheet'!B22+'Bal. Sheet'!B23+'Bal. Sheet'!B25)/'Cash Flow Stmt.'!B22 -> -3.6979774 | C19: =('Bal. Sheet'!C22+'Bal. Sheet'!C23+'Bal. Sheet'!C25)/'Cash Flow Stmt.'!C22 -> -10.216652 | D19: =('Bal. Sheet'!D22+'Bal. Sheet'!D23+'Bal. Sheet'!D25)/'Cash Flow Stmt.'!D22 -> 6.237567 | E19: =('Bal. Sheet'!E22+'Bal. Sheet'!E23+'Bal. Sheet'!E25)/'Cash Flow Stmt.'!E22 -> -3.655781 | F19: =('Bal. Sheet'!F22+'Bal. Sheet'!F23+'Bal. Sheet'!F25)/'Cash Flow Stmt.'!F22 -> 4.0252342 | G19: =('Bal. Sheet'!G22+'Bal. Sheet'!G23+'Bal. Sheet'!G25)/'Cash Flow Stmt.'!G22 -> 1.63459 | H19: =('Bal. Sheet'!H22+'Bal. Sheet'!H23+'Bal. Sheet'!H25)/'Cash Flow Stmt.'!H22 -> 13.688179 | I19: =('Bal. Sheet'!I22+'Bal. Sheet'!I23+'Bal. Sheet'!I25)/'Cash Flow Stmt.'!I22 -> 1.8401419 | ... O19: =('Bal. Sheet'!O22+'Bal. Sheet'!O23+'Bal. Sheet'!O25)/'Cash Flow Stmt.'!O22 -> 0.21159264

Sheet Ratio Analysis
A1: Financial Ratios
A2: Profitability Ratios | B2: Definition | C2: 2018 | D2: 2019 | E2: 2020 | F2: 2021 | G2: 2022 | H2: 2023 | I2: 2024 | J2: 2025E | K2: 2026E | L2: 2027E | M2: 2028E | N2: 2029E | O2: 2030E | P2: 2031E
A3: Gross Margin | B3: Gross profit/revenue)*100 | C3: =('Inc. Stmt.'!B9/'Inc. Stmt.'!B5) -> 0.2089804 | D3: =('Inc. Stmt.'!C9/'Inc. Stmt.'!C5) -> 0.21357906 | E3: =('Inc. Stmt.'!D9/'Inc. Stmt.'!D5) -> 0.24036778 | F3: =('Inc. Stmt.'!E9/'Inc. Stmt.'!E5) -> 0.25808339 | G3: =('Inc. Stmt.'!F9/'Inc. Stmt.'!F5) -> 0.29754641 | H3: =('Inc. Stmt.'!G9/'Inc. Stmt.'!G5) -> 0.30836413 | I3: =('Inc. Stmt.'!H9/'Inc. Stmt.'!H5) -> 0.33517871 | J3: =('Inc. Stmt.'!I9/'Inc. Stmt.'!I5) -> 0.316 | ... P3: =('Inc. Stmt.'!O9/'Inc. Stmt.'!O5) -> 0.27226249
A4: Operating Margin | B4: (income before income taxes/total revenue)*100 | C4: =('Inc. Stmt.'!B15/'Inc. Stmt.'!B5)*100 -> 13.09571 | D4: =('Inc. Stmt.'!C15/'Inc. Stmt.'!C5)*100 -> 10.652174 | E4: =('Inc. Stmt.'!D15/'Inc. Stmt.'!D5)*100 -> 14.632165 | F4: =('Inc. Stmt.'!E15/'Inc. Stmt.'!E5)*100 -> 18.318511 | G4: =('Inc. Stmt.'!F15/'Inc. Stmt.'!F5)*100 -> 22.554704 | H4: =('Inc. Stmt.'!G15/'Inc. Stmt.'!G5)*100 -> 22.012195 | I4: =('Inc. Stmt.'!H15/'Inc. Stmt.'!H5)*100 -> 24.387513 | J4: =('Inc. Stmt.'!I15/'Inc. Stmt.'!I5)*100 -> 20.79 | ... P4: =('Inc. Stmt.'!O15/'Inc. Stmt.'!O5)*100 -> 18.475608
A5: Net Margin | B5: (Net income/total revenues)*100 | C5: =('Inc. Stmt.'!B17/'Inc. Stmt.'!B5)*100 -> 10.348001 | D5: =('Inc. Stmt.'!C17/'Inc. Stmt.'!C5)*100 -> 8.1224263 | E5: =('Inc. Stmt.'!D17/'Inc. Stmt.'!D5)*100 -> 12.069105 | F5: =('Inc. Stmt.'!E17/'Inc. Stmt.'!E5)*100 -> 14.568715 | G5: =('Inc. Stmt.'!F17/'Inc. Stmt.'!F5)*100 -> 17.863139 | H5: =('Inc. Stmt.'!G17/'Inc. Stmt.'!G5)*100 -> 17.251126 | I5: =('Inc. Stmt.'!H17/'Inc. Stmt.'!H5)*100 -> 19.874527 | J5: =('Inc. Stmt.'!I17/'Inc. Stmt.'!I5)*100 -> 16.000232 | ... P5: =('Inc. Stmt.'!O17/'Inc. Stmt.'!O5)*100 -> 14.219048
A6: Cash Flow Margin | B6: (EBIDA/Total revenues)*100 | C6: ='Inc. Stmt.'!B43*100 -> 13.567611 | D6: ='Inc. Stmt.'!C43*100 -> 11.041104 | E6: ='Inc. Stmt.'!D43*100 -> 15.007771 | F6: ='Inc. Stmt.'!E43*100 -> 18.51411 | G6: ='Inc. Stmt.'!F43*100 -> 22.689361 | H6: ='Inc. Stmt.'!G43*100 -> 22.211609 | I6: ='Inc. Stmt.'!H43*100 -> 24.619963 | J6: ='Inc. Stmt.'!I43*100 -> 20.978841 | ... P6: ='Inc. Stmt.'!O43*100 -> 18.664449
A7: Free Cash Flow Margin | B7: (EBITDA - capital expenditures) / total revenue × 100 | C7: =(('Inc. Stmt.'!B15+'Cash Flow Stmt.'!B5)+'Cash Flow Stmt.'!B27)/'Inc. Stmt.'!B5*100 -> 13.052737 | D7: =(('Inc. Stmt.'!C15+'Cash Flow Stmt.'!C5)+'Cash Flow Stmt.'!C27)/'Inc. Stmt.'!C5*100 -> 10.716596 | E7: =(('Inc. Stmt.'!D15+'Cash Flow Stmt.'!D5)+'Cash Flow Stmt.'!D27)/'Inc. Stmt.'!D5*100 -> 14.710339 | F7: =(('Inc. Stmt.'!E15+'Cash Flow Stmt.'!E5)+'Cash Flow Stmt.'!E27)/'Inc. Stmt.'!E5*100 -> 18.369763 | G7: =(('Inc. Stmt.'!F15+'Cash Flow Stmt.'!F5)+'Cash Flow Stmt.'!F27)/'Inc. Stmt.'!F5*100 -> 22.574899 | H7: =(('Inc. Stmt.'!G15+'Cash Flow Stmt.'!G5)+'Cash Flow Stmt.'!G27)/'Inc. Stmt.'!G5*100 -> 21.77273 | I7: =(('Inc. Stmt.'!H15+'Cash Flow Stmt.'!H5)+'Cash Flow Stmt.'!H27)/'Inc. Stmt.'!H5*100 -> 24.412002 | J7: =(('Inc. Stmt.'!I15+'Cash Flow Stmt.'!I5)+'Cash Flow Stmt.'!I27)/'Inc. Stmt.'!I5*100 -> 20.725073 | ... P7: =(('Inc. Stmt.'!O15+'Cash Flow Stmt.'!O5)+'Cash Flow Stmt.'!O27)/'Inc. Stmt.'!O5*100 -> 18.410681
A8: Operating Cash Flow Margin | B8: (EBIT + depreciation and amortization) / total revenue × 100; EBIT includes estimated interest expense | C8: =('Inc. Stmt.'!B15+('Bal. Sheet'!B22+'Bal. Sheet'!B23+'Bal. Sheet'!B25)*'Cost of Debt Calc.'!$C$30+'Cash Flow Stmt.'!B5)/'Inc. Stmt.'!B5*100 -> 15.072791 | D8: =('Inc. Stmt.'!C15+((('Bal. Sheet'!B22+'Bal. Sheet'!B23+'Bal. Sheet'!B25)+('Bal. Sheet'!C22+'Bal. Sheet'!C23+'Bal. Sheet'!C25))/2)*'Cost of Debt Calc.'!$C$30+'Cash Flow Stmt.'!C5)/'Inc. Stmt.'!C5*100 -> 12.338269 | E8: =('Inc. Stmt.'!D15+((('Bal. Sheet'!C22+'Bal. Sheet'!C23+'Bal. Sheet'!C25)+('Bal. Sheet'!D22+'Bal. Sheet'!D23+'Bal. Sheet'!D25))/2)*'Cost of Debt Calc.'!$C$30+'Cash Flow Stmt.'!D5)/'Inc. Stmt.'!D5*100 -> 16.106667 | F8: =('Inc. Stmt.'!E15+((('Bal. Sheet'!D22+'Bal. Sheet'!D23+'Bal. Sheet'!D25)+('Bal. Sheet'!E22+'Bal. Sheet'!E23+'Bal. Sheet'!E25))/2)*'Cost of Debt Calc.'!$C$30+'Cash Flow Stmt.'!E5)/'Inc. Stmt.'!E5*100 -> 19.44284 | G8: =('Inc. Stmt.'!F15+((('Bal. Sheet'!E22+'Bal. Sheet'!E23+'Bal. Sheet'!E25)+('Bal. Sheet'!F22+'Bal. Sheet'!F23+'Bal. Sheet'!F25))/2)*'Cost of Debt Calc.'!$C$30+'Cash Flow Stmt.'!F5)/'Inc. Stmt.'!F5*100 -> 23.627744 | H8: =('Inc. Stmt.'!G15+((('Bal. Sheet'!F22+'Bal. Sheet'!F23+'Bal. Sheet'!F25)+('Bal. Sheet'!G22+'Bal. Sheet'!G23+'Bal. Sheet'!G25))/2)*'Cost of Debt Calc.'!$C$30+'Cash Flow Stmt.'!G5)/'Inc. Stmt.'!G5*100 -> 23.153269 | I8: =('Inc. Stmt.'!H15+((('Bal. Sheet'!G22+'Bal. Sheet'!G23+'Bal. Sheet'!G25)+('Bal. Sheet'!H22+'Bal. Sheet'!H23+'Bal. Sheet'!H25))/2)*'Cost of Debt Calc.'!$C$30+'Cash Flow Stmt.'!H5)/'Inc. Stmt.'!H5*100 -> 25.38265 | J8: =('Inc. Stmt.'!I15+((('Bal. Sheet'!H22+'Bal. Sheet'!H23+'Bal. Sheet'!H25)+('Bal. Sheet'!I22+'Bal. Sheet'!I23+'Bal. Sheet'!I25))/2)*'Cost of Debt Calc.'!$C$30+'Cash Flow Stmt.'!I5)/'Inc. Stmt.'!I5*100 -> 21.775216 | K8: =('Inc. Stmt.'!J15+((('Bal. Sheet'!I22+'Bal. Sheet'!I23+'Bal. Sheet'!I25)+('Bal. Sheet'!J22+'Bal. Sheet'!J23+'Bal. Sheet'!J25))/2)*'Cost of Debt Calc.'!$C$30+'Cash Flow Stmt.'!J5)/'Inc. Stmt.'!J5*100 -> 21.268877 | ... P8: =('Inc. Stmt.'!O15+((('Bal. Sheet'!N22+'Bal. Sheet'!N23+'Bal. Sheet'!N25)+('Bal. Sheet'!O22+'Bal. Sheet'!O23+'Bal. Sheet'!O25))/2)*'Cost of Debt Calc.'!$C$30+'Cash Flow Stmt.'!O5)/'Inc. Stmt.'!O5*100 -> 18.774738
A9: Free operating cash flow margin | B9: (EBIT + depreciation and amortization - capital expenditures) / total revenue × 100 | C9: =('Inc. Stmt.'!B15+('Bal. Sheet'!B22+'Bal. Sheet'!B23+'Bal. Sheet'!B25)*'Cost of Debt Calc.'!$C$30+'Cash Flow Stmt.'!B5+'Cash Flow Stmt.'!B27)/'Inc. Stmt.'!B5*100 -> 14.557916 | D9: =('Inc. Stmt.'!C15+((('Bal. Sheet'!B22+'Bal. Sheet'!B23+'Bal. Sheet'!B25)+('Bal. Sheet'!C22+'Bal. Sheet'!C23+'Bal. Sheet'!C25))/2)*'Cost of Debt Calc.'!$C$30+'Cash Flow Stmt.'!C5+'Cash Flow Stmt.'!C27)/'Inc. Stmt.'!C5*100 -> 12.013761 | E9: =('Inc. Stmt.'!D15+((('Bal. Sheet'!C22+'Bal. Sheet'!C23+'Bal. Sheet'!C25)+('Bal. Sheet'!D22+'Bal. Sheet'!D23+'Bal. Sheet'!D25))/2)*'Cost of Debt Calc.'!$C$30+'Cash Flow Stmt.'!D5+'Cash Flow Stmt.'!D27)/'Inc. Stmt.'!D5*100 -> 15.809235 | F9: =('Inc. Stmt.'!E15+((('Bal. Sheet'!D22+'Bal. Sheet'!D23+'Bal. Sheet'!D25)+('Bal. Sheet'!E22+'Bal. Sheet'!E23+'Bal. Sheet'!E25))/2)*'Cost of Debt Calc.'!$C$30+'Cash Flow Stmt.'!E5+'Cash Flow Stmt.'!E27)/'Inc. Stmt.'!E5*100 -> 19.298494 | G9: =('Inc. Stmt.'!F15+((('Bal. Sheet'!E22+'Bal. Sheet'!E23+'Bal. Sheet'!E25)+('Bal. Sheet'!F22+'Bal. Sheet'!F23+'Bal. Sheet'!F25))/2)*'Cost of Debt Calc.'!$C$30+'Cash Flow Stmt.'!F5+'Cash Flow Stmt.'!F27)/'Inc. Stmt.'!F5*100 -> 23.513283 | H9: =('Inc. Stmt.'!G15+((('Bal. Sheet'!F22+'Bal. Sheet'!F23+'Bal. Sheet'!F25)+('Bal. Sheet'!G22+'Bal. Sheet'!G23+'Bal. Sheet'!G25))/2)*'Cost of Debt Calc.'!$C$30+'Cash Flow Stmt.'!G5+'Cash Flow Stmt.'!G27)/'Inc. Stmt.'!G5*100 -> 22.71439 | I9: =('Inc. Stmt.'!H15+((('Bal. Sheet'!G22+'Bal. Sheet'!G23+'Bal. Sheet'!G25)+('Bal. Sheet'!H22+'Bal. Sheet'!H23+'Bal. Sheet'!H25))/2)*'Cost of Debt Calc.'!$C$30+'Cash Flow Stmt.'!H5+'Cash Flow Stmt.'!H27)/'Inc. Stmt.'!H5*100 -> 25.174688 | J9: =('Inc. Stmt.'!I15+((('Bal. Sheet'!H22+'Bal. Sheet'!H23+'Bal. Sheet'!H25)+('Bal. Sheet'!I22+'Bal. Sheet'!I23+'Bal. Sheet'!I25))/2)*'Cost of Debt Calc.'!$C$30+'Cash Flow Stmt.'!I5+'Cash Flow Stmt.'!I27)/'Inc. Stmt.'!I5*100 -> 21.521448 | K9: =('Inc. Stmt.'!J15+((('Bal. Sheet'!I22+'Bal. Sheet'!I23+'Bal. Sheet'!I25)+('Bal. Sheet'!J22+'Bal. Sheet'!J23+'Bal. Sheet'!J25))/2)*'Cost of Debt Calc.'!$C$30+'Cash Flow Stmt.'!J5+'Cash Flow Stmt.'!J27)/'Inc. Stmt.'!J5*100 -> 21.015109 | ... P9: =('Inc. Stmt.'!O15+((('Bal. Sheet'!N22+'Bal. Sheet'!N23+'Bal. Sheet'!N25)+('Bal. Sheet'!O22+'Bal. Sheet'!O23+'Bal. Sheet'!O25))/2)*'Cost of Debt Calc.'!$C$30+'Cash Flow Stmt.'!O5+'Cash Flow Stmt.'!O27)/'Inc. Stmt.'!O5*100 -> 18.52097
A10: Return on assets | B10: (net income/total assets)*100 | C10: =('Inc. Stmt.'!B17/'Bal. Sheet'!B16)*100 -> 8.2312321 | D10: =('Inc. Stmt.'!C17/'Bal. Sheet'!C16)*100 -> 7.3442759 | E10: =('Inc. Stmt.'!D17/'Bal. Sheet'!D16)*100 -> 11.912561 | F10: =('Inc. Stmt.'!E17/'Bal. Sheet'!E16)*100 -> 14.374129 | G10: =('Inc. Stmt.'!F17/'Bal. Sheet'!F16)*100 -> 18.964893 | H10: =('Inc. Stmt.'!G17/'Bal. Sheet'!G16)*100 -> 16.116767 | I10: =('Inc. Stmt.'!H17/'Bal. Sheet'!H16)*100 -> 18.540272 | J10: =('Inc. Stmt.'!I17/'Bal. Sheet'!I16)*100 -> 13.344561 | ... P10: =('Inc. Stmt.'!O17/'Bal. Sheet'!O16)*100 -> 12.209296
A11: Cash flow to assets | B11: EBITDA / total assets × 100 | C11: =('Inc. Stmt.'!B15+'Cash Flow Stmt.'!B5)/'Bal. Sheet'!B16*100 -> 10.792244 | D11: =('Inc. Stmt.'!C15+'Cash Flow Stmt.'!C5)/'Bal. Sheet'!C16*100 -> 9.983336 | E11: =('Inc. Stmt.'!D15+'Cash Flow Stmt.'!D5)/'Bal. Sheet'!D16*100 -> 14.813111 | F11: =('Inc. Stmt.'!E15+'Cash Flow Stmt.'!E5)/'Bal. Sheet'!E16*100 -> 18.266828 | G11: =('Inc. Stmt.'!F15+'Cash Flow Stmt.'!F5)/'Bal. Sheet'!F16*100 -> 24.088786 | H11: =('Inc. Stmt.'!G15+'Cash Flow Stmt.'!G5)/'Bal. Sheet'!G16*100 -> 20.75107 | I11: =('Inc. Stmt.'!H15+'Cash Flow Stmt.'!H5)/'Bal. Sheet'!H16*100 -> 22.967128 | J11: =('Inc. Stmt.'!I15+'Cash Flow Stmt.'!I5)/'Bal. Sheet'!I16*100 -> 17.496836 | ... P11: =('Inc. Stmt.'!O15+'Cash Flow Stmt.'!O5)/'Bal. Sheet'!O16*100 -> 16.026374
A12: Return on equity | B12: (net income/total equity)*100 | C12: =('Inc. Stmt.'!B17/'Bal. Sheet'!B37)*100 -> 13.288869 | D12: =('Inc. Stmt.'!C17/'Bal. Sheet'!C37)*100 -> 11.987807 | E12: =('Inc. Stmt.'!D17/'Bal. Sheet'!D37)*100 -> 18.139108 | F12: =('Inc. Stmt.'!E17/'Bal. Sheet'!E37)*100 -> 22.997905 | G12: =('Inc. Stmt.'!F17/'Bal. Sheet'!F37)*100 -> 28.998213 | H12: =('Inc. Stmt.'!G17/'Bal. Sheet'!G37)*100 -> 23.26798 | I12: =('Inc. Stmt.'!H17/'Bal. Sheet'!H37)*100 -> 25.229308 | J12: =('Inc. Stmt.'!I17/'Bal. Sheet'!I37)*100 -> 18.078315 | ... P12: =('Inc. Stmt.'!O17/'Bal. Sheet'!O37)*100 -> 13.800594
A13: Cash flow to equity | B13: (EBIDA/total equity)*100 | C13: =(('Inc. Stmt.'!B15+'Cash Flow Stmt.'!B5)/'Bal. Sheet'!B37)*100 -> 17.423481 | D13: =(('Inc. Stmt.'!C15+'Cash Flow Stmt.'!C5)/'Bal. Sheet'!C37)*100 -> 16.295454 | E13: =(('Inc. Stmt.'!D15+'Cash Flow Stmt.'!D5)/'Bal. Sheet'!D37)*100 -> 22.555739 | F13: =(('Inc. Stmt.'!E15+'Cash Flow Stmt.'!E5)/'Bal. Sheet'!E37)*100 -> 29.226033 | G13: =(('Inc. Stmt.'!F15+'Cash Flow Stmt.'!F5)/'Bal. Sheet'!F37)*100 -> 36.832885 | H13: =(('Inc. Stmt.'!G15+'Cash Flow Stmt.'!G5)/'Bal. Sheet'!G37)*100 -> 29.958582 | I13: =(('Inc. Stmt.'!H15+'Cash Flow Stmt.'!H5)/'Bal. Sheet'!H37)*100 -> 31.253304 | J13: =(('Inc. Stmt.'!I15+'Cash Flow Stmt.'!I5)/'Bal. Sheet'!I37)*100 -> 23.703537 | ... P13: =(('Inc. Stmt.'!O15+'Cash Flow Stmt.'!O5)/'Bal. Sheet'!O37)*100 -> 18.11517
A14: Basic Earning power | B14: EBIT / total assets × 100; EBIT includes estimated interest expense | C14: =('Inc. Stmt.'!B15+('Bal. Sheet'!B22+'Bal. Sheet'!B23+'Bal. Sheet'!B25)*'Cost of Debt Calc.'!$C$30)/'Bal. Sheet'!B16*100 -> 11.614157 | D14: =('Inc. Stmt.'!C15+((('Bal. Sheet'!B22+'Bal. Sheet'!B23+'Bal. Sheet'!B25)+('Bal. Sheet'!C22+'Bal. Sheet'!C23+'Bal. Sheet'!C25))/2)*'Cost of Debt Calc.'!$C$30)/'Bal. Sheet'!C16*100 -> 10.80456 | E14: =('Inc. Stmt.'!D15+((('Bal. Sheet'!C22+'Bal. Sheet'!C23+'Bal. Sheet'!C25)+('Bal. Sheet'!D22+'Bal. Sheet'!D23+'Bal. Sheet'!D25))/2)*'Cost of Debt Calc.'!$C$30)/'Bal. Sheet'!D16*100 -> 15.527018 | F14: =('Inc. Stmt.'!E15+((('Bal. Sheet'!D22+'Bal. Sheet'!D23+'Bal. Sheet'!D25)+('Bal. Sheet'!E22+'Bal. Sheet'!E23+'Bal. Sheet'!E25))/2)*'Cost of Debt Calc.'!$C$30)/'Bal. Sheet'!E16*100 -> 18.990169 | G14: =('Inc. Stmt.'!F15+((('Bal. Sheet'!E22+'Bal. Sheet'!E23+'Bal. Sheet'!E25)+('Bal. Sheet'!F22+'Bal. Sheet'!F23+'Bal. Sheet'!F25))/2)*'Cost of Debt Calc.'!$C$30)/'Bal. Sheet'!F16*100 -> 24.942083 | H14: =('Inc. Stmt.'!G15+((('Bal. Sheet'!F22+'Bal. Sheet'!F23+'Bal. Sheet'!F25)+('Bal. Sheet'!G22+'Bal. Sheet'!G23+'Bal. Sheet'!G25))/2)*'Cost of Debt Calc.'!$C$30)/'Bal. Sheet'!G16*100 -> 21.444509 | I14: =('Inc. Stmt.'!H15+((('Bal. Sheet'!G22+'Bal. Sheet'!G23+'Bal. Sheet'!G25)+('Bal. Sheet'!H22+'Bal. Sheet'!H23+'Bal. Sheet'!H25))/2)*'Cost of Debt Calc.'!$C$30)/'Bal. Sheet'!H16*100 -> 23.461767 | J14: =('Inc. Stmt.'!I15+((('Bal. Sheet'!H22+'Bal. Sheet'!H23+'Bal. Sheet'!H25)+('Bal. Sheet'!I22+'Bal. Sheet'!I23+'Bal. Sheet'!I25))/2)*'Cost of Debt Calc.'!$C$30)/'Bal. Sheet'!I16*100 -> 18.003533 | K14: =('Inc. Stmt.'!J15+((('Bal. Sheet'!I22+'Bal. Sheet'!I23+'Bal. Sheet'!I25)+('Bal. Sheet'!J22+'Bal. Sheet'!J23+'Bal. Sheet'!J25))/2)*'Cost of Debt Calc.'!$C$30)/'Bal. Sheet'!J16*100 -> 17.252488 | ... P14: =('Inc. Stmt.'!O15+((('Bal. Sheet'!N22+'Bal. Sheet'!N23+'Bal. Sheet'!N25)+('Bal. Sheet'!O22+'Bal. Sheet'!O23+'Bal. Sheet'!O25))/2)*'Cost of Debt Calc.'!$C$30)/'Bal. Sheet'!O16*100 -> 15.958925
A15: Return on investment | B15: EBITDA / (total assets - current liabilities) × 100 | C15: =('Inc. Stmt.'!B15+'Cash Flow Stmt.'!B5)/('Bal. Sheet'!B16-'Bal. Sheet'!B24)*100 -> 17.046558 | D15: =('Inc. Stmt.'!C15+'Cash Flow Stmt.'!C5)/('Bal. Sheet'!C16-'Bal. Sheet'!C24)*100 -> 13.903439 | E15: =('Inc. Stmt.'!D15+'Cash Flow Stmt.'!D5)/('Bal. Sheet'!D16-'Bal. Sheet'!D24)*100 -> 18.915746 | F15: =('Inc. Stmt.'!E15+'Cash Flow Stmt.'!E5)/('Bal. Sheet'!E16-'Bal. Sheet'!E24)*100 -> 20.869709 | G15: =('Inc. Stmt.'!F15+'Cash Flow Stmt.'!F5)/('Bal. Sheet'!F16-'Bal. Sheet'!F24)*100 -> 27.545948 | H15: =('Inc. Stmt.'!G15+'Cash Flow Stmt.'!G5)/('Bal. Sheet'!G16-'Bal. Sheet'!G24)*100 -> 23.359472 | I15: =('Inc. Stmt.'!H15+'Cash Flow Stmt.'!H5)/('Bal. Sheet'!H16-'Bal. Sheet'!H24)*100 -> 25.873487 | J15: =('Inc. Stmt.'!I15+'Cash Flow Stmt.'!I5)/('Bal. Sheet'!I16-'Bal. Sheet'!I24)*100 -> 20.085331 | ... P15: =('Inc. Stmt.'!O15+'Cash Flow Stmt.'!O5)/('Bal. Sheet'!O16-'Bal. Sheet'!O24)*100 -> 18.115169
A16: Growth rate in equity | B16: (Ending equity - beginning equity) / beginning equity × 100 | D16: =('Bal. Sheet'!C37/'Bal. Sheet'!B37-1)*100 -> 10.452977 | E16: =('Bal. Sheet'!D37/'Bal. Sheet'!C37-1)*100 -> 21.069175 | F16: =('Bal. Sheet'!E37/'Bal. Sheet'!D37-1)*100 -> 36.846579 | G16: =('Bal. Sheet'!F37/'Bal. Sheet'!E37-1)*100 -> 21.843402 | H16: =('Bal. Sheet'!G37/'Bal. Sheet'!F37-1)*100 -> 21.720977 | I16: =('Bal. Sheet'!H37/'Bal. Sheet'!G37-1)*100 -> 25.450508 | J16: =('Bal. Sheet'!I37/'Bal. Sheet'!H37-1)*100 -> 12.050156 | K16: =('Bal. Sheet'!J37/'Bal. Sheet'!I37-1)*100 -> 6.8937166 | ... P16: =('Bal. Sheet'!O37/'Bal. Sheet'!N37-1)*100 -> 7.6906177
A17: Economic value added | B17: EBIT × (1 - tax rate) - (long-term debt + equity) × WACC | C17: =(('Inc. Stmt.'!B15+('Bal. Sheet'!B22+'Bal. Sheet'!B23+'Bal. Sheet'!B25)*'Cost of Debt Calc.'!$C$30)*(1-('Inc. Stmt.'!B16/'Inc. Stmt.'!B15)))-(('Bal. Sheet'!B25+'Bal. Sheet'!B37)*'DCF Model'!$D$31) -> 7583.487 | D17: =(('Inc. Stmt.'!C15+((('Bal. Sheet'!B22+'Bal. Sheet'!B23+'Bal. Sheet'!B25)+('Bal. Sheet'!C22+'Bal. Sheet'!C23+'Bal. Sheet'!C25))/2)*'Cost of Debt Calc.'!$C$30)*(1-('Inc. Stmt.'!C16/'Inc. Stmt.'!C15)))-(('Bal. Sheet'!C25+'Bal. Sheet'!C37)*'DCF Model'!$D$31) -> -8694.8082 | E17: =(('Inc. Stmt.'!D15+((('Bal. Sheet'!C22+'Bal. Sheet'!C23+'Bal. Sheet'!C25)+('Bal. Sheet'!D22+'Bal. Sheet'!D23+'Bal. Sheet'!D25))/2)*'Cost of Debt Calc.'!$C$30)*(1-('Inc. Stmt.'!D16/'Inc. Stmt.'!D15)))-(('Bal. Sheet'!D25+'Bal. Sheet'!D37)*'DCF Model'!$D$31) -> 25846.522 | F17: =(('Inc. Stmt.'!E15+((('Bal. Sheet'!D22+'Bal. Sheet'!D23+'Bal. Sheet'!D25)+('Bal. Sheet'!E22+'Bal. Sheet'!E23+'Bal. Sheet'!E25))/2)*'Cost of Debt Calc.'!$C$30)*(1-('Inc. Stmt.'!E16/'Inc. Stmt.'!E15)))-(('Bal. Sheet'!E25+'Bal. Sheet'!E37)*'DCF Model'!$D$31) -> 52487.093 | G17: =(('Inc. Stmt.'!F15+((('Bal. Sheet'!E22+'Bal. Sheet'!E23+'Bal. Sheet'!E25)+('Bal. Sheet'!F22+'Bal. Sheet'!F23+'Bal. Sheet'!F25))/2)*'Cost of Debt Calc.'!$C$30)*(1-('Inc. Stmt.'!F16/'Inc. Stmt.'!F15)))-(('Bal. Sheet'!F25+'Bal. Sheet'!F37)*'DCF Model'!$D$31) -> 139024.6 | H17: =(('Inc. Stmt.'!G15+((('Bal. Sheet'!F22+'Bal. Sheet'!F23+'Bal. Sheet'!F25)+('Bal. Sheet'!G22+'Bal. Sheet'!G23+'Bal. Sheet'!G25))/2)*'Cost of Debt Calc.'!$C$30)*(1-('Inc. Stmt.'!G16/'Inc. Stmt.'!G15)))-(('Bal. Sheet'!G25+'Bal. Sheet'!G37)*'DCF Model'!$D$31) -> 100532.7 | I17: =(('Inc. Stmt.'!H15+((('Bal. Sheet'!G22+'Bal. Sheet'!G23+'Bal. Sheet'!G25)+('Bal. Sheet'!H22+'Bal. Sheet'!H23+'Bal. Sheet'!H25))/2)*'Cost of Debt Calc.'!$C$30)*(1-('Inc. Stmt.'!H16/'Inc. Stmt.'!H15)))-(('Bal. Sheet'!H25+'Bal. Sheet'!H37)*'DCF Model'!$D$31) -> 171397.52 | J17: =(('Inc. Stmt.'!I15+((('Bal. Sheet'!H22+'Bal. Sheet'!H23+'Bal. Sheet'!H25)+('Bal. Sheet'!I22+'Bal. Sheet'!I23+'Bal. Sheet'!I25))/2)*'Cost of Debt Calc.'!$C$30)*(1-('Inc. Stmt.'!I16/'Inc. Stmt.'!I15)))-(('Bal. Sheet'!I25+'Bal. Sheet'!I37)*'DCF Model'!$D$31) -> 62533.657 | K17: =(('Inc. Stmt.'!J15+((('Bal. Sheet'!I22+'Bal. Sheet'!I23+'Bal. Sheet'!I25)+('Bal. Sheet'!J22+'Bal. Sheet'!J23+'Bal. Sheet'!J25))/2)*'Cost of Debt Calc.'!$C$30)*(1-('Inc. Stmt.'!J16/'Inc. Stmt.'!J15)))-(('Bal. Sheet'!J25+'Bal. Sheet'!J37)*'DCF Model'!$D$31) -> 47805.934 | ... P17: =(('Inc. Stmt.'!O15+((('Bal. Sheet'!N22+'Bal. Sheet'!N23+'Bal. Sheet'!N25)+('Bal. Sheet'!O22+'Bal. Sheet'!O23+'Bal. Sheet'!O25))/2)*'Cost of Debt Calc.'!$C$30)*(1-('Inc. Stmt.'!O16/'Inc. Stmt.'!O15)))-(('Bal. Sheet'!O25+'Bal. Sheet'!O37)*'DCF Model'!$D$31) -> 18245.21
A18: Economic to capital | B18: Economic value added / (long-term debt + equity + lease liabilities) × 100 | C18: =C17/('Bal. Sheet'!B25+'Bal. Sheet'!B37+'Bal. Sheet'!B21)*100 -> 1.5615707 | D18: =D17/('Bal. Sheet'!C25+'Bal. Sheet'!C37+'Bal. Sheet'!C21)*100 -> -1.4175586 | E18: =E17/('Bal. Sheet'!D25+'Bal. Sheet'!D37+'Bal. Sheet'!D21)*100 -> 3.3872379 | F18: =F17/('Bal. Sheet'!E25+'Bal. Sheet'!E37+'Bal. Sheet'!E21)*100 -> 4.2711151 | G18: =G17/('Bal. Sheet'!F25+'Bal. Sheet'!F37+'Bal. Sheet'!F21)*100 -> 9.7751685 | H18: =H17/('Bal. Sheet'!G25+'Bal. Sheet'!G37+'Bal. Sheet'!G21)*100 -> 6.0484692 | I18: =I17/('Bal. Sheet'!H25+'Bal. Sheet'!H37+'Bal. Sheet'!H21)*100 -> 8.7408158 | J18: =J17/('Bal. Sheet'!I25+'Bal. Sheet'!I37+'Bal. Sheet'!I21)*100 -> 2.8941374 | ... P18: =P17/('Bal. Sheet'!O25+'Bal. Sheet'!O37+'Bal. Sheet'!O21)*100 -> 0.62576709
A19: Liquidity Ratios
A20: Current ratio | B20: current assets/current liabilities | C20: ='Bal. Sheet'!B8/'Bal. Sheet'!B24 -> 2.5459264 | D20: ='Bal. Sheet'!C8/'Bal. Sheet'!C24 -> 3.2838775 | E20: ='Bal. Sheet'!D8/'Bal. Sheet'!D24 -> 4.2231164 | F20: ='Bal. Sheet'!E8/'Bal. Sheet'!E24 -> 7.5008797 | G20: ='Bal. Sheet'!F8/'Bal. Sheet'!F24 -> 7.435889 | H20: ='Bal. Sheet'!G8/'Bal. Sheet'!G24 -> 8.2829342 | I20: ='Bal. Sheet'!H8/'Bal. Sheet'!H24 -> 8.4074804 | J20: ='Bal. Sheet'!I8/'Bal. Sheet'!I24 -> 7.3959591 | ... P20: ='Bal. Sheet'!O8/'Bal. Sheet'!O24 -> 8.2281556
A21: Days in customers A/R | B21: Net accounts receivable / total revenue × 365 | C21: ='Bal. Sheet'!B5/'Inc. Stmt.'!B5*365 -> 2.8338627 | D21: ='Bal. Sheet'!C5/'Inc. Stmt.'!C5*365 -> 2.1761867 | E21: ='Bal. Sheet'!D5/'Inc. Stmt.'!D5*365 -> 1.9536055 | F21: ='Bal. Sheet'!E5/'Inc. Stmt.'!E5*365 -> 1.7876954 | G21: ='Bal. Sheet'!F5/'Inc. Stmt.'!F5*365 -> 1.098036 | H21: ='Bal. Sheet'!G5/'Inc. Stmt.'!G5*365 -> 2.1829657 | I21: ='Bal. Sheet'!H5/'Inc. Stmt.'!H5*365 -> 2.4098653 | J21: ='Bal. Sheet'!I5/'Inc. Stmt.'!I5*365 -> 2.0631739 | ... P21: ='Bal. Sheet'!O5/'Inc. Stmt.'!O5*365 -> 2.1829657
A22: Average payment period | B22: Current liabilities / (total operating expenses - depreciation and amortization) × 365 | C22: ='Bal. Sheet'!B24/('Inc. Stmt.'!B8+'Inc. Stmt.'!B10-'Cash Flow Stmt.'!B5)*365 -> 191.8744 | D22: ='Bal. Sheet'!C24/('Inc. Stmt.'!C8+'Inc. Stmt.'!C10-'Cash Flow Stmt.'!C5)*365 -> 125.46529 | E22: ='Bal. Sheet'!D24/('Inc. Stmt.'!D8+'Inc. Stmt.'!D10-'Cash Flow Stmt.'!D5)*365 -> 92.108832 | F22: ='Bal. Sheet'!E24/('Inc. Stmt.'!E8+'Inc. Stmt.'!E10-'Cash Flow Stmt.'!E5)*365 -> 55.21225 | G22: ='Bal. Sheet'!F24/('Inc. Stmt.'!F8+'Inc. Stmt.'!F10-'Cash Flow Stmt.'!F5)*365 -> 54.317231 | H22: ='Bal. Sheet'!G24/('Inc. Stmt.'!G8+'Inc. Stmt.'!G10-'Cash Flow Stmt.'!G5)*365 -> 54.655596 | I22: ='Bal. Sheet'!H24/('Inc. Stmt.'!H8+'Inc. Stmt.'!H10-'Cash Flow Stmt.'!H5)*365 -> 57.046535 | J22: ='Bal. Sheet'!I24/('Inc. Stmt.'!I8+'Inc. Stmt.'!I10-'Cash Flow Stmt.'!I5)*365 -> 71.373965 | ... P22: ='Bal. Sheet'!O24/('Inc. Stmt.'!O8+'Inc. Stmt.'!O10-'Cash Flow Stmt.'!O5)*365 -> 60.262314
A23: Quick Ratio | B23: (Current Assets−Inventory−Prepaid Expenses)​/Current Liabilities | C23: =('Bal. Sheet'!B8-'Bal. Sheet'!B6)/'Bal. Sheet'!B24 -> 0.22036738 | D23: =('Bal. Sheet'!C8-'Bal. Sheet'!C6)/'Bal. Sheet'!C24 -> 0.23126874 | E23: =('Bal. Sheet'!D8-'Bal. Sheet'!D6)/'Bal. Sheet'!D24 -> 0.28489166 | F23: =('Bal. Sheet'!E8-'Bal. Sheet'!E6)/'Bal. Sheet'!E24 -> 0.71295732 | G23: =('Bal. Sheet'!F8-'Bal. Sheet'!F6)/'Bal. Sheet'!F24 -> 0.58936649 | H23: =('Bal. Sheet'!G8-'Bal. Sheet'!G6)/'Bal. Sheet'!G24 -> 1.0669861 | I23: =('Bal. Sheet'!H8-'Bal. Sheet'!H6)/'Bal. Sheet'!H24 -> 0.74061193 | J23: =('Bal. Sheet'!I8-'Bal. Sheet'!I6)/'Bal. Sheet'!I24 -> 0.82878698 | ... P23: =('Bal. Sheet'!O8-'Bal. Sheet'!O6)/'Bal. Sheet'!O24 -> 0.7013798
A24: Capital Structure Ratios
A25: Debt Ratio | B25: Interest-bearing debt / total assets × 100 | C25: =('Bal. Sheet'!B22+'Bal. Sheet'!B23+'Bal. Sheet'!B25)/'Bal. Sheet'!B16*100 -> 25.558591 | D25: =('Bal. Sheet'!C22+'Bal. Sheet'!C23+'Bal. Sheet'!C25)/'Bal. Sheet'!C16*100 -> 27.188737 | E25: =('Bal. Sheet'!D22+'Bal. Sheet'!D23+'Bal. Sheet'!D25)/'Bal. Sheet'!D16*100 -> 22.234785 | F25: =('Bal. Sheet'!E22+'Bal. Sheet'!E23+'Bal. Sheet'!E25)/'Bal. Sheet'!E16*100 -> 23.658612 | G25: =('Bal. Sheet'!F22+'Bal. Sheet'!F23+'Bal. Sheet'!F25)/'Bal. Sheet'!F16*100 -> 22.217041 | H25: =('Bal. Sheet'!G22+'Bal. Sheet'!G23+'Bal. Sheet'!G25)/'Bal. Sheet'!G16*100 -> 18.228619 | I25: =('Bal. Sheet'!H22+'Bal. Sheet'!H23+'Bal. Sheet'!H25)/'Bal. Sheet'!H16*100 -> 14.960307 | J25: =('Bal. Sheet'!I22+'Bal. Sheet'!I23+'Bal. Sheet'!I25)/'Bal. Sheet'!I16*100 -> 14.9463 | ... P25: =('Bal. Sheet'!O22+'Bal. Sheet'!O23+'Bal. Sheet'!O25)/'Bal. Sheet'!O16*100 -> 2.0749505
A26: Equity ratio | B26: Total equity / total assets × 100 | C26: ='Bal. Sheet'!B37/'Bal. Sheet'!B16*100 -> 61.940803 | D26: ='Bal. Sheet'!C37/'Bal. Sheet'!C16*100 -> 61.264547 | E26: ='Bal. Sheet'!D37/'Bal. Sheet'!D16*100 -> 65.673355 | F26: ='Bal. Sheet'!E37/'Bal. Sheet'!E16*100 -> 62.501908 | G26: ='Bal. Sheet'!F37/'Bal. Sheet'!F16*100 -> 65.400214 | H26: ='Bal. Sheet'!G37/'Bal. Sheet'!G16*100 -> 69.265863 | I26: ='Bal. Sheet'!H37/'Bal. Sheet'!H16*100 -> 73.48704 | J26: ='Bal. Sheet'!I37/'Bal. Sheet'!I16*100 -> 73.815294 | ... P26: ='Bal. Sheet'!O37/'Bal. Sheet'!O16*100 -> 88.469353
A27: Debt / Equity | B27: Interest-bearing debt / total equity | C27: =('Bal. Sheet'!B22+'Bal. Sheet'!B23+'Bal. Sheet'!B25)/'Bal. Sheet'!B37 -> 0.41262932 | D27: =('Bal. Sheet'!C22+'Bal. Sheet'!C23+'Bal. Sheet'!C25)/'Bal. Sheet'!C37 -> 0.44379235 | E27: =('Bal. Sheet'!D22+'Bal. Sheet'!D23+'Bal. Sheet'!D25)/'Bal. Sheet'!D37 -> 0.3385663 | F27: =('Bal. Sheet'!E22+'Bal. Sheet'!E23+'Bal. Sheet'!E25)/'Bal. Sheet'!E37 -> 0.37852624 | G27: =('Bal. Sheet'!F22+'Bal. Sheet'!F23+'Bal. Sheet'!F25)/'Bal. Sheet'!F37 -> 0.339709 | H27: =('Bal. Sheet'!G22+'Bal. Sheet'!G23+'Bal. Sheet'!G25)/'Bal. Sheet'!G37 -> 0.26316888 | I27: =('Bal. Sheet'!H22+'Bal. Sheet'!H23+'Bal. Sheet'!H25)/'Bal. Sheet'!H37 -> 0.20357748 | J27: =('Bal. Sheet'!I22+'Bal. Sheet'!I23+'Bal. Sheet'!I25)/'Bal. Sheet'!I37 -> 0.20248243 | ... P27: =('Bal. Sheet'!O22+'Bal. Sheet'!O23+'Bal. Sheet'!O25)/'Bal. Sheet'!O37 -> 0.02345389
A28: Capitalization ratio | B28: Long-term debt / (long-term debt + total equity) × 100 | C28: ='Bal. Sheet'!B25/('Bal. Sheet'!B25+'Bal. Sheet'!B37)*100 -> 0 | D28: ='Bal. Sheet'!C25/('Bal. Sheet'!C25+'Bal. Sheet'!C37)*100 -> 12.037698 | E28: ='Bal. Sheet'!D25/('Bal. Sheet'!D25+'Bal. Sheet'!D37)*100 -> 14.603696 | F28: ='Bal. Sheet'!E25/('Bal. Sheet'!E25+'Bal. Sheet'!E37)*100 -> 27.402585 | G28: ='Bal. Sheet'!F25/('Bal. Sheet'!F25+'Bal. Sheet'!F37)*100 -> 23.67232 | H28: ='Bal. Sheet'!G25/('Bal. Sheet'!G25+'Bal. Sheet'!G37)*100 -> 20.324201 | I28: ='Bal. Sheet'!H25/('Bal. Sheet'!H25+'Bal. Sheet'!H37)*100 -> 15.317965 | J28: ='Bal. Sheet'!I25/('Bal. Sheet'!I25+'Bal. Sheet'!I37)*100 -> 13.90573 | ... P28: ='Bal. Sheet'!O25/('Bal. Sheet'!O25+'Bal. Sheet'!O37)*100 -> 0
A29: Coverage Ratios
A30: TIE Ratio | B30: EBIT / estimated interest expense; interest is average interest-bearing debt × pre-tax cost of debt | C30: =('Inc. Stmt.'!B15+('Bal. Sheet'!B22+'Bal. Sheet'!B23+'Bal. Sheet'!B25)*'Cost of Debt Calc.'!$C$30)/(('Bal. Sheet'!B22+'Bal. Sheet'!B23+'Bal. Sheet'!B25)*'Cost of Debt Calc.'!$C$30) -> 9.7004301 | D30: =('Inc. Stmt.'!C15+((('Bal. Sheet'!B22+'Bal. Sheet'!B23+'Bal. Sheet'!B25)+('Bal. Sheet'!C22+'Bal. Sheet'!C23+'Bal. Sheet'!C25))/2)*'Cost of Debt Calc.'!$C$30)/(((('Bal. Sheet'!B22+'Bal. Sheet'!B23+'Bal. Sheet'!B25)+('Bal. Sheet'!C22+'Bal. Sheet'!C23+'Bal. Sheet'!C25))/2)*'Cost of Debt Calc.'!$C$30) -> 9.2118866 | E30: =('Inc. Stmt.'!D15+((('Bal. Sheet'!C22+'Bal. Sheet'!C23+'Bal. Sheet'!C25)+('Bal. Sheet'!D22+'Bal. Sheet'!D23+'Bal. Sheet'!D25))/2)*'Cost of Debt Calc.'!$C$30)/(((('Bal. Sheet'!C22+'Bal. Sheet'!C23+'Bal. Sheet'!C25)+('Bal. Sheet'!D22+'Bal. Sheet'!D23+'Bal. Sheet'!D25))/2)*'Cost of Debt Calc.'!$C$30) -> 14.315336 | F30: =('Inc. Stmt.'!E15+((('Bal. Sheet'!D22+'Bal. Sheet'!D23+'Bal. Sheet'!D25)+('Bal. Sheet'!E22+'Bal. Sheet'!E23+'Bal. Sheet'!E25))/2)*'Cost of Debt Calc.'!$C$30)/(((('Bal. Sheet'!D22+'Bal. Sheet'!D23+'Bal. Sheet'!D25)+('Bal. Sheet'!E22+'Bal. Sheet'!E23+'Bal. Sheet'!E25))/2)*'Cost of Debt Calc.'!$C$30) -> 20.724241 | G30: =('Inc. Stmt.'!F15+((('Bal. Sheet'!E22+'Bal. Sheet'!E23+'Bal. Sheet'!E25)+('Bal. Sheet'!F22+'Bal. Sheet'!F23+'Bal. Sheet'!F25))/2)*'Cost of Debt Calc.'!$C$30)/(((('Bal. Sheet'!E22+'Bal. Sheet'!E23+'Bal. Sheet'!E25)+('Bal. Sheet'!F22+'Bal. Sheet'!F23+'Bal. Sheet'!F25))/2)*'Cost of Debt Calc.'!$C$30) -> 25.035704 | H30: =('Inc. Stmt.'!G15+((('Bal. Sheet'!F22+'Bal. Sheet'!F23+'Bal. Sheet'!F25)+('Bal. Sheet'!G22+'Bal. Sheet'!G23+'Bal. Sheet'!G25))/2)*'Cost of Debt Calc.'!$C$30)/(((('Bal. Sheet'!F22+'Bal. Sheet'!F23+'Bal. Sheet'!F25)+('Bal. Sheet'!G22+'Bal. Sheet'!G23+'Bal. Sheet'!G25))/2)*'Cost of Debt Calc.'!$C$30) -> 24.375962 | I30: =('Inc. Stmt.'!H15+((('Bal. Sheet'!G22+'Bal. Sheet'!G23+'Bal. Sheet'!G25)+('Bal. Sheet'!H22+'Bal. Sheet'!H23+'Bal. Sheet'!H25))/2)*'Cost of Debt Calc.'!$C$30)/(((('Bal. Sheet'!G22+'Bal. Sheet'!G23+'Bal. Sheet'!G25)+('Bal. Sheet'!H22+'Bal. Sheet'!H23+'Bal. Sheet'!H25))/2)*'Cost of Debt Calc.'!$C$30) -> 32.975804 | J30: =('Inc. Stmt.'!I15+((('Bal. Sheet'!H22+'Bal. Sheet'!H23+'Bal. Sheet'!H25)+('Bal. Sheet'!I22+'Bal. Sheet'!I23+'Bal. Sheet'!I25))/2)*'Cost of Debt Calc.'!$C$30)/(((('Bal. Sheet'!H22+'Bal. Sheet'!H23+'Bal. Sheet'!H25)+('Bal. Sheet'!I22+'Bal. Sheet'!I23+'Bal. Sheet'!I25))/2)*'Cost of Debt Calc.'!$C$30) -> 27.105781 | K30: =('Inc. Stmt.'!J15+((('Bal. Sheet'!I22+'Bal. Sheet'!I23+'Bal. Sheet'!I25)+('Bal. Sheet'!J22+'Bal. Sheet'!J23+'Bal. Sheet'!J25))/2)*'Cost of Debt Calc.'!$C$30)/(((('Bal. Sheet'!I22+'Bal. Sheet'!I23+'Bal. Sheet'!I25)+('Bal. Sheet'!J22+'Bal. Sheet'!J23+'Bal. Sheet'!J25))/2)*'Cost of Debt Calc.'!$C$30) -> 28.43232 | ... P30: =('Inc. Stmt.'!O15+((('Bal. Sheet'!N22+'Bal. Sheet'!N23+'Bal. Sheet'!N25)+('Bal. Sheet'!O22+'Bal. Sheet'!O23+'Bal. Sheet'!O25))/2)*'Cost of Debt Calc.'!$C$30)/(((('Bal. Sheet'!N22+'Bal. Sheet'!N23+'Bal. Sheet'!N25)+('Bal. Sheet'!O22+'Bal. Sheet'!O23+'Bal. Sheet'!O25))/2)*'Cost of Debt Calc.'!$C$30) -> 168.51927
A31: Cash flow to total debt | B31: (Net income + depreciation + amortization)/(current liabilties and long term debt) | C31: =('Inc. Stmt.'!B17+'Cash Flow Stmt.'!B5)/('Bal. Sheet'!B24+'Bal. Sheet'!B25) -> 0.2345788 | D31: =('Inc. Stmt.'!C17+'Cash Flow Stmt.'!C5)/('Bal. Sheet'!C24+'Bal. Sheet'!C25) -> 0.21039074 | E31: =('Inc. Stmt.'!D17+'Cash Flow Stmt.'!D5)/('Bal. Sheet'!D24+'Bal. Sheet'!D25) -> 0.37312727 | F31: =('Inc. Stmt.'!E17+'Cash Flow Stmt.'!E5)/('Bal. Sheet'!E24+'Bal. Sheet'!E25) -> 0.40392408 | G31: =('Inc. Stmt.'!F17+'Cash Flow Stmt.'!F5)/('Bal. Sheet'!F24+'Bal. Sheet'!F25) -> 0.58195691 | H31: =('Inc. Stmt.'!G17+'Cash Flow Stmt.'!G5)/('Bal. Sheet'!G24+'Bal. Sheet'!G25) -> 0.56538919 | I31: =('Inc. Stmt.'!H17+'Cash Flow Stmt.'!H5)/('Bal. Sheet'!H24+'Bal. Sheet'!H25) -> 0.7647885 | J31: =('Inc. Stmt.'!I17+'Cash Flow Stmt.'!I5)/('Bal. Sheet'!I24+'Bal. Sheet'!I25) -> 0.54421945 | ... P31: =('Inc. Stmt.'!O17+'Cash Flow Stmt.'!O5)/('Bal. Sheet'!O24+'Bal. Sheet'!O25) -> 1.0729191
A32: Debt service coverage ratio | B32: (Net income + depreciation and amortization) / (principal repayments + estimated interest expense) | C32: =('Inc. Stmt.'!B17+'Cash Flow Stmt.'!B5)/((MAX(0,-'Cash Flow Stmt.'!B34)+MAX(0,-'Cash Flow Stmt.'!B35))+('Bal. Sheet'!B22+'Bal. Sheet'!B23+'Bal. Sheet'!B25)*'Cost of Debt Calc.'!$C$30) -> 0.84998796 | D32: =('Inc. Stmt.'!C17+'Cash Flow Stmt.'!C5)/((MAX(0,-'Cash Flow Stmt.'!C34)+MAX(0,-'Cash Flow Stmt.'!C35))+((('Bal. Sheet'!B22+'Bal. Sheet'!B23+'Bal. Sheet'!B25)+('Bal. Sheet'!C22+'Bal. Sheet'!C23+'Bal. Sheet'!C25))/2)*'Cost of Debt Calc.'!$C$30) -> 0.24931074 | E32: =('Inc. Stmt.'!D17+'Cash Flow Stmt.'!D5)/((MAX(0,-'Cash Flow Stmt.'!D34)+MAX(0,-'Cash Flow Stmt.'!D35))+((('Bal. Sheet'!C22+'Bal. Sheet'!C23+'Bal. Sheet'!C25)+('Bal. Sheet'!D22+'Bal. Sheet'!D23+'Bal. Sheet'!D25))/2)*'Cost of Debt Calc.'!$C$30) -> 0.28699361 | F32: =('Inc. Stmt.'!E17+'Cash Flow Stmt.'!E5)/((MAX(0,-'Cash Flow Stmt.'!E34)+MAX(0,-'Cash Flow Stmt.'!E35))+((('Bal. Sheet'!D22+'Bal. Sheet'!D23+'Bal. Sheet'!D25)+('Bal. Sheet'!E22+'Bal. Sheet'!E23+'Bal. Sheet'!E25))/2)*'Cost of Debt Calc.'!$C$30) -> 0.2383956 | G32: =('Inc. Stmt.'!F17+'Cash Flow Stmt.'!F5)/((MAX(0,-'Cash Flow Stmt.'!F34)+MAX(0,-'Cash Flow Stmt.'!F35))+((('Bal. Sheet'!E22+'Bal. Sheet'!E23+'Bal. Sheet'!E25)+('Bal. Sheet'!F22+'Bal. Sheet'!F23+'Bal. Sheet'!F25))/2)*'Cost of Debt Calc.'!$C$30) -> 0.75595676 | H32: =('Inc. Stmt.'!G17+'Cash Flow Stmt.'!G5)/((MAX(0,-'Cash Flow Stmt.'!G34)+MAX(0,-'Cash Flow Stmt.'!G35))+((('Bal. Sheet'!F22+'Bal. Sheet'!F23+'Bal. Sheet'!F25)+('Bal. Sheet'!G22+'Bal. Sheet'!G23+'Bal. Sheet'!G25))/2)*'Cost of Debt Calc.'!$C$30) -> 5.2812417 | I32: =('Inc. Stmt.'!H17+'Cash Flow Stmt.'!H5)/((MAX(0,-'Cash Flow Stmt.'!H34)+MAX(0,-'Cash Flow Stmt.'!H35))+((('Bal. Sheet'!G22+'Bal. Sheet'!G23+'Bal. Sheet'!G25)+('Bal. Sheet'!H22+'Bal. Sheet'!H23+'Bal. Sheet'!H25))/2)*'Cost of Debt Calc.'!$C$30) -> 3.1376044 | J32: =('Inc. Stmt.'!I17+'Cash Flow Stmt.'!I5)/((MAX(0,-'Cash Flow Stmt.'!I34)+MAX(0,-'Cash Flow Stmt.'!I35))+((('Bal. Sheet'!H22+'Bal. Sheet'!H23+'Bal. Sheet'!H25)+('Bal. Sheet'!I22+'Bal. Sheet'!I23+'Bal. Sheet'!I25))/2)*'Cost of Debt Calc.'!$C$30) -> 6.2559562 | K32: =('Inc. Stmt.'!J17+'Cash Flow Stmt.'!J5)/((MAX(0,-'Cash Flow Stmt.'!J34)+MAX(0,-'Cash Flow Stmt.'!J35))+((('Bal. Sheet'!I22+'Bal. Sheet'!I23+'Bal. Sheet'!I25)+('Bal. Sheet'!J22+'Bal. Sheet'!J23+'Bal. Sheet'!J25))/2)*'Cost of Debt Calc.'!$C$30) -> 2.1278045 | ... P32: =('Inc. Stmt.'!O17+'Cash Flow Stmt.'!O5)/((MAX(0,-'Cash Flow Stmt.'!O34)+MAX(0,-'Cash Flow Stmt.'!O35))+((('Bal. Sheet'!N22+'Bal. Sheet'!N23+'Bal. Sheet'!N25)+('Bal. Sheet'!O22+'Bal. Sheet'!O23+'Bal. Sheet'!O25))/2)*'Cost of Debt Calc.'!$C$30) -> 130.63706
A33: Cash flow coverage | B33: (EBIT + depreciation and amortization) / (estimated interest expense + principal repayments / (1 - tax rate)) | C33: =('Inc. Stmt.'!B15+('Bal. Sheet'!B22+'Bal. Sheet'!B23+'Bal. Sheet'!B25)*'Cost of Debt Calc.'!$C$30+'Cash Flow Stmt.'!B5)/(('Bal. Sheet'!B22+'Bal. Sheet'!B23+'Bal. Sheet'!B25)*'Cost of Debt Calc.'!$C$30+((MAX(0,-'Cash Flow Stmt.'!B34)+MAX(0,-'Cash Flow Stmt.'!B35))/(1-('Inc. Stmt.'!B16/'Inc. Stmt.'!B15)))) -> 0.95944722 | D33: =('Inc. Stmt.'!C15+((('Bal. Sheet'!B22+'Bal. Sheet'!B23+'Bal. Sheet'!B25)+('Bal. Sheet'!C22+'Bal. Sheet'!C23+'Bal. Sheet'!C25))/2)*'Cost of Debt Calc.'!$C$30+'Cash Flow Stmt.'!C5)/(((('Bal. Sheet'!B22+'Bal. Sheet'!B23+'Bal. Sheet'!B25)+('Bal. Sheet'!C22+'Bal. Sheet'!C23+'Bal. Sheet'!C25))/2)*'Cost of Debt Calc.'!$C$30+((MAX(0,-'Cash Flow Stmt.'!C34)+MAX(0,-'Cash Flow Stmt.'!C35))/(1-('Inc. Stmt.'!C16/'Inc. Stmt.'!C15)))) -> 0.27808698 | E33: =('Inc. Stmt.'!D15+((('Bal. Sheet'!C22+'Bal. Sheet'!C23+'Bal. Sheet'!C25)+('Bal. Sheet'!D22+'Bal. Sheet'!D23+'Bal. Sheet'!D25))/2)*'Cost of Debt Calc.'!$C$30+'Cash Flow Stmt.'!D5)/(((('Bal. Sheet'!C22+'Bal. Sheet'!C23+'Bal. Sheet'!C25)+('Bal. Sheet'!D22+'Bal. Sheet'!D23+'Bal. Sheet'!D25))/2)*'Cost of Debt Calc.'!$C$30+((MAX(0,-'Cash Flow Stmt.'!D34)+MAX(0,-'Cash Flow Stmt.'!D35))/(1-('Inc. Stmt.'!D16/'Inc. Stmt.'!D15)))) -> 0.3077455 | F33: =('Inc. Stmt.'!E15+((('Bal. Sheet'!D22+'Bal. Sheet'!D23+'Bal. Sheet'!D25)+('Bal. Sheet'!E22+'Bal. Sheet'!E23+'Bal. Sheet'!E25))/2)*'Cost of Debt Calc.'!$C$30+'Cash Flow Stmt.'!E5)/(((('Bal. Sheet'!D22+'Bal. Sheet'!D23+'Bal. Sheet'!D25)+('Bal. Sheet'!E22+'Bal. Sheet'!E23+'Bal. Sheet'!E25))/2)*'Cost of Debt Calc.'!$C$30+((MAX(0,-'Cash Flow Stmt.'!E34)+MAX(0,-'Cash Flow Stmt.'!E35))/(1-('Inc. Stmt.'!E16/'Inc. Stmt.'!E15)))) -> 0.25044419 | G33: =('Inc. Stmt.'!F15+((('Bal. Sheet'!E22+'Bal. Sheet'!E23+'Bal. Sheet'!E25)+('Bal. Sheet'!F22+'Bal. Sheet'!F23+'Bal. Sheet'!F25))/2)*'Cost of Debt Calc.'!$C$30+'Cash Flow Stmt.'!F5)/(((('Bal. Sheet'!E22+'Bal. Sheet'!E23+'Bal. Sheet'!E25)+('Bal. Sheet'!F22+'Bal. Sheet'!F23+'Bal. Sheet'!F25))/2)*'Cost of Debt Calc.'!$C$30+((MAX(0,-'Cash Flow Stmt.'!F34)+MAX(0,-'Cash Flow Stmt.'!F35))/(1-('Inc. Stmt.'!F16/'Inc. Stmt.'!F15)))) -> 0.79249368 | H33: =('Inc. Stmt.'!G15+((('Bal. Sheet'!F22+'Bal. Sheet'!F23+'Bal. Sheet'!F25)+('Bal. Sheet'!G22+'Bal. Sheet'!G23+'Bal. Sheet'!G25))/2)*'Cost of Debt Calc.'!$C$30+'Cash Flow Stmt.'!G5)/(((('Bal. Sheet'!F22+'Bal. Sheet'!F23+'Bal. Sheet'!F25)+('Bal. Sheet'!G22+'Bal. Sheet'!G23+'Bal. Sheet'!G25))/2)*'Cost of Debt Calc.'!$C$30+((MAX(0,-'Cash Flow Stmt.'!G34)+MAX(0,-'Cash Flow Stmt.'!G35))/(1-('Inc. Stmt.'!G16/'Inc. Stmt.'!G15)))) -> 5.852266 | I33: =('Inc. Stmt.'!H15+((('Bal. Sheet'!G22+'Bal. Sheet'!G23+'Bal. Sheet'!G25)+('Bal. Sheet'!H22+'Bal. Sheet'!H23+'Bal. Sheet'!H25))/2)*'Cost of Debt Calc.'!$C$30+'Cash Flow Stmt.'!H5)/(((('Bal. Sheet'!G22+'Bal. Sheet'!G23+'Bal. Sheet'!G25)+('Bal. Sheet'!H22+'Bal. Sheet'!H23+'Bal. Sheet'!H25))/2)*'Cost of Debt Calc.'!$C$30+((MAX(0,-'Cash Flow Stmt.'!H34)+MAX(0,-'Cash Flow Stmt.'!H35))/(1-('Inc. Stmt.'!H16/'Inc. Stmt.'!H15)))) -> 3.3005733 | J33: =('Inc. Stmt.'!I15+((('Bal. Sheet'!H22+'Bal. Sheet'!H23+'Bal. Sheet'!H25)+('Bal. Sheet'!I22+'Bal. Sheet'!I23+'Bal. Sheet'!I25))/2)*'Cost of Debt Calc.'!$C$30+'Cash Flow Stmt.'!I5)/(((('Bal. Sheet'!H22+'Bal. Sheet'!H23+'Bal. Sheet'!H25)+('Bal. Sheet'!I22+'Bal. Sheet'!I23+'Bal. Sheet'!I25))/2)*'Cost of Debt Calc.'!$C$30+((MAX(0,-'Cash Flow Stmt.'!I34)+MAX(0,-'Cash Flow Stmt.'!I35))/(1-('Inc. Stmt.'!I16/'Inc. Stmt.'!I15)))) -> 6.9701766 | K33: =('Inc. Stmt.'!J15+((('Bal. Sheet'!I22+'Bal. Sheet'!I23+'Bal. Sheet'!I25)+('Bal. Sheet'!J22+'Bal. Sheet'!J23+'Bal. Sheet'!J25))/2)*'Cost of Debt Calc.'!$C$30+'Cash Flow Stmt.'!J5)/(((('Bal. Sheet'!I22+'Bal. Sheet'!I23+'Bal. Sheet'!I25)+('Bal. Sheet'!J22+'Bal. Sheet'!J23+'Bal. Sheet'!J25))/2)*'Cost of Debt Calc.'!$C$30+((MAX(0,-'Cash Flow Stmt.'!J34)+MAX(0,-'Cash Flow Stmt.'!J35))/(1-('Inc. Stmt.'!J16/'Inc. Stmt.'!J15)))) -> 2.2502287 | ... P33: =('Inc. Stmt.'!O15+((('Bal. Sheet'!N22+'Bal. Sheet'!N23+'Bal. Sheet'!N25)+('Bal. Sheet'!O22+'Bal. Sheet'!O23+'Bal. Sheet'!O25))/2)*'Cost of Debt Calc.'!$C$30+'Cash Flow Stmt.'!O5)/(((('Bal. Sheet'!N22+'Bal. Sheet'!N23+'Bal. Sheet'!N25)+('Bal. Sheet'!O22+'Bal. Sheet'!O23+'Bal. Sheet'!O25))/2)*'Cost of Debt Calc.'!$C$30+((MAX(0,-'Cash Flow Stmt.'!O34)+MAX(0,-'Cash Flow Stmt.'!O35))/(1-('Inc. Stmt.'!O16/'Inc. Stmt.'!O15)))) -> 170.2315
A34: Cushion Ratio | B34: Cash and equivalents / (principal repayments + estimated interest expense) | C34: ='Bal. Sheet'!B4/((MAX(0,-'Cash Flow Stmt.'!B34)+MAX(0,-'Cash Flow Stmt.'!B35))+('Bal. Sheet'!B22+'Bal. Sheet'!B23+'Bal. Sheet'!B25)*'Cost of Debt Calc.'!$C$30) -> 0.52596768 | D34: ='Bal. Sheet'!C4/((MAX(0,-'Cash Flow Stmt.'!C34)+MAX(0,-'Cash Flow Stmt.'!C35))+((('Bal. Sheet'!B22+'Bal. Sheet'!B23+'Bal. Sheet'!B25)+('Bal. Sheet'!C22+'Bal. Sheet'!C23+'Bal. Sheet'!C25))/2)*'Cost of Debt Calc.'!$C$30) -> 0.13943508 | E34: ='Bal. Sheet'!D4/((MAX(0,-'Cash Flow Stmt.'!D34)+MAX(0,-'Cash Flow Stmt.'!D35))+((('Bal. Sheet'!C22+'Bal. Sheet'!C23+'Bal. Sheet'!C25)+('Bal. Sheet'!D22+'Bal. Sheet'!D23+'Bal. Sheet'!D25))/2)*'Cost of Debt Calc.'!$C$30) -> 0.079473009 | F34: ='Bal. Sheet'!E4/((MAX(0,-'Cash Flow Stmt.'!E34)+MAX(0,-'Cash Flow Stmt.'!E35))+((('Bal. Sheet'!D22+'Bal. Sheet'!D23+'Bal. Sheet'!D25)+('Bal. Sheet'!E22+'Bal. Sheet'!E23+'Bal. Sheet'!E25))/2)*'Cost of Debt Calc.'!$C$30) -> 0.10767827 | G34: ='Bal. Sheet'!F4/((MAX(0,-'Cash Flow Stmt.'!F34)+MAX(0,-'Cash Flow Stmt.'!F35))+((('Bal. Sheet'!E22+'Bal. Sheet'!E23+'Bal. Sheet'!E25)+('Bal. Sheet'!F22+'Bal. Sheet'!F23+'Bal. Sheet'!F25))/2)*'Cost of Debt Calc.'!$C$30) -> 0.22287013 | H34: ='Bal. Sheet'!G4/((MAX(0,-'Cash Flow Stmt.'!G34)+MAX(0,-'Cash Flow Stmt.'!G35))+((('Bal. Sheet'!F22+'Bal. Sheet'!F23+'Bal. Sheet'!F25)+('Bal. Sheet'!G22+'Bal. Sheet'!G23+'Bal. Sheet'!G25))/2)*'Cost of Debt Calc.'!$C$30) -> 3.3956263 | I34: ='Bal. Sheet'!H4/((MAX(0,-'Cash Flow Stmt.'!H34)+MAX(0,-'Cash Flow Stmt.'!H35))+((('Bal. Sheet'!G22+'Bal. Sheet'!G23+'Bal. Sheet'!G25)+('Bal. Sheet'!H22+'Bal. Sheet'!H23+'Bal. Sheet'!H25))/2)*'Cost of Debt Calc.'!$C$30) -> 1.1872571 | J34: ='Bal. Sheet'!I4/((MAX(0,-'Cash Flow Stmt.'!I34)+MAX(0,-'Cash Flow Stmt.'!I35))+((('Bal. Sheet'!H22+'Bal. Sheet'!H23+'Bal. Sheet'!H25)+('Bal. Sheet'!I22+'Bal. Sheet'!I23+'Bal. Sheet'!I25))/2)*'Cost of Debt Calc.'!$C$30) -> 4.4746553 | K34: ='Bal. Sheet'!J4/((MAX(0,-'Cash Flow Stmt.'!J34)+MAX(0,-'Cash Flow Stmt.'!J35))+((('Bal. Sheet'!I22+'Bal. Sheet'!I23+'Bal. Sheet'!I25)+('Bal. Sheet'!J22+'Bal. Sheet'!J23+'Bal. Sheet'!J25))/2)*'Cost of Debt Calc.'!$C$30) -> 1.7989066 | ... P34: ='Bal. Sheet'!O4/((MAX(0,-'Cash Flow Stmt.'!O34)+MAX(0,-'Cash Flow Stmt.'!O35))+((('Bal. Sheet'!N22+'Bal. Sheet'!N23+'Bal. Sheet'!N25)+('Bal. Sheet'!O22+'Bal. Sheet'!O23+'Bal. Sheet'!O25))/2)*'Cost of Debt Calc.'!$C$30) -> 75.055928
A35: Capital expense ratio | B35: (Estimated interest expense + depreciation and amortization) / total operating expenses × 100 | C35: =(('Bal. Sheet'!B22+'Bal. Sheet'!B23+'Bal. Sheet'!B25)*'Cost of Debt Calc.'!$C$30+'Cash Flow Stmt.'!B5)/('Inc. Stmt.'!B8+'Inc. Stmt.'!B10)*100 -> 2.2412205 | D35: =(((('Bal. Sheet'!B22+'Bal. Sheet'!B23+'Bal. Sheet'!B25)+('Bal. Sheet'!C22+'Bal. Sheet'!C23+'Bal. Sheet'!C25))/2)*'Cost of Debt Calc.'!$C$30+'Cash Flow Stmt.'!C5)/('Inc. Stmt.'!C8+'Inc. Stmt.'!C10)*100 -> 1.8507285 | E35: =(((('Bal. Sheet'!C22+'Bal. Sheet'!C23+'Bal. Sheet'!C25)+('Bal. Sheet'!D22+'Bal. Sheet'!D23+'Bal. Sheet'!D25))/2)*'Cost of Debt Calc.'!$C$30+'Cash Flow Stmt.'!D5)/('Inc. Stmt.'!D8+'Inc. Stmt.'!D10)*100 -> 1.6860682 | F35: =(((('Bal. Sheet'!D22+'Bal. Sheet'!D23+'Bal. Sheet'!D25)+('Bal. Sheet'!E22+'Bal. Sheet'!E23+'Bal. Sheet'!E25))/2)*'Cost of Debt Calc.'!$C$30+'Cash Flow Stmt.'!E5)/('Inc. Stmt.'!E8+'Inc. Stmt.'!E10)*100 -> 1.3422799 | G35: =(((('Bal. Sheet'!E22+'Bal. Sheet'!E23+'Bal. Sheet'!E25)+('Bal. Sheet'!F22+'Bal. Sheet'!F23+'Bal. Sheet'!F25))/2)*'Cost of Debt Calc.'!$C$30+'Cash Flow Stmt.'!F5)/('Inc. Stmt.'!F8+'Inc. Stmt.'!F10)*100 -> 1.3485156 | H35: =(((('Bal. Sheet'!F22+'Bal. Sheet'!F23+'Bal. Sheet'!F25)+('Bal. Sheet'!G22+'Bal. Sheet'!G23+'Bal. Sheet'!G25))/2)*'Cost of Debt Calc.'!$C$30+'Cash Flow Stmt.'!G5)/('Inc. Stmt.'!G8+'Inc. Stmt.'!G10)*100 -> 1.4260037 | I35: =(((('Bal. Sheet'!G22+'Bal. Sheet'!G23+'Bal. Sheet'!G25)+('Bal. Sheet'!H22+'Bal. Sheet'!H23+'Bal. Sheet'!H25))/2)*'Cost of Debt Calc.'!$C$30+'Cash Flow Stmt.'!H5)/('Inc. Stmt.'!H8+'Inc. Stmt.'!H10)*100 -> 1.2877626 | J35: =(((('Bal. Sheet'!H22+'Bal. Sheet'!H23+'Bal. Sheet'!H25)+('Bal. Sheet'!I22+'Bal. Sheet'!I23+'Bal. Sheet'!I25))/2)*'Cost of Debt Calc.'!$C$30+'Cash Flow Stmt.'!I5)/('Inc. Stmt.'!I8+'Inc. Stmt.'!I10)*100 -> 1.2438024 | K35: =(((('Bal. Sheet'!I22+'Bal. Sheet'!I23+'Bal. Sheet'!I25)+('Bal. Sheet'!J22+'Bal. Sheet'!J23+'Bal. Sheet'!J25))/2)*'Cost of Debt Calc.'!$C$30+'Cash Flow Stmt.'!J5)/('Inc. Stmt.'!J8+'Inc. Stmt.'!J10)*100 -> 1.1677574 | ... P35: =(((('Bal. Sheet'!N22+'Bal. Sheet'!N23+'Bal. Sheet'!N25)+('Bal. Sheet'!O22+'Bal. Sheet'!O23+'Bal. Sheet'!O25))/2)*'Cost of Debt Calc.'!$C$30+'Cash Flow Stmt.'!O5)/('Inc. Stmt.'!O8+'Inc. Stmt.'!O10)*100 -> 0.36692087
A36: Asset Efficiency
A37: Total asset turnover | B37: Total revenue/ total assets | C37: ='Inc. Stmt.'!B5/'Bal. Sheet'!B16 -> 0.79544173 | D37: ='Inc. Stmt.'!C5/'Bal. Sheet'!C16 -> 0.9041973 | E37: ='Inc. Stmt.'!D5/'Bal. Sheet'!D16 -> 0.98702934 | F37: ='Inc. Stmt.'!E5/'Bal. Sheet'!E16 -> 0.98664362 | G37: ='Inc. Stmt.'!F5/'Bal. Sheet'!F16 -> 1.0616776 | H37: ='Inc. Stmt.'!G5/'Bal. Sheet'!G16 -> 0.93424433 | I37: ='Inc. Stmt.'!H5/'Bal. Sheet'!H16 -> 0.93286604 | J37: ='Inc. Stmt.'!I5/'Bal. Sheet'!I16 -> 0.834023 | ... P37: ='Inc. Stmt.'!O5/'Bal. Sheet'!O16 -> 0.85865776
A38: Fixed asset turnover | B38: Total revenue / net property and equipment | C38: ='Inc. Stmt.'!B5/'Bal. Sheet'!B11 -> 132.97377 | D38: ='Inc. Stmt.'!C5/'Bal. Sheet'!C11 -> 183.72244 | E38: ='Inc. Stmt.'!D5/'Bal. Sheet'!D11 -> 271.49402 | F38: ='Inc. Stmt.'!E5/'Bal. Sheet'!E11 -> 498.88905 | G38: ='Inc. Stmt.'!F5/'Bal. Sheet'!F11 -> 602.19013 | H38: ='Inc. Stmt.'!G5/'Bal. Sheet'!G11 -> 252.01446 | I38: ='Inc. Stmt.'!H5/'Bal. Sheet'!H11 -> 320.4004 | J38: ='Inc. Stmt.'!I5/'Bal. Sheet'!I11 -> 264.63818 | ... P38: ='Inc. Stmt.'!O5/'Bal. Sheet'!O11 -> 162.5725
A39: Current asset turnover | B39: total revenue/current assets | C39: ='Inc. Stmt.'!B5/'Bal. Sheet'!B8 -> 0.85156844 | D39: ='Inc. Stmt.'!C5/'Bal. Sheet'!C8 -> 0.97656472 | E39: ='Inc. Stmt.'!D5/'Bal. Sheet'!D8 -> 1.0775999 | F39: ='Inc. Stmt.'!E5/'Bal. Sheet'!E8 -> 1.0546544 | G39: ='Inc. Stmt.'!F5/'Bal. Sheet'!F8 -> 1.1376211 | H39: ='Inc. Stmt.'!G5/'Bal. Sheet'!G8 -> 1.010101 | I39: ='Inc. Stmt.'!H5/'Bal. Sheet'!H8 -> 0.98777739 | J39: ='Inc. Stmt.'!I5/'Bal. Sheet'!I8 -> 0.87501428 | ... P39: ='Inc. Stmt.'!O5/'Bal. Sheet'!O8 -> 0.90503244
A40: inventory turnover | B40: Total cost of revenue / ending inventory | C40: ='Inc. Stmt.'!B8/'Bal. Sheet'!B6 -> 0.73743761 | D40: ='Inc. Stmt.'!C8/'Bal. Sheet'!C6 -> 0.82617471 | E40: ='Inc. Stmt.'!D8/'Bal. Sheet'!D6 -> 0.87779573 | F40: ='Inc. Stmt.'!E8/'Bal. Sheet'!E6 -> 0.86465051 | G40: ='Inc. Stmt.'!F8/'Bal. Sheet'!F6 -> 0.86791689 | H40: ='Inc. Stmt.'!G8/'Bal. Sheet'!G6 -> 0.80192379 | I40: ='Inc. Stmt.'!H8/'Bal. Sheet'!H6 -> 0.72013158 | J40: ='Inc. Stmt.'!I8/'Bal. Sheet'!I6 -> 0.6740426 | K40: 0.69 | L40: 0.66 | M40: 0.66 | N40: 0.695 | O40: 0.7 | P40: 0.72
A41: NCI % share | B41: Net income attributable to NCI / net income | C41: ='Inc. Stmt.'!B18/'Inc. Stmt.'!B17 -> 0.20007748 | D41: ='Inc. Stmt.'!C18/'Inc. Stmt.'!C17 -> 0.087804423 | E41: ='Inc. Stmt.'!D18/'Inc. Stmt.'!D17 -> 0.034839597 | F41: ='Inc. Stmt.'!E18/'Inc. Stmt.'!E17 -> 0.069336191 | G41: ='Inc. Stmt.'!F18/'Inc. Stmt.'!F17 -> 0.070373284 | H41: ='Inc. Stmt.'!G18/'Inc. Stmt.'!G17 -> 0.071896959 | I41: ='Inc. Stmt.'!H18/'Inc. Stmt.'!H17 -> 0.08527286 | J41: ='Inc. Stmt.'!I18/'Inc. Stmt.'!I17 -> 0.082498805 | ... P41: ='Inc. Stmt.'!O18/'Inc. Stmt.'!O17 -> 0.092833219
A42: Other Financial Ratios
A43: Capital expenditure growth rate | B43: Capital expenditures / estimated gross fixed assets × 100; gross fixed assets = net PP&E + cumulative D&A since 2018 | C43: =(-'Cash Flow Stmt.'!B27/('Bal. Sheet'!B11+SUM('Cash Flow Stmt.'!$B$5:B$5)))*100 -> 42.067339 | D43: =(-'Cash Flow Stmt.'!C27/('Bal. Sheet'!C11+SUM('Cash Flow Stmt.'!$B$5:C$5)))*100 -> 24.866905 | E43: =(-'Cash Flow Stmt.'!D27/('Bal. Sheet'!D11+SUM('Cash Flow Stmt.'!$B$5:D$5)))*100 -> 21.855003 | F43: =(-'Cash Flow Stmt.'!E27/('Bal. Sheet'!E11+SUM('Cash Flow Stmt.'!$B$5:E$5)))*100 -> 13.283915 | G43: =(-'Cash Flow Stmt.'!F27/('Bal. Sheet'!F11+SUM('Cash Flow Stmt.'!$B$5:F$5)))*100 -> 11.355683 | H43: =(-'Cash Flow Stmt.'!G27/('Bal. Sheet'!G11+SUM('Cash Flow Stmt.'!$B$5:G$5)))*100 -> 30.718954 | I43: =(-'Cash Flow Stmt.'!H27/('Bal. Sheet'!H11+SUM('Cash Flow Stmt.'!$B$5:H$5)))*100 -> 14.660442 | J43: =(-'Cash Flow Stmt.'!I27/('Bal. Sheet'!I11+SUM('Cash Flow Stmt.'!$B$5:I$5)))*100 -> 15.140366 | ... P43: =(-'Cash Flow Stmt.'!O27/('Bal. Sheet'!O11+SUM('Cash Flow Stmt.'!$B$5:O$5)))*100 -> 9.9435104
A44: Replacement viability ratio | B44: Long-term investments / cumulative D&A since 2018 × 100 (proxy for accumulated depreciation) | C44: =('Bal. Sheet'!B9/SUM('Cash Flow Stmt.'!$B$5:B$5))*100 -> 688.71899 | D44: =('Bal. Sheet'!C9/SUM('Cash Flow Stmt.'!$B$5:C$5))*100 -> 503.05546 | E44: =('Bal. Sheet'!D9/SUM('Cash Flow Stmt.'!$B$5:D$5))*100 -> 479.38687 | F44: =('Bal. Sheet'!E9/SUM('Cash Flow Stmt.'!$B$5:E$5))*100 -> 447.36165 | G44: =('Bal. Sheet'!F9/SUM('Cash Flow Stmt.'!$B$5:F$5))*100 -> 501.5474 | H44: =('Bal. Sheet'!G9/SUM('Cash Flow Stmt.'!$B$5:G$5))*100 -> 461.48059 | I44: =('Bal. Sheet'!H9/SUM('Cash Flow Stmt.'!$B$5:H$5))*100 -> 260.87069 | J44: =('Bal. Sheet'!I9/SUM('Cash Flow Stmt.'!$B$5:I$5))*100 -> 239.18125 | ... P44: =('Bal. Sheet'!O9/SUM('Cash Flow Stmt.'!$B$5:O$5))*100 -> 174.015
A45: Market to book ratio | B45: Market capitalization / book equity; historical uses latest annual price and future years use the model target price | C45: {=(IF(VALUE(LEFT(C$2,4))<=YEAR('Stock Returns'!$B$2),LOOKUP(2,1/(YEAR('Stock Returns'!$A$7:$A$105)=VALUE(LEFT(C$2,4))),'Stock Returns'!$B$7:$B$105),'Valuation Summary'!$G$4))*'Inc. Stmt.'!B25/'Bal. Sheet'!B37} -> 0.75514068 | D45: {=(IF(VALUE(LEFT(D$2,4))<=YEAR('Stock Returns'!$B$2),LOOKUP(2,1/(YEAR('Stock Returns'!$A$7:$A$105)=VALUE(LEFT(D$2,4))),'Stock Returns'!$B$7:$B$105),'Valuation Summary'!$G$4))*'Inc. Stmt.'!C25/'Bal. Sheet'!C37} -> 1.0837187 | E45: {=(IF(VALUE(LEFT(E$2,4))<=YEAR('Stock Returns'!$B$2),LOOKUP(2,1/(YEAR('Stock Returns'!$A$7:$A$105)=VALUE(LEFT(E$2,4))),'Stock Returns'!$B$7:$B$105),'Valuation Summary'!$G$4))*'Inc. Stmt.'!D25/'Bal. Sheet'!D37} -> 1.7958686 | F45: {=(IF(VALUE(LEFT(F$2,4))<=YEAR('Stock Returns'!$B$2),LOOKUP(2,1/(YEAR('Stock Returns'!$A$7:$A$105)=VALUE(LEFT(F$2,4))),'Stock Returns'!$B$7:$B$105),'Valuation Summary'!$G$4))*'Inc. Stmt.'!E25/'Bal. Sheet'!E37} -> 1.7303267 | G45: {=(IF(VALUE(LEFT(G$2,4))<=YEAR('Stock Returns'!$B$2),LOOKUP(2,1/(YEAR('Stock Returns'!$A$7:$A$105)=VALUE(LEFT(G$2,4))),'Stock Returns'!$B$7:$B$105),'Valuation Summary'!$G$4))*'Inc. Stmt.'!F25/'Bal. Sheet'!F37} -> 1.0662126 | H45: {=(IF(VALUE(LEFT(H$2,4))<=YEAR('Stock Returns'!$B$2),LOOKUP(2,1/(YEAR('Stock Returns'!$A$7:$A$105)=VALUE(LEFT(H$2,4))),'Stock Returns'!$B$7:$B$105),'Valuation Summary'!$G$4))*'Inc. Stmt.'!G25/'Bal. Sheet'!G37} -> 1.7909271 | I45: {=(IF(VALUE(LEFT(I$2,4))<=YEAR('Stock Returns'!$B$2),LOOKUP(2,1/(YEAR('Stock Returns'!$A$7:$A$105)=VALUE(LEFT(I$2,4))),'Stock Returns'!$B$7:$B$105),'Valuation Summary'!$G$4))*'Inc. Stmt.'!H25/'Bal. Sheet'!H37} -> 1.5206089 | J45: {=(IF(VALUE(LEFT(J$2,4))<=YEAR('Stock Returns'!$B$2),LOOKUP(2,1/(YEAR('Stock Returns'!$A$7:$A$105)=VALUE(LEFT(J$2,4))),'Stock Returns'!$B$7:$B$105),'Valuation Summary'!$G$4))*'Inc. Stmt.'!I25/'Bal. Sheet'!I37} -> 1.5270836 | ... P45: {=(IF(VALUE(LEFT(P$2,4))<=YEAR('Stock Returns'!$B$2),LOOKUP(2,1/(YEAR('Stock Returns'!$A$7:$A$105)=VALUE(LEFT(P$2,4))),'Stock Returns'!$B$7:$B$105),'Valuation Summary'!$G$4))*'Inc. Stmt.'!O25/'Bal. Sheet'!O37} -> 1.2379595
A46: Price to earnings ratio | B46: Share price / diluted earnings per share; historical uses latest annual price and future years use the model target price | C46: {=(IF(VALUE(LEFT(C$2,4))<=YEAR('Stock Returns'!$B$2),LOOKUP(2,1/(YEAR('Stock Returns'!$A$7:$A$105)=VALUE(LEFT(C$2,4))),'Stock Returns'!$B$7:$B$105),'Valuation Summary'!$G$4))/'Inc. Stmt.'!B23} -> 7.0980392 | D46: {=(IF(VALUE(LEFT(D$2,4))<=YEAR('Stock Returns'!$B$2),LOOKUP(2,1/(YEAR('Stock Returns'!$A$7:$A$105)=VALUE(LEFT(D$2,4))),'Stock Returns'!$B$7:$B$105),'Valuation Summary'!$G$4))/'Inc. Stmt.'!C23} -> 9.8965517 | E46: {=(IF(VALUE(LEFT(E$2,4))<=YEAR('Stock Returns'!$B$2),LOOKUP(2,1/(YEAR('Stock Returns'!$A$7:$A$105)=VALUE(LEFT(E$2,4))),'Stock Returns'!$B$7:$B$105),'Valuation Summary'!$G$4))/'Inc. Stmt.'!D23} -> 10.25 | F46: {=(IF(VALUE(LEFT(F$2,4))<=YEAR('Stock Returns'!$B$2),LOOKUP(2,1/(YEAR('Stock Returns'!$A$7:$A$105)=VALUE(LEFT(F$2,4))),'Stock Returns'!$B$7:$B$105),'Valuation Summary'!$G$4))/'Inc. Stmt.'!E23} -> 8.1532258 | G46: {=(IF(VALUE(LEFT(G$2,4))<=YEAR('Stock Returns'!$B$2),LOOKUP(2,1/(YEAR('Stock Returns'!$A$7:$A$105)=VALUE(LEFT(G$2,4))),'Stock Returns'!$B$7:$B$105),'Valuation Summary'!$G$4))/'Inc. Stmt.'!F23} -> 4.0249169 | H46: {=(IF(VALUE(LEFT(H$2,4))<=YEAR('Stock Returns'!$B$2),LOOKUP(2,1/(YEAR('Stock Returns'!$A$7:$A$105)=VALUE(LEFT(H$2,4))),'Stock Returns'!$B$7:$B$105),'Valuation Summary'!$G$4))/'Inc. Stmt.'!G23} -> 8.4592834 | I46: {=(IF(VALUE(LEFT(I$2,4))<=YEAR('Stock Returns'!$B$2),LOOKUP(2,1/(YEAR('Stock Returns'!$A$7:$A$105)=VALUE(LEFT(I$2,4))),'Stock Returns'!$B$7:$B$105),'Valuation Summary'!$G$4))/'Inc. Stmt.'!H23} -> 6.6852071 | J46: {=(IF(VALUE(LEFT(J$2,4))<=YEAR('Stock Returns'!$B$2),LOOKUP(2,1/(YEAR('Stock Returns'!$A$7:$A$105)=VALUE(LEFT(J$2,4))),'Stock Returns'!$B$7:$B$105),'Valuation Summary'!$G$4))/'Inc. Stmt.'!I23} -> 9.2065776 | ... P46: {=(IF(VALUE(LEFT(P$2,4))<=YEAR('Stock Returns'!$B$2),LOOKUP(2,1/(YEAR('Stock Returns'!$A$7:$A$105)=VALUE(LEFT(P$2,4))),'Stock Returns'!$B$7:$B$105),'Valuation Summary'!$G$4))/'Inc. Stmt.'!O23} -> 9.8882973
A47: Price cash flow ratio | B47: Share price / cash flow per diluted share, where cash flow = net income + D&A | C47: {=(IF(VALUE(LEFT(C$2,4))<=YEAR('Stock Returns'!$B$2),LOOKUP(2,1/(YEAR('Stock Returns'!$A$7:$A$105)=VALUE(LEFT(C$2,4))),'Stock Returns'!$B$7:$B$105),'Valuation Summary'!$G$4))*'Inc. Stmt.'!B24/('Inc. Stmt.'!B17+'Cash Flow Stmt.'!B5)} -> 5.4452894 | D47: {=(IF(VALUE(LEFT(D$2,4))<=YEAR('Stock Returns'!$B$2),LOOKUP(2,1/(YEAR('Stock Returns'!$A$7:$A$105)=VALUE(LEFT(D$2,4))),'Stock Returns'!$B$7:$B$105),'Valuation Summary'!$G$4))*'Inc. Stmt.'!C24/('Inc. Stmt.'!C17+'Cash Flow Stmt.'!C5)} -> 8.6090203 | E47: {=(IF(VALUE(LEFT(E$2,4))<=YEAR('Stock Returns'!$B$2),LOOKUP(2,1/(YEAR('Stock Returns'!$A$7:$A$105)=VALUE(LEFT(E$2,4))),'Stock Returns'!$B$7:$B$105),'Valuation Summary'!$G$4))*'Inc. Stmt.'!D24/('Inc. Stmt.'!D17+'Cash Flow Stmt.'!D5)} -> 9.5588062 | F47: {=(IF(VALUE(LEFT(F$2,4))<=YEAR('Stock Returns'!$B$2),LOOKUP(2,1/(YEAR('Stock Returns'!$A$7:$A$105)=VALUE(LEFT(F$2,4))),'Stock Returns'!$B$7:$B$105),'Valuation Summary'!$G$4))*'Inc. Stmt.'!E24/('Inc. Stmt.'!E17+'Cash Flow Stmt.'!E5)} -> 7.476885 | G47: {=(IF(VALUE(LEFT(G$2,4))<=YEAR('Stock Returns'!$B$2),LOOKUP(2,1/(YEAR('Stock Returns'!$A$7:$A$105)=VALUE(LEFT(G$2,4))),'Stock Returns'!$B$7:$B$105),'Valuation Summary'!$G$4))*'Inc. Stmt.'!F24/('Inc. Stmt.'!F17+'Cash Flow Stmt.'!F5)} -> 3.675276 | H47: {=(IF(VALUE(LEFT(H$2,4))<=YEAR('Stock Returns'!$B$2),LOOKUP(2,1/(YEAR('Stock Returns'!$A$7:$A$105)=VALUE(LEFT(H$2,4))),'Stock Returns'!$B$7:$B$105),'Valuation Summary'!$G$4))*'Inc. Stmt.'!G24/('Inc. Stmt.'!G17+'Cash Flow Stmt.'!G5)} -> 7.6878634 | I47: {=(IF(VALUE(LEFT(I$2,4))<=YEAR('Stock Returns'!$B$2),LOOKUP(2,1/(YEAR('Stock Returns'!$A$7:$A$105)=VALUE(LEFT(I$2,4))),'Stock Returns'!$B$7:$B$105),'Valuation Summary'!$G$4))*'Inc. Stmt.'!H24/('Inc. Stmt.'!H17+'Cash Flow Stmt.'!H5)} -> 6.0017797 | J47: {=(IF(VALUE(LEFT(J$2,4))<=YEAR('Stock Returns'!$B$2),LOOKUP(2,1/(YEAR('Stock Returns'!$A$7:$A$105)=VALUE(LEFT(J$2,4))),'Stock Returns'!$B$7:$B$105),'Valuation Summary'!$G$4))*'Inc. Stmt.'!I24/('Inc. Stmt.'!I17+'Cash Flow Stmt.'!I5)} -> 8.2595778 | ... P47: {=(IF(VALUE(LEFT(P$2,4))<=YEAR('Stock Returns'!$B$2),LOOKUP(2,1/(YEAR('Stock Returns'!$A$7:$A$105)=VALUE(LEFT(P$2,4))),'Stock Returns'!$B$7:$B$105),'Valuation Summary'!$G$4))*'Inc. Stmt.'!O24/('Inc. Stmt.'!O17+'Cash Flow Stmt.'!O5)} -> 8.7576846
A48: Debt to Capital Ratio | B48: Interest-bearing debt / (interest-bearing debt + total equity) × 100 | C48: =('Bal. Sheet'!B22+'Bal. Sheet'!B23+'Bal. Sheet'!B25)/(('Bal. Sheet'!B22+'Bal. Sheet'!B23+'Bal. Sheet'!B25)+'Bal. Sheet'!B37)*100 -> 29.210021 | D48: =('Bal. Sheet'!C22+'Bal. Sheet'!C23+'Bal. Sheet'!C25)/(('Bal. Sheet'!C22+'Bal. Sheet'!C23+'Bal. Sheet'!C25)+'Bal. Sheet'!C37)*100 -> 30.737963 | E48: =('Bal. Sheet'!D22+'Bal. Sheet'!D23+'Bal. Sheet'!D25)/(('Bal. Sheet'!D22+'Bal. Sheet'!D23+'Bal. Sheet'!D25)+'Bal. Sheet'!D37)*100 -> 25.293203 | F48: =('Bal. Sheet'!E22+'Bal. Sheet'!E23+'Bal. Sheet'!E25)/(('Bal. Sheet'!E22+'Bal. Sheet'!E23+'Bal. Sheet'!E25)+'Bal. Sheet'!E37)*100 -> 27.458762 | G48: =('Bal. Sheet'!F22+'Bal. Sheet'!F23+'Bal. Sheet'!F25)/(('Bal. Sheet'!F22+'Bal. Sheet'!F23+'Bal. Sheet'!F25)+'Bal. Sheet'!F37)*100 -> 25.356924 | H48: =('Bal. Sheet'!G22+'Bal. Sheet'!G23+'Bal. Sheet'!G25)/(('Bal. Sheet'!G22+'Bal. Sheet'!G23+'Bal. Sheet'!G25)+'Bal. Sheet'!G37)*100 -> 20.834022 | I48: =('Bal. Sheet'!H22+'Bal. Sheet'!H23+'Bal. Sheet'!H25)/(('Bal. Sheet'!H22+'Bal. Sheet'!H23+'Bal. Sheet'!H25)+'Bal. Sheet'!H37)*100 -> 16.914364 | J48: =('Bal. Sheet'!I22+'Bal. Sheet'!I23+'Bal. Sheet'!I25)/(('Bal. Sheet'!I22+'Bal. Sheet'!I23+'Bal. Sheet'!I25)+'Bal. Sheet'!I37)*100 -> 16.838702 | ... P48: =('Bal. Sheet'!O22+'Bal. Sheet'!O23+'Bal. Sheet'!O25)/(('Bal. Sheet'!O22+'Bal. Sheet'!O23+'Bal. Sheet'!O25)+'Bal. Sheet'!O37)*100 -> 2.2916411
A49: EBITDA | B49: Income before income taxes + depreciation and amortization | C49: ='Inc. Stmt.'!B15+'Cash Flow Stmt.'!B5 -> 84614 | D49: ='Inc. Stmt.'!C15+'Cash Flow Stmt.'!C5 -> 87408 | E49: ='Inc. Stmt.'!D15+'Cash Flow Stmt.'!D5 -> 146479 | F49: ='Inc. Stmt.'!E15+'Cash Flow Stmt.'!E5 -> 259730 | G49: ='Inc. Stmt.'!F15+'Cash Flow Stmt.'!F5 -> 398832 | H49: ='Inc. Stmt.'!G15+'Cash Flow Stmt.'!G5 -> 394858 | I49: ='Inc. Stmt.'!H15+'Cash Flow Stmt.'!H5 -> 516759 | J49: ='Inc. Stmt.'!I15+'Cash Flow Stmt.'!I5 -> 439154.91 | ... P49: ='Inc. Stmt.'!O15+'Cash Flow Stmt.'!O5 -> 526049.25
A50: EBITDA Margin | B50: EBITDA / total revenue | C50: ='Inc. Stmt.'!B43 -> 0.13567611 | D50: ='Inc. Stmt.'!C43 -> 0.11041104 | E50: ='Inc. Stmt.'!D43 -> 0.15007771 | F50: ='Inc. Stmt.'!E43 -> 0.1851411 | G50: ='Inc. Stmt.'!F43 -> 0.22689361 | H50: ='Inc. Stmt.'!G43 -> 0.22211609 | I50: ='Inc. Stmt.'!H43 -> 0.24619963 | J50: ='Inc. Stmt.'!I43 -> 0.20978841 | ... P50: ='Inc. Stmt.'!O43 -> 0.18664449
A51: Historical Payout Ratio | B51: Distributions to noncontrolling interests / net income attributable to NCI | C51: ='Cash Flow Stmt.'!B42/'Inc. Stmt.'!B18 -> -0.83232652 | D51: ='Cash Flow Stmt.'!C42/'Inc. Stmt.'!C18 -> -1.9470422 | E51: ='Cash Flow Stmt.'!D42/'Inc. Stmt.'!D18 -> -1.2794834 | F51: ='Cash Flow Stmt.'!E42/'Inc. Stmt.'!E18 -> -0.46616329 | G51: ='Cash Flow Stmt.'!F42/'Inc. Stmt.'!F18 -> -0.48504322 | H51: ='Cash Flow Stmt.'!G42/'Inc. Stmt.'!G18 -> -0.86425688 | I51: ='Cash Flow Stmt.'!H42/'Inc. Stmt.'!H18 -> -0.47185989

Sheet Cost of Debt Calc.
A1: Pre-Tax Cost of Debt
A2: Methods
A3: 1) Weighted avg of senior unsecured note book value yields
B4: Fair Value of Notes | C4: 255900 | D4: Inputs found on page 21 of 10-Q
B5: Face Value of Note | C5: 262500
B6: Weighted Average Coupon Rate | C6: 0.0334
B7: Coupon Payment | C7: =C5*C6 -> 8767.5
B8: Weighted Average Maturity | C8: 3.15
B9: Pre-Tax Cost of Debt | C9: =RATE(C8,C7,-C4,C5) -> 0.042089252
A11: 5) Use recent bank loan rate
B12: Borrowing on lines of credit minus mortage warehouse lines | C12: 50000
B13: senior unsecured note | C13: 261877
B14: Notes payable | C14: 14871
B15: Total Debt (according to Flagstar) | C15: =SUM(C12:C14) -> 326748 | D15: Leverage ratio to SOFR rate found in December 2025 8K
B16: Total Equity | C16: 1831634
B17: Intangible | C17: 218
B18: Goodwill | C18: 680
B19: Tangible Net Worth (according to Flagstar) | C19: =C16-C17-C18 -> 1830736
B20: Leverage ratio | C20: =C15/C19 -> 0.17847904
B21: Pre-tax Cost of debt | C21: =0.0366+0.015 -> 0.0516
A23: 6) Use industry cost of debt
B24: Damadoran's Homebuilding Cost of Debt | C24: 0.0553
A27: Final: Average 1 and 5
A28: Method 1 | C28: =C9 -> 0.042089252
A29: Method 5 | C29: =C21 -> 0.0516
A30: Final | C30: =AVERAGE(C28:C29) -> 0.046844626

Sheet Tax Rate Calc.
A1: Tax Rate
A2: Federal Statutory Rate | B2: 0.21
A3: Texas (Central) Tax Rate | B3: 0.0075
A4: Central % of Revenue | B4: =1489582/2070246 -> 0.71951932 | C4: Data from revenue recognition in 10-K
A5: Georgia Tax Rate | B5: 0.0519
A6: Florida Tax Rate | B6: 0.055
A7: South East % of Revenue | B7: =580664/2070246 -> 0.28048068
A8: Weighted Average Composite Tax Rate | B8: =B2+(B3*B4)+(AVERAGE(B5:B6)*B7) -> 0.23038809

Sheet S&P Returns
A1: Year | B1: S&P 500 | C1: Dividends | D1: Total Yield | E1: Dividend Yield | F1: T.Bond rate | G1: Return on bond | H1: Aaa Bond Rate | I1: Return on Aaa | J1: Baa Bond Rate | K1: Return on Baa | L1: Returns on Real Estate
A2: 1927 | B2: 17.66 | C2: =E2*B2 -> 0.6181 | E2: 0.035 | F2: 0.0317 | H2: 0.0468 | J2: 0.0568
A3: 1928 | B3: 24.35 | C3: =E3*B3 -> 1.04705 | D3: =((B3+C3)-B2)/B2 -> 0.43811155 | E3: 0.043 | F3: 0.0345 | G3: =((F2*(1-(1+F3)^(-10))/F3+1/(1+F3)^10)-1)+F2 -> 0.0083547086 | H3: 0.0446 | I3: =((H2*(1-(1+H3)^(-10))/H3+1/(1+H3)^10)-1)+H2 -> 0.064242267 | J3: 0.0532 | K3: =((J2*(1-(1+J3)^(-10))/J3+1/(1+J3)^10)-1)+J2 -> 0.084171278 | L3: -0.037320631
A4: 1929 | B4: 21.45 | C4: =E4*B4 -> 0.87945 | D4: =((B4+C4)-B3)/B3 -> -0.082979466 | E4: 0.041 | F4: 0.0336 | G4: =((F3*(1-(1+F4)^(-10))/F4+1/(1+F4)^10)-1)+F3 -> 0.042038042 | H4: 0.0461 | I4: =((H3*(1-(1+H4)^(-10))/H4+1/(1+H4)^10)-1)+H3 -> 0.032794856 | J4: 0.056 | K4: =((J3*(1-(1+J4)^(-10))/J4+1/(1+J4)^10)-1)+J3 -> 0.032195515 | L4: 0.014910639
A5: 1930 | B5: 15.34 | C5: =E5*B5 -> 0.72098 | D5: =((B5+C5)-B4)/B4 -> -0.25123636 | E5: 0.047 | F5: 0.0322 | G5: =((F4*(1-(1+F5)^(-10))/F5+1/(1+F5)^10)-1)+F4 -> 0.045409314 | H5: 0.0467 | I5: =((H4*(1-(1+H5)^(-10))/H5+1/(1+H5)^10)-1)+H4 -> 0.041391804 | J5: 0.0595 | K5: =((J4*(1-(1+J5)^(-10))/J5+1/(1+J5)^10)-1)+J4 -> 0.030178562 | L5: -0.020568075
A6: 1931 | B6: 8.12 | C6: =E6*B6 -> 0.49532 | D6: =((B6+C6)-B5)/B5 -> -0.43837549 | E6: 0.061 | F6: 0.0393 | G6: =((F5*(1-(1+F6)^(-10))/F6+1/(1+F6)^10)-1)+F5 -> -0.02558856 | H6: 0.0452 | I6: =((H5*(1-(1+H6)^(-10))/H6+1/(1+H6)^10)-1)+H5 -> 0.058557414 | J6: 0.0671 | K6: =((J5*(1-(1+J6)^(-10))/J6+1/(1+J6)^10)-1)+J5 -> 0.0053978095 | L6: -0.042999993
A7: 1932 | B7: 6.92 | C7: =E7*B7 -> 0.49824 | D7: =((B7+C7)-B6)/B6 -> -0.086423645 | E7: 0.072 | F7: 0.0335 | G7: =((F6*(1-(1+F7)^(-10))/F7+1/(1+F7)^10)-1)+F6 -> 0.08790307 | H7: 0.0532 | I7: =((H6*(1-(1+H7)^(-10))/H7+1/(1+H7)^10)-1)+H6 -> -0.015625061 | J7: 0.1042 | K7: =((J6*(1-(1+J7)^(-10))/J7+1/(1+J7)^10)-1)+J6 -> -0.15680775 | L7: -0.081504822
A8: 1933 | B8: 9.97 | C8: =E8*B8 -> 0.40877 | D8: =((B8+C8)-B7)/B7 -> 0.49982225 | E8: 0.041 | F8: 0.0353 | G8: =((F7*(1-(1+F8)^(-10))/F8+1/(1+F8)^10)-1)+F7 -> 0.018552721 | H8: 0.0459 | I8: =((H7*(1-(1+H8)^(-10))/H8+1/(1+H8)^10)-1)+H7 -> 0.11070808 | J8: 0.0842 | K8: =((J7*(1-(1+J8)^(-10))/J8+1/(1+J8)^10)-1)+J7 -> 0.23589602 | L8: -0.10466428
A9: 1934 | B9: 9.5 | C9: =E9*B9 -> 0.3515 | D9: =((B9+C9)-B8)/B8 -> -0.011885657 | E9: 0.037 | F9: 0.0301 | G9: =((F8*(1-(1+F9)^(-10))/F9+1/(1+F9)^10)-1)+F8 -> 0.079634426 | H9: 0.045 | I9: =((H8*(1-(1+H9)^(-10))/H9+1/(1+H9)^10)-1)+H8 -> 0.053021446 | J9: 0.0775 | K9: =((J8*(1-(1+J9)^(-10))/J9+1/(1+J9)^10)-1)+J8 -> 0.12966894 | L9: -0.03811948
A10: 1935 | B10: 13.43 | C10: =E10*B10 -> 0.51034 | D10: =((B10+C10)-B9)/B9 -> 0.46740421 | E10: 0.038 | F10: 0.0284 | G10: =((F9*(1-(1+F10)^(-10))/F10+1/(1+F10)^10)-1)+F9 -> 0.044720477 | H10: 0.0381 | I10: =((H9*(1-(1+H10)^(-10))/H10+1/(1+H10)^10)-1)+H9 -> 0.1014983 | J10: 0.0623 | K10: =((J9*(1-(1+J10)^(-10))/J10+1/(1+J10)^10)-1)+J9 -> 0.18816429 | L10: 0.029062073
A11: 1936 | B11: 17.18 | C11: 0.54 | D11: =((B11+C11)-B10)/B10 -> 0.3194341 | E11: =C11/B11 -> 0.031431898 | F11: 0.0259 | G11: =((F10*(1-(1+F11)^(-10))/F11+1/(1+F11)^10)-1)+F10 -> 0.050178754 | H11: 0.0344 | I11: =((H10*(1-(1+H11)^(-10))/H11+1/(1+H11)^10)-1)+H10 -> 0.068964709 | J11: 0.053 | K11: =((J10*(1-(1+J11)^(-10))/J11+1/(1+J11)^10)-1)+J10 -> 0.13307732 | L11: 0.097658281
A12: 1937 | B12: 10.55 | C12: =E12*B12 -> 0.55915 | D12: =((B12+C12)-B11)/B11 -> -0.35336729 | E12: 0.053 | F12: 0.0273 | G12: =((F11*(1-(1+F12)^(-10))/F12+1/(1+F12)^10)-1)+F11 -> 0.013791461 | H12: 0.031 | I12: =((H11*(1-(1+H12)^(-10))/H12+1/(1+H12)^10)-1)+H11 -> 0.063255237 | J12: 0.0453 | K12: =((J11*(1-(1+J12)^(-10))/J12+1/(1+J12)^10)-1)+J11 -> 0.11383816 | L12: 0.032186067
A13: 1938 | B13: 13.14 | C13: =E13*B13 -> 0.49932 | D13: =((B13+C13)-B12)/B12 -> 0.29282654 | E13: 0.038 | F13: 0.0256 | G13: =((F12*(1-(1+F13)^(-10))/F13+1/(1+F13)^10)-1)+F12 -> 0.042132485 | H13: 0.0321 | I13: =((H12*(1-(1+H13)^(-10))/H13+1/(1+H13)^10)-1)+H12 -> 0.021716542 | J13: 0.0573 | K13: =((J12*(1-(1+J13)^(-10))/J13+1/(1+J13)^10)-1)+J12 -> -0.044161917 | L13: 0.025633982
A14: 1939 | B14: 12.46 | C14: =E14*B14 -> 0.53578 | D14: =((B14+C14)-B13)/B13 -> -0.010975647 | E14: 0.043 | F14: 0.0235 | G14: =((F13*(1-(1+F14)^(-10))/F14+1/(1+F14)^10)-1)+F13 -> 0.044122614 | H14: 0.0308 | I14: =((H13*(1-(1+H14)^(-10))/H14+1/(1+H14)^10)-1)+H13 -> 0.043144127 | J14: 0.0527 | K14: =((J13*(1-(1+J14)^(-10))/J14+1/(1+J14)^10)-1)+J13 -> 0.092358817 | L14: -0.0087369579
A15: 1940 | B15: 10.58 | C15: =E15*B15 -> 0.55016 | D15: =((B15+C15)-B14)/B14 -> -0.10672873 | E15: 0.052 | F15: 0.0201 | G15: =((F14*(1-(1+F15)^(-10))/F15+1/(1+F15)^10)-1)+F14 -> 0.054024816 | H15: 0.0294 | I15: =((H14*(1-(1+H15)^(-10))/H15+1/(1+H15)^10)-1)+H14 -> 0.042778935 | J15: 0.0492 | K15: =((J14*(1-(1+J15)^(-10))/J15+1/(1+J15)^10)-1)+J14 -> 0.079831378 | L15: -0.013016039
A16: 1941 | B16: 8.69 | C16: =E16*B16 -> 0.53878 | D16: =((B16+C16)-B15)/B15 -> -0.12771456 | E16: 0.062 | F16: 0.0247 | G16: =((F15*(1-(1+F16)^(-10))/F16+1/(1+F16)^10)-1)+F15 -> -0.020221976 | H16: 0.0271 | I16: =((H15*(1-(1+H16)^(-10))/H16+1/(1+H16)^10)-1)+H15 -> 0.049313057 | J16: 0.0445 | K16: =((J15*(1-(1+J16)^(-10))/J16+1/(1+J16)^10)-1)+J15 -> 0.086481372 | L16: 0.033066027
A17: 1942 | B17: 9.77 | C17: =E17*B17 -> 0.5862 | D17: =((B17+C17)-B16)/B16 -> 0.19173763 | E17: 0.06 | F17: 0.0249 | G17: =((F16*(1-(1+F17)^(-10))/F17+1/(1+F17)^10)-1)+F16 -> 0.022948682 | H17: 0.028 | I17: =((H16*(1-(1+H17)^(-10))/H17+1/(1+H17)^10)-1)+H16 -> 0.019343859 | J17: 0.0438 | K17: =((J16*(1-(1+J17)^(-10))/J17+1/(1+J17)^10)-1)+J16 -> 0.050071729 | L17: -0.08384617
A18: 1943 | B18: 11.67 | C18: =E18*B18 -> 0.54849 | D18: =((B18+C18)-B17)/B17 -> 0.2506131 | E18: 0.047 | F18: 0.0249 | G18: =((F17*(1-(1+F18)^(-10))/F18+1/(1+F18)^10)-1)+F17 -> 0.0249 | H18: 0.0281 | I18: =((H17*(1-(1+H18)^(-10))/H18+1/(1+H18)^10)-1)+H17 -> 0.027138648 | J18: 0.0428 | K18: =((J17*(1-(1+J18)^(-10))/J18+1/(1+J18)^10)-1)+J17 -> 0.05179901 | L18: 0.033330352
A19: 1944 | B19: 13.28 | C19: =E19*B19 -> 0.61088 | D19: =((B19+C19)-B18)/B18 -> 0.19030677 | E19: 0.046 | F19: 0.0248 | G19: =((F18*(1-(1+F19)^(-10))/F19+1/(1+F19)^10)-1)+F18 -> 0.025776112 | H19: 0.0274 | I19: =((H18*(1-(1+H19)^(-10))/H19+1/(1+H19)^10)-1)+H18 -> 0.03415116 | J19: 0.0382 | K19: =((J18*(1-(1+J19)^(-10))/J19+1/(1+J19)^10)-1)+J18 -> 0.080446701 | L19: 0.1144627
A20: 1945 | B20: 17.36 | C20: =E20*B20 -> 0.67704 | D20: =((B20+C20)-B19)/B19 -> 0.35821084 | E20: 0.039 | F20: 0.0233 | G20: =((F19*(1-(1+F20)^(-10))/F20+1/(1+F20)^10)-1)+F19 -> 0.038044173 | H20: 0.027 | I20: =((H19*(1-(1+H20)^(-10))/H20+1/(1+H20)^10)-1)+H19 -> 0.030864921 | J20: 0.0349 | K20: =((J19*(1-(1+J20)^(-10))/J20+1/(1+J20)^10)-1)+J19 -> 0.065658636 | L20: 0.16584229
A21: 1946 | B21: 15.3 | C21: =E21*B21 -> 0.5967 | D21: =((B21+C21)-B20)/B20 -> -0.084291475 | E21: 0.039 | F21: 0.0224 | G21: =((F20*(1-(1+F21)^(-10))/F21+1/(1+F21)^10)-1)+F20 -> 0.031283745 | H21: 0.0261 | I21: =((H20*(1-(1+H21)^(-10))/H21+1/(1+H21)^10)-1)+H20 -> 0.034832273 | J21: 0.031 | K21: =((J20*(1-(1+J21)^(-10))/J21+1/(1+J21)^10)-1)+J20 -> 0.067998655 | L21: 0.11777376
A22: 1947 | B22: 15.3 | C22: =E22*B22 -> 0.7956 | D22: =((B22+C22)-B21)/B21 -> 0.052 | E22: 0.052 | F22: 0.0239 | G22: =((F21*(1-(1+F22)^(-10))/F22+1/(1+F22)^10)-1)+F21 -> 0.0091969681 | H22: 0.0261 | I22: =((H21*(1-(1+H22)^(-10))/H22+1/(1+H22)^10)-1)+H21 -> 0.0261 | J22: 0.0317 | K22: =((J21*(1-(1+J22)^(-10))/J22+1/(1+J22)^10)-1)+J21 -> 0.02508033 | L22: 0.24101672
A23: 1948 | B23: 15.2 | C23: =E23*B23 -> 0.9728 | D23: =((B23+C23)-B22)/B22 -> 0.057045752 | E23: 0.064 | F23: 0.0244 | G23: =((F22*(1-(1+F23)^(-10))/F23+1/(1+F23)^10)-1)+F22 -> 0.019510369 | H23: 0.0286 | I23: =((H22*(1-(1+H23)^(-10))/H23+1/(1+H23)^10)-1)+H22 -> 0.0046213142 | J23: 0.0352 | K23: =((J22*(1-(1+J23)^(-10))/J23+1/(1+J23)^10)-1)+J22 -> 0.0026212023 | L23: 0.21263835
... A31: 1956 | B31: 46.67 | C31: =E31*B31 -> 2.19349 | D31: =((B31+C31)-B30)/B30 -> 0.074395119 | E31: 0.047 | F31: 0.0359 | G31: =((F30*(1-(1+F31)^(-10))/F31+1/(1+F31)^10)-1)+F30 -> -0.022557738 | H31: 0.0315 | I31: =((H30*(1-(1+H31)^(-10))/H31+1/(1+H31)^10)-1)+H30 -> 0.0078368165 | J31: 0.0362 | K31: =((J30*(1-(1+J31)^(-10))/J31+1/(1+J31)^10)-1)+J30 -> 0.0204469 | L31: 0
A32: 1957 | B32: 39.99 | C32: 1.79955 | D32: -0.1045736 | E32: 0.045 | F32: 0.0321 | G32: =((F31*(1-(1+F32)^(-10))/F32+1/(1+F32)^10)-1)+F31 -> 0.067970128 | H32: 0.0375 | I32: =((H31*(1-(1+H32)^(-10))/H32+1/(1+H32)^10)-1)+H31 -> -0.017776724 | J32: 0.0437 | K32: =((J31*(1-(1+J32)^(-10))/J32+1/(1+J32)^10)-1)+J31 -> -0.023526542 | L32: 0.0091426978
A33: 1958 | B33: 55.21 | C33: =E33*B33 -> 2.26361 | D33: =((B33+C33)-B32)/B32 -> 0.43719955 | E33: 0.041 | F33: 0.0386 | G33: =((F32*(1-(1+F33)^(-10))/F33+1/(1+F33)^10)-1)+F32 -> -0.020990182 | H33: 0.0381 | I33: =((H32*(1-(1+H33)^(-10))/H33+1/(1+H33)^10)-1)+H32 -> 0.032587104 | J33: 0.0503 | K33: =((J32*(1-(1+J33)^(-10))/J33+1/(1+J33)^10)-1)+J32 -> -0.0071892844 | L33: 0.027180282
A34: 1959 | B34: 59.89 | C34: =E34*B34 -> 1.97637 | D34: =((B34+C34)-B33)/B33 -> 0.12056457 | E34: 0.033 | F34: 0.0469 | G34: =((F33*(1-(1+F34)^(-10))/F34+1/(1+F34)^10)-1)+F33 -> -0.026466313 | H34: 0.0408 | I34: =((H33*(1-(1+H34)^(-10))/H34+1/(1+H34)^10)-1)+H33 -> 0.016287536 | J34: 0.0485 | K34: =((J33*(1-(1+J34)^(-10))/J34+1/(1+J34)^10)-1)+J33 -> 0.064300929 | L34: 0.0066154322
A35: 1960 | B35: 58.11 | C35: 1.981551 | D35: =((B35+C35)-B34)/B34 -> 0.0033653531 | E35: =C35/B35 -> 0.0341 | F35: 0.0384 | G35: =((F34*(1-(1+F35)^(-10))/F35+1/(1+F35)^10)-1)+F34 -> 0.11639504 | H35: 0.0458 | I35: =((H34*(1-(1+H35)^(-10))/H35+1/(1+H35)^10)-1)+H34 -> 0.0013915704 | J35: 0.0528 | K35: =((J34*(1-(1+J35)^(-10))/J35+1/(1+J35)^10)-1)+J34 -> 0.015743431 | L35: 0.0010951056
A36: 1961 | B36: 71.55 | C36: 2.039175 | D36: =((B36+C36)-B35)/B35 -> 0.26637713 | E36: =C36/B36 -> 0.0285 | F36: 0.0406 | G36: =((F35*(1-(1+F36)^(-10))/F36+1/(1+F36)^10)-1)+F35 -> 0.020609208 | H36: 0.0435 | I36: =((H35*(1-(1+H36)^(-10))/H36+1/(1+H36)^10)-1)+H35 -> 0.064134222 | J36: 0.051 | K36: =((J35*(1-(1+J36)^(-10))/J36+1/(1+J36)^10)-1)+J35 -> 0.066631872 | L36: 0.0076586744
A37: 1962 | B37: 63.1 | C37: 2.1454 | D37: =((B37+C37)-B36)/B36 -> -0.088114605 | E37: =C37/B37 -> 0.034 | F37: 0.0386 | G37: =((F36*(1-(1+F37)^(-10))/F37+1/(1+F37)^10)-1)+F36 -> 0.056935441 | H37: 0.0442 | I37: =((H36*(1-(1+H37)^(-10))/H37+1/(1+H37)^10)-1)+H36 -> 0.037939246 | J37: 0.051 | K37: =((J36*(1-(1+J37)^(-10))/J37+1/(1+J37)^10)-1)+J36 -> 0.051 | L37: 0.0097716517
A38: 1963 | B38: 75.02 | C38: 2.348126 | D38: =((B38+C38)-B37)/B37 -> 0.22611927 | E38: =C38/B38 -> 0.0313 | F38: 0.0413 | G38: =((F37*(1-(1+F38)^(-10))/F38+1/(1+F38)^10)-1)+F37 -> 0.016841621 | H38: 0.0424 | I38: =((H37*(1-(1+H38)^(-10))/H38+1/(1+H38)^10)-1)+H37 -> 0.058626733 | J38: 0.0492 | K38: =((J37*(1-(1+J38)^(-10))/J38+1/(1+J38)^10)-1)+J37 -> 0.06495328 | L38: 0.0032259133
A39: 1964 | B39: 84.75 | C39: 2.584875 | D39: =((B39+C39)-B38)/B38 -> 0.16415456 | E39: =C39/B39 -> 0.0305 | F39: 0.0418 | G39: =((F38*(1-(1+F39)^(-10))/F39+1/(1+F39)^10)-1)+F38 -> 0.037280649 | H39: 0.0435 | I39: =((H38*(1-(1+H39)^(-10))/H39+1/(1+H39)^10)-1)+H38 -> 0.033631459 | J39: 0.0485 | K39: =((J38*(1-(1+J39)^(-10))/J39+1/(1+J39)^10)-1)+J38 -> 0.054644806 | L39: 0.021436503
A40: 1965 | B40: 92.43 | C40: 2.828358 | D40: =((B40+C40)-B39)/B39 -> 0.12399242 | E40: =C40/B40 -> 0.0306 | F40: 0.0462 | G40: =((F39*(1-(1+F40)^(-10))/F40+1/(1+F40)^10)-1)+F39 -> 0.0071885509 | H40: 0.0444 | I40: =((H39*(1-(1+H40)^(-10))/H40+1/(1+H40)^10)-1)+H39 -> 0.036357498 | J40: 0.0481 | K40: =((J39*(1-(1+J40)^(-10))/J40+1/(1+J40)^10)-1)+J39 -> 0.051617393 | L40: 0.012591594
A41: 1966 | B41: 80.33 | C41: 2.883847 | D41: =((B41+C41)-B40)/B40 -> -0.099709542 | E41: =C41/B41 -> 0.0359 | F41: 0.0484 | G41: =((F40*(1-(1+F41)^(-10))/F41+1/(1+F41)^10)-1)+F40 -> 0.029079409 | H41: 0.0468 | I41: =((H40*(1-(1+H41)^(-10))/H41+1/(1+H41)^10)-1)+H40 -> 0.025576434 | J41: 0.0502 | K41: =((J40*(1-(1+J41)^(-10))/J41+1/(1+J41)^10)-1)+J40 -> 0.031900095 | L41: 0.016580023
A42: 1967 | B42: 96.47 | C42: 2.980923 | D42: =((B42+C42)-B41)/B41 -> 0.23802967 | E42: =C42/B42 -> 0.0309 | F42: 0.057 | G42: =((F41*(1-(1+F42)^(-10))/F42+1/(1+F42)^10)-1)+F41 -> -0.01580621 | H42: 0.0539 | I42: =((H41*(1-(1+H42)^(-10))/H42+1/(1+H42)^10)-1)+H41 -> -0.0070006458 | J42: 0.0618 | K42: =((J41*(1-(1+J42)^(-10))/J42+1/(1+J42)^10)-1)+J41 -> -0.034453616 | L42: 0.012232822
A43: 1968 | B43: 103.86 | C43: 3.043098 | D43: =((B43+C43)-B42)/B42 -> 0.10814863 | E43: =C43/B43 -> 0.0293 | F43: 0.0603 | G43: =((F42*(1-(1+F43)^(-10))/F43+1/(1+F43)^10)-1)+F42 -> 0.032746197 | H43: 0.0619 | I43: =((H42*(1-(1+H43)^(-10))/H43+1/(1+H43)^10)-1)+H42 -> -0.0044542767 | J43: 0.0693 | K43: =((J42*(1-(1+J43)^(-10))/J43+1/(1+J43)^10)-1)+J42 -> 0.0089522661 | L43: 0.023161882
A44: 1969 | B44: 92.06 | C44: 3.240512 | D44: =((B44+C44)-B43)/B43 -> -0.082413711 | E44: =C44/B44 -> 0.0352 | F44: 0.0765 | G44: =((F43*(1-(1+F44)^(-10))/F44+1/(1+F44)^10)-1)+F43 -> -0.050140493 | H44: 0.0645 | I44: =((H43*(1-(1+H44)^(-10))/H44+1/(1+H44)^10)-1)+H43 -> 0.043165229 | J44: 0.0723 | K44: =((J43*(1-(1+J44)^(-10))/J44+1/(1+J44)^10)-1)+J43 -> 0.048451462 | L44: 0.041338762
A45: 1970 | B45: 92.15 | C45: 3.18839 | D45: =((B45+C45)-B44)/B44 -> 0.035611449 | E45: =C45/B45 -> 0.0346 | F45: 0.0639 | G45: =((F44*(1-(1+F45)^(-10))/F45+1/(1+F45)^10)-1)+F44 -> 0.16754737 | H45: 0.0772 | I45: =((H44*(1-(1+H45)^(-10))/H45+1/(1+H45)^10)-1)+H44 -> -0.021804851 | J45: 0.0865 | K45: =((J44*(1-(1+J45)^(-10))/J45+1/(1+J45)^10)-1)+J44 -> -0.020251643 | L45: 0.069943499
A46: 1971 | B46: 102.09 | C46: 3.16479 | D46: =((B46+C46)-B45)/B45 -> 0.1422115 | E46: =C46/B46 -> 0.031 | F46: 0.0593 | G46: =((F45*(1-(1+F46)^(-10))/F46+1/(1+F46)^10)-1)+F45 -> 0.097868966 | H46: 0.0764 | I46: =((H45*(1-(1+H46)^(-10))/H46+1/(1+H46)^10)-1)+H45 -> 0.082656334 | J46: 0.0912 | K46: =((J45*(1-(1+J46)^(-10))/J46+1/(1+J46)^10)-1)+J45 -> 0.056495677 | L46: 0.082154964
... A91: 2016 | B91: 2238.83 | C91: 45.7 | D91: =((B91+C91)-B90)/B90 -> 0.11773081 | E91: =C91/B91 -> 0.020412448 | F91: 0.0245 | G91: =((F90*(1-(1+F91)^(-10))/F91+1/(1+F91)^10)-1)+F90 -> 0.0069055047 | H91: 0.0404 | I91: =((H90*(1-(1+H91)^(-10))/H91+1/(1+H91)^10)-1)+H90 -> 0.011296739 | J91: 0.055 | K91: =((J90*(1-(1+J91)^(-10))/J91+1/(1+J91)^10)-1)+J90 -> -0.015008532 | L91: 0.052000168
A92: 2017 | B92: 2673.61 | C92: 48.93 | D92: =((B92+C92)-B91)/B91 -> 0.21605481 | E92: =C92/B92 -> 0.018301099 | F92: 0.0241 | G92: 0.0069055047 | H92: 0.0398 | I92: =((H91*(1-(1+H92)^(-10))/H92+1/(1+H92)^10)-1)+H91 -> 0.045271386 | J92: 0.0473 | K92: =((J91*(1-(1+J92)^(-10))/J92+1/(1+J92)^10)-1)+J91 -> 0.11524474 | L92: 0.053044536
A93: 2018 | B93: 2506.85 | C93: 53.75 | D93: =((B93+C93)-B92)/B92 -> -0.042268693 | E93: =C93/B93 -> 0.021441251 | F93: 0.0241 | G93: 0.028017163 | H93: 0.0345 | I93: =((H92*(1-(1+H93)^(-10))/H93+1/(1+H93)^10)-1)+H92 -> 0.083989302 | J93: 0.0417 | K93: =((J92*(1-(1+J93)^(-10))/J93+1/(1+J93)^10)-1)+J92 -> 0.092339051 | L93: 0.062069564
A94: 2019 | B94: 3230.78 | C94: 58.5 | D94: =((B94+C94)-B93)/B93 -> 0.3121168 | E94: =C94/B94 -> 0.018107083 | F94: 0.0192 | G94: -0.00016692386 | H94: 0.0399 | I94: =((H93*(1-(1+H94)^(-10))/H94+1/(1+H94)^10)-1)+H93 -> -0.009320649 | J94: 0.0514 | K94: =((J93*(1-(1+J94)^(-10))/J94+1/(1+J94)^10)-1)+J93 -> -0.032694197 | L94: 0.045192288
A95: 2020 | B95: 3756.07 | C95: 57 | D95: =((B95+C95)-B94)/B94 -> 0.18023202 | E95: =C95/B95 -> 0.015175436 | F95: 0.0093 | G95: 0.096356307 | H95: 0.0304 | I95: =((H94*(1-(1+H95)^(-10))/H95+1/(1+H95)^10)-1)+H94 -> 0.12077175 | J95: 0.039 | K95: =((J94*(1-(1+J95)^(-10))/J95+1/(1+J95)^10)-1)+J94 -> 0.15247766 | L95: 0.036858278
A96: 2021 | B96: 4766.18 | C96: 59.2 | D96: =((B96+C96)-B95)/B95 -> 0.28468852 | E96: =C96/B96 -> 0.012420849 | F96: 0.0151 | G96: 0.11331898 | H96: 0.0223 | I96: =((H95*(1-(1+H96)^(-10))/H96+1/(1+H96)^10)-1)+H95 -> 0.10229109 | J96: 0.0311 | K96: =((J95*(1-(1+J96)^(-10))/J96+1/(1+J96)^10)-1)+J95 -> 0.10601187 | L96: 0.10432136
A97: 2022 | B97: 3839.5 | C97: 66.98 | D97: =((B97+C97)-B96)/B96 -> -0.18037506 | E97: =C97/B97 -> 0.01744498 | F97: 0.0388 | G97: -0.044160344 | H97: 0.0271 | I97: =((H96*(1-(1+H97)^(-10))/H97+1/(1+H97)^10)-1)+H96 -> -0.019257684 | J97: 0.0337 | K97: =((J96*(1-(1+J97)^(-10))/J97+1/(1+J97)^10)-1)+J96 -> 0.0093344457 | L97: 0.18874952
A98: 2023 | B98: 4769.8 | C98: 70.3 | D98: =((B98+C98)-B97)/B97 -> 0.26060685 | E98: =C98/B98 -> 0.014738563 | F98: 0.0388 | G98: -0.17828172 | H98: 0.047 | I98: =((H97*(1-(1+H98)^(-10))/H98+1/(1+H98)^10)-1)+H97 -> -0.12882605 | J98: 0.0587 | K98: =((J97*(1-(1+J98)^(-10))/J98+1/(1+J98)^10)-1)+J97 -> -0.15144079 | L98: 0.056677111
A99: 2024 | B99: 5881.63 | C99: 74.83 | D99: =((B99+C99)-B98)/B98 -> 0.24878611 | E99: =C99/B99 -> 0.012722664 | F99: 0.0458 | G99: 0.0388 | H99: 0.0465 | I99: =((H98*(1-(1+H99)^(-10))/H99+1/(1+H99)^10)-1)+H98 -> 0.050927341 | J99: 0.0549 | K99: =((J98*(1-(1+J99)^(-10))/J99+1/(1+J99)^10)-1)+J98 -> 0.087356722 | L99: 0.056371275
A100: 2025 | B100: 6845.5 | C100: 78.57 | D100: 0.0134 | E100: 0.0412 | F100: 0.078 | G100: 0.0531 | H100: 0.0608 | I100: 0.0587 | J100: 0.0696 | K100: 0.0158
A102: Arithmetic Average | D102: =AVERAGE(D3:D100) -> 0.11687471 | F102: =AVERAGE(F3:F100) -> 0.047997551
A103: Geometric Average | D103: {=GEOMEAN(1+D3:D100)-1} -> 0.098496075 | F103: {=GEOMEAN(1+F3:F100)-1} -> 0.047653377
A105: Arithmetic ERP | D105: =D102-F102 -> 0.068877158
A106: Geometric ERP | D106: =D103-F103 -> 0.050842698

Sheet Stock Returns
A1: Start Date | B1: 43252
A2: End Date | B2: =TODAY() -> 46259
A4: Raw Historical Returns (Competitors)
B5: #VALUE! | C5: #VALUE! | D5: #VALUE! | E5: #VALUE! | F5: #VALUE! | G5: #VALUE! | H5: #VALUE! | J5: Standardized to $100 Historical Returns (competitors
A6: Date | B6: GREEN BRICK PARTNERS | C6: LENNAR CORPORATION | D6: CENTURY COMMUNITIES | E6: MERITAGE HOMES | F6: TRI POINTE HOMES | G6: D.R. HORTON | H6: PULTEGROUP | J6: Date | K6: GREEN BRICK PARTNERS | L6: LENNAR CORPORATION | M6: CENTURY COMMUNITIES | N6: MERITAGE HOMES | O6: TRI POINTE HOMES | P6: D.R. HORTON | Q6: PULTEGROUP
A7: {=_xlfn.STOCKHISTORY(B5,B1,B2,2,0)} -> 43252 | B7: 9.8 | C7: {=_xlfn.STOCKHISTORY(C5,$B$1,$B$2,2,0,1)} -> 50.4488 | D7: {=_xlfn.STOCKHISTORY(D5,$B$1,$B$2,2,0,1)} -> 31.55 | E7: {=_xlfn.STOCKHISTORY(E5,$B$1,$B$2,2,0,1)} -> 21.975 | F7: {=_xlfn.STOCKHISTORY(F5,$B$1,$B$2,2,0,1)} -> 16.36 | G7: {=_xlfn.STOCKHISTORY(G5,$B$1,$B$2,2,0,1)} -> 41 | H7: {=_xlfn.STOCKHISTORY(H5,$B$1,$B$2,2,0,1)} -> 28.75 | J7: 43252 | K7: =B7*(100/B7) -> 100 | L7: =C7*(100/$C$7) -> 100 | M7: =D7*(100/$D$7) -> 100 | N7: =E7*(100/$E$7) -> 100 | O7: =F7*(100/$F$7) -> 100 | P7: =G7*(100/$G$7) -> 100 | Q7: =H7*(100/$H$7) -> 100
A8: 43282 | B8: 9.7 | C8: 50.2278 | D8: 30.5 | E8: 21.575 | F8: 14.17 | G8: 43.7 | H8: 28.49 | J8: 43282 | K8: =B8*(100/$B$7) -> 98.979592 | L8: =C8*(100/$C$7) -> 99.561932 | M8: =D8*(100/$D$7) -> 96.671949 | N8: =E8*(100/$E$7) -> 98.17975 | O8: =F8*(100/$F$7) -> 86.613692 | P8: =G8*(100/$G$7) -> 106.58537 | Q8: =H8*(100/$H$7) -> 99.095652
A9: 43313 | B9: 10.45 | C9: 49.6513 | D9: 29.25 | E9: 21.575 | F9: 14.49 | G9: 44.51 | H9: 27.95 | J9: 43313 | K9: =B9*(100/$B$7) -> 106.63265 | L9: =C9*(100/$C$7) -> 98.419189 | M9: =D9*(100/$D$7) -> 92.709984 | N9: =E9*(100/$E$7) -> 98.17975 | O9: =F9*(100/$F$7) -> 88.569682 | P9: =G9*(100/$G$7) -> 108.56098 | Q9: =H9*(100/$H$7) -> 97.217391
A10: 43344 | B10: 10.1 | C10: 44.8658 | D10: 26.25 | E10: 19.95 | F10: 12.4 | G10: 42.18 | H10: 24.77 | J10: 43344 | K10: =B10*(100/$B$7) -> 103.06122 | L10: =C10*(100/$C$7) -> 88.933334 | M10: =D10*(100/$D$7) -> 83.201268 | N10: =E10*(100/$E$7) -> 90.784983 | O10: =F10*(100/$F$7) -> 75.794621 | P10: =G10*(100/$G$7) -> 102.87805 | Q10: =H10*(100/$H$7) -> 86.156522
A11: 43374 | B11: 9.4 | C11: 41.3008 | D11: 21.22 | E11: 18.625 | F11: 11.9 | G11: 35.96 | H11: 24.57 | J11: 43374 | K11: =B11*(100/$B$7) -> 95.918367 | L11: =C11*(100/$C$7) -> 81.866764 | M11: =D11*(100/$D$7) -> 67.25832 | N11: =E11*(100/$E$7) -> 84.755404 | O11: =F11*(100/$F$7) -> 72.738386 | P11: =G11*(100/$G$7) -> 87.707317 | Q11: =H11*(100/$H$7) -> 85.46087
A12: 43405 | B12: 8.3 | C12: 41.0605 | D12: 20.57 | E12: 19.125 | F12: 12.48 | G12: 37.22 | H12: 26.52 | J12: 43405 | K12: =B12*(100/$B$7) -> 84.693878 | L12: =C12*(100/$C$7) -> 81.390439 | M12: =D12*(100/$D$7) -> 65.198098 | N12: =E12*(100/$E$7) -> 87.030717 | O12: =F12*(100/$F$7) -> 76.283619 | P12: =G12*(100/$G$7) -> 90.780488 | Q12: =H12*(100/$H$7) -> 92.243478
A13: 43435 | B13: 7.24 | C13: 37.6204 | D13: 17.26 | E13: 18.36 | F13: 10.93 | G13: 34.66 | H13: 25.99 | J13: 43435 | K13: =B13*(100/$B$7) -> 73.877551 | L13: =C13*(100/$C$7) -> 74.571447 | M13: =D13*(100/$D$7) -> 54.706815 | N13: =E13*(100/$E$7) -> 83.549488 | O13: =F13*(100/$F$7) -> 66.809291 | P13: =G13*(100/$G$7) -> 84.536585 | Q13: =H13*(100/$H$7) -> 90.4
A14: 43466 | B14: 8.46 | C14: 45.5673 | D14: 23.46 | E14: 22.54 | F14: 13.45 | G14: 38.45 | H14: 27.81 | J14: 43466 | K14: =B14*(100/$B$7) -> 86.326531 | L14: =C14*(100/$C$7) -> 90.323853 | M14: =D14*(100/$D$7) -> 74.358162 | N14: =E14*(100/$E$7) -> 102.5711 | O14: =F14*(100/$F$7) -> 82.212714 | P14: =G14*(100/$G$7) -> 93.780488 | Q14: =H14*(100/$H$7) -> 96.730435
A15: 43497 | B15: 8.91 | C15: 46.1054 | D15: 22.83 | E15: 21.925 | F15: 12.6 | G15: 38.89 | H15: 27 | J15: 43497 | K15: =B15*(100/$B$7) -> 90.918367 | L15: =C15*(100/$C$7) -> 91.390479 | M15: =D15*(100/$D$7) -> 72.361331 | N15: =E15*(100/$E$7) -> 99.772469 | O15: =F15*(100/$F$7) -> 77.017115 | P15: =G15*(100/$G$7) -> 94.853659 | Q15: =H15*(100/$H$7) -> 93.913043
A16: 43525 | B16: 8.75 | C16: 47.1721 | D16: 23.97 | E16: 22.355 | F16: 12.64 | G16: 41.38 | H16: 27.96 | J16: 43525 | K16: =B16*(100/$B$7) -> 89.285714 | L16: =C16*(100/$C$7) -> 93.5049 | M16: =D16*(100/$D$7) -> 75.974643 | N16: =E16*(100/$E$7) -> 101.72924 | O16: =F16*(100/$F$7) -> 77.261614 | P16: =G16*(100/$G$7) -> 100.92683 | Q16: =H16*(100/$H$7) -> 97.252174
A17: 43556 | B17: 8.94 | C17: 49.9972 | D17: 25.43 | E17: 25.575 | F17: 13.05 | G17: 44.31 | H17: 31.46 | J17: 43556 | K17: =B17*(100/$B$7) -> 91.22449 | L17: =C17*(100/$C$7) -> 99.104835 | M17: =D17*(100/$D$7) -> 80.602219 | N17: =E17*(100/$E$7) -> 116.38225 | O17: =F17*(100/$F$7) -> 79.767726 | P17: =G17*(100/$G$7) -> 108.07317 | Q17: =H17*(100/$H$7) -> 109.42609
A18: 43586 | B18: 8.69 | C18: 47.7198 | D18: 26.7 | E18: 25.05 | F18: 12.3 | G18: 42.76 | H18: 31 | J18: 43586 | K18: =B18*(100/$B$7) -> 88.673469 | L18: =C18*(100/$C$7) -> 94.590555 | M18: =D18*(100/$D$7) -> 84.627575 | N18: =E18*(100/$E$7) -> 113.99317 | O18: =F18*(100/$F$7) -> 75.183374 | P18: =G18*(100/$G$7) -> 104.29268 | Q18: =H18*(100/$H$7) -> 107.82609
A19: 43617 | B19: 8.31 | C19: 46.5667 | D19: 26.58 | E19: 25.67 | F19: 11.97 | G19: 43.13 | H19: 31.62 | J19: 43617 | K19: =B19*(100/$B$7) -> 84.795918 | L19: =C19*(100/$C$7) -> 92.304871 | M19: =D19*(100/$D$7) -> 84.247227 | N19: =E19*(100/$E$7) -> 116.81456 | O19: =F19*(100/$F$7) -> 73.166259 | P19: =G19*(100/$G$7) -> 105.19512 | Q19: =H19*(100/$H$7) -> 109.98261
... A98: 46023 | B98: 69.39 | C98: 109.35 | D98: 62.98 | E98: 69.51 | F98: 33.35 | G98: 148.84 | H98: 125.09 | J98: 46023 | K98: =B98*(100/$B$7) -> 708.06122 | L98: =C98*(100/$C$7) -> 216.75441 | M98: =D98*(100/$D$7) -> 199.61965 | N98: =E98*(100/$E$7) -> 316.31399 | O98: =F98*(100/$F$7) -> 203.85086 | P98: =G98*(100/$G$7) -> 363.02439 | Q98: =H98*(100/$H$7) -> 435.09565
A99: 46054 | B99: 73.66 | C99: 114.36 | D99: 67.23 | E99: 75.42 | F99: 46.3 | G99: 160.39 | H99: 137.2
A100: 46082 | B100: 64.45 | C100: 86.84 | D100: 57.38 | E100: 61.84 | F100: 46.73 | G100: 137.22 | H100: 117.61
A101: 46113 | B101: 67.44 | C101: 90.3 | D101: 56.02 | E101: 67.34 | F101: 46.89 | G101: 153.86 | H101: 122.36
A102: 46143 | B102: 67.26 | C102: 89.78 | D102: 52.82 | E102: 65.24 | F102: 46.95 | G102: 147.09 | H102: 118.18
A103: 46174 | B103: 80.04 | C103: 90.49 | D103: 71.66 | E103: 83.85 | G103: 162.88 | H103: 137.21
A104: 46204 | B104: 70.73 | C104: 82.35 | D104: 67.16 | E104: 70.2 | G104: 143.06 | H104: 126.47
A105: 46235 | B105: 72.77 | C105: 88.16 | D105: 69.41 | E105: 72.52 | G105: 148.97 | H105: 129.61

Sheet Med Home Prices
A1: Date | B1: Selling Price | C1: Source: FRED
A2: 43101 | B2: 331800
A3: 43191 | B3: 315600
A4: 43282 | B4: 330900
A5: 43374 | B5: 322800
A6: 43466 | B6: 313000
A7: 43556 | B7: 322500
A8: 43647 | B8: 318400
A9: 43739 | B9: 327100
A10: 43831 | B10: 329000
A11: 43922 | B11: 317100
A12: 44013 | B12: 327900
A13: 44105 | B13: 338600
... A31: 45748 | B31: 410800

Sheet Mortgage Rates
A1: Date | B1: Mortgage Rate | C1: Source: FRED
